Workbook

Sheet BDI_Obra
A1: =PLANILHA_ORÇAMENTÁRIA!$A$1 -> PREFEITURA MUNICIPAL DE ITIRAPINA | E1: Construção de edifícios | F1: Administração Central | G1: 1º | H1: 0.03 | J1: Construção de edifícios | K1: 1º | L1: 0.2034
A2: =PLANILHA_ORÇAMENTÁRIA!$A$2 -> Avenida Um, 106 - Centro - CEP 13530-000 | E2: Construção de edifícios | F2: Administração Central | G2: 2º | H2: 0.04 | J2: Construção de edifícios | K2: 2º | L2: 0.2212
E3: Construção de edifícios | F3: Administração Central | G3: 3º | H3: 0.055 | J3: Construção de edifícios | K3: 3º | L3: 0.25
E4: Construção de edifícios | F4: Seguro + Garantia | G4: 1º | H4: 0.008 | J4: Construção de rodovias e ferrovias | K4: 1º | L4: 0.196
A5: DEMONSTRATIVO DE COMPOSIÇÃO DO BDI (acórdão 2622/2013-TCU-Plenário) | E5: Construção de edifícios | F5: Seguro + Garantia | G5: 2º | H5: 0.008 | J5: Construção de rodovias e ferrovias | K5: 2º | L5: 0.2097
E6: Construção de edifícios | F6: Seguro + Garantia | G6: 3º | H6: 0.01 | J6: Construção de rodovias e ferrovias | K6: 3º | L6: 0.2423
A7: Prefeitura do Municipio de Itirapina | E7: Construção de edifícios | F7: Risco | G7: 1º | H7: 0.0097 | J7: Construção de redes de abastecimento de água, coleta de esgoto e construções correlatas | K7: 1º | L7: 0.2076
A8: Processo n.º | B8: ST-PRC-2022-00302-DM | E8: Construção de edifícios | F8: Risco | G8: 2º | H8: 0.0127 | J8: Construção de redes de abastecimento de água, coleta de esgoto e construções correlatas | K8: 2º | L8: 0.2418
A9: ="Data da Elaboração: "&MID(B30,12,50) -> Data da Elaboração: 15 de abril de 2024 | E9: Construção de edifícios | F9: Risco | G9: 3º | H9: 0.0127 | J9: Construção de redes de abastecimento de água, coleta de esgoto e construções correlatas | K9: 3º | L9: 0.2644
A10: ="Objeto: "&PLANILHA_ORÇAMENTÁRIA!C6 -> Objeto: Reforma e pintura "EMEF Profª Marilei Schimidt de Oliveira" | E10: Construção de edifícios | F10: Despesa Financeira | G10: 1º | H10: 0.0059 | J10: Construção e manutenção de estações e redes de distribuição de energia elétrica | K10: 1º | L10: 0.24
E11: Construção de edifícios | F11: Despesa Financeira | G11: 2º | H11: 0.0123 | J11: Construção e manutenção de estações e redes de distribuição de energia elétrica | K11: 2º | L11: 0.2584
A12: COMPOSIÇÃO DO BDI (acórdão 2622/2013-TCU-Plenário) | E12: Construção de edifícios | F12: Despesa Financeira | G12: 3º | H12: 0.0139 | J12: Construção e manutenção de estações e redes de distribuição de energia elétrica | K12: 3º | L12: 0.2786
A13: Tipo de obra: | B13: Construção de edifícios | C13: Quartil | E13: Construção de edifícios | F13: Lucro | G13: 1º | H13: 0.0616 | J13: Obras portuárias, marítmas e fluviais | K13: 1º | L13: 0.228
A14: Desoneração: | B14: Sim | C14: 2º | E14: Construção de edifícios | F14: Lucro | G14: 2º | H14: 0.074 | J14: Obras portuárias, marítmas e fluviais | K14: 2º | L14: 0.2748
A15: ITENS | B15: DESCRIÇÃO | C15: % | E15: Construção de edifícios | F15: Lucro | G15: 3º | H15: 0.0896 | J15: Obras portuárias, marítmas e fluviais | K15: 3º | L15: 0.3095
A16: AC | B16: Administração Central | C16: =SUMPRODUCT(($E$1:$E$76=$B$13)*($F$1:$F$76=B16)*($G$1:$G$76=$C$14)*($H$1:$H$76)) -> 0.04 | E16: Construção de rodovias e ferrovias | F16: Administração Central | G16: 1º | H16: 0.038
A17: S + G | B17: Seguro + Garantia | C17: =SUMPRODUCT(($E$1:$E$76=$B$13)*($F$1:$F$76=B17)*($G$1:$G$76=$C$14)*($H$1:$H$76)) -> 0.008 | E17: Construção de rodovias e ferrovias | F17: Administração Central | G17: 2º | H17: 0.0401 | J17: Sim
A18: R | B18: Risco | C18: =SUMPRODUCT(($E$1:$E$76=$B$13)*($F$1:$F$76=B18)*($G$1:$G$76=$C$14)*($H$1:$H$76)) -> 0.0127 | E18: Construção de rodovias e ferrovias | F18: Administração Central | G18: 3º | H18: 0.0467 | J18: Não
A19: DF | B19: Despesa Financeira | C19: =SUMPRODUCT(($E$1:$E$76=$B$13)*($F$1:$F$76=B19)*($G$1:$G$76=$C$14)*($H$1:$H$76)) -> 0.0123 | E19: Construção de rodovias e ferrovias | F19: Seguro + Garantia | G19: 1º | H19: 0.0032
A20: L | B20: Lucro | C20: =SUMPRODUCT(($E$1:$E$76=$B$13)*($F$1:$F$76=B20)*($G$1:$G$76=$C$14)*($H$1:$H$76)) -> 0.074 | E20: Construção de rodovias e ferrovias | F20: Seguro + Garantia | G20: 2º | H20: 0.004 | J20: 1º
A21: l | B21: Impostos/tributos | C21: =C22+C23+C24+C25 -> 0.1315 | E21: Construção de rodovias e ferrovias | F21: Seguro + Garantia | G21: 3º | H21: 0.0074 | J21: 2º
B22: PIS | C22: 0.0065 | E22: Construção de rodovias e ferrovias | F22: Risco | G22: 1º | H22: 0.005 | J22: 3º
B23: COFINS | C23: 0.03 | E23: Construção de rodovias e ferrovias | F23: Risco | G23: 2º | H23: 0.0056
B24: ISS | C24: 0.05 | E24: Construção de rodovias e ferrovias | F24: Risco | G24: 3º | H24: 0.0097 | J24: Construção de edifícios
B25: Contribuição Previdenciária | C25: =IF(B14="Sim",4.5%,0) -> 0.045 | E25: Construção de rodovias e ferrovias | F25: Despesa Financeira | G25: 1º | H25: 0.0102 | J25: Construção de rodovias e ferrovias
A26: Taxa do BDI (%) | B26: =IF(C26>=SUMPRODUCT(($J$1:$J$15=B13)*($K$1:$K$15=C14)*($L$1:$L$15)),"OK","NÃO OK") -> OK | C26: =(((1+C16+C17+C18)*(1+C19)*(1+C20))/(1-C21))-1 -> 0.3278 | E26: Construção de rodovias e ferrovias | F26: Despesa Financeira | G26: 2º | H26: 0.0111 | J26: Construção de redes de abastecimento de água, coleta de esgoto e construções correlatas
E27: Construção de rodovias e ferrovias | F27: Despesa Financeira | G27: 3º | H27: 0.0121 | J27: Construção e manutenção de estações e redes de distribuição de energia elétrica
A28: =IF(B14="Sim","Declaramos sob pena da Lei que a alternativa adotada pela Prefeitura do Municipio de Itirapina é COM Desoneração e que esta é a mais vantajosa para a Administração Pública.","Declaramos sob pena da Lei que a alternativa adotada pela Prefeitura do Municipio de Itirapina é SEM Desoneração e que esta é a mais vantajosa para a Administração Pública.") -> Declaramos sob pena da Lei que a alternativa adotada pela Prefeitura do Municipio de Itirapina é COM Desoneração e que esta é a mais vantajosa para a Administração Pública. | E28: Construção de rodovias e ferrovias | F28: Lucro | G28: 1º | H28: 0.0664 | J28: Obras portuárias, marítmas e fluviais
E29: Construção de rodovias e ferrovias | F29: Lucro | G29: 2º | H29: 0.073
B30: =PLANILHA_ORÇAMENTÁRIA!$B$140 -> Itirapina, 15 de abril de 2024 | E30: Construção de redes de abastecimento de água, coleta de esgoto e construções correlatas | F30: Administração Central | G30: 1º | H30: 0.0343
E33: Construção de redes de abastecimento de água, coleta de esgoto e construções correlatas | F33: Administração Central | G33: 2º | H33: 0.0493
E34: Construção de redes de abastecimento de água, coleta de esgoto e construções correlatas | F34: Administração Central | G34: 3º | H34: 0.0671
E35: Construção de redes de abastecimento de água, coleta de esgoto e construções correlatas | F35: Seguro + Garantia | G35: 1º | H35: 0.0028
E36: Construção de redes de abastecimento de água, coleta de esgoto e construções correlatas | F36: Seguro + Garantia | G36: 2º | H36: 0.0049
B37: =PLANILHA_ORÇAMENTÁRIA!D150 -> Cristiano Ribeiro da Silva Carvalho | E37: Construção de redes de abastecimento de água, coleta de esgoto e construções correlatas | F37: Seguro + Garantia | G37: 3º | H37: 0.0075
B38: =PLANILHA_ORÇAMENTÁRIA!D151 -> ENGENHEIRO CIVIL | E38: Construção de redes de abastecimento de água, coleta de esgoto e construções correlatas | F38: Risco | G38: 1º | H38: 0.01
B39: =PLANILHA_ORÇAMENTÁRIA!D152 -> 5070497131 | E39: Construção de redes de abastecimento de água, coleta de esgoto e construções correlatas | F39: Risco | G39: 2º | H39: 0.0139
B40: Responsável Técnico | E40: Construção de redes de abastecimento de água, coleta de esgoto e construções correlatas | F40: Risco | G40: 3º | H40: 0.0174
E41: Construção de redes de abastecimento de água, coleta de esgoto e construções correlatas | F41: Despesa Financeira | G41: 1º | H41: 0.0094
E42: Construção de redes de abastecimento de água, coleta de esgoto e construções correlatas | F42: Despesa Financeira | G42: 2º | H42: 0.0099
E43: Construção de redes de abastecimento de água, coleta de esgoto e construções correlatas | F43: Despesa Financeira | G43: 3º | H43: 0.0117
E44: Construção de redes de abastecimento de água, coleta de esgoto e construções correlatas | F44: Lucro | G44: 1º | H44: 0.0674
B45: CARLOS ALBERTO RODRIGUES | E45: Construção de redes de abastecimento de água, coleta de esgoto e construções correlatas | F45: Lucro | G45: 2º | H45: 0.0804
B46: CONTADOR | E46: Construção de redes de abastecimento de água, coleta de esgoto e construções correlatas | F46: Lucro | G46: 3º | H46: 0.094
B47: CRC/SP 176154/O-6 | E47: Construção e manutenção de estações e redes de distribuição de energia elétrica | F47: Administração Central | G47: 1º | H47: 0.0529
B48: Gestor Contábil | E48: Construção e manutenção de estações e redes de distribuição de energia elétrica | F48: Administração Central | G48: 2º | H48: 0.0592
E49: Construção e manutenção de estações e redes de distribuição de energia elétrica | F49: Administração Central | G49: 3º | H49: 0.0793
E50: Construção e manutenção de estações e redes de distribuição de energia elétrica | F50: Seguro + Garantia | G50: 1º | H50: 0.0025
E51: Construção e manutenção de estações e redes de distribuição de energia elétrica | F51: Seguro + Garantia | G51: 2º | H51: 0.0051
E52: Construção e manutenção de estações e redes de distribuição de energia elétrica | F52: Seguro + Garantia | G52: 3º | H52: 0.0056
E53: Construção e manutenção de estações e redes de distribuição de energia elétrica | F53: Risco | G53: 1º | H53: 0.01
E54: Construção e manutenção de estações e redes de distribuição de energia elétrica | F54: Risco | G54: 2º | H54: 0.0148
E55: Construção e manutenção de estações e redes de distribuição de energia elétrica | F55: Risco | G55: 3º | H55: 0.0197
E56: Construção e manutenção de estações e redes de distribuição de energia elétrica | F56: Despesa Financeira | G56: 1º | H56: 0.0101
E57: Construção e manutenção de estações e redes de distribuição de energia elétrica | F57: Despesa Financeira | G57: 2º | H57: 0.0107
E58: Construção e manutenção de estações e redes de distribuição de energia elétrica | F58: Despesa Financeira | G58: 3º | H58: 0.0111
E59: Construção e manutenção de estações e redes de distribuição de energia elétrica | F59: Lucro | G59: 1º | H59: 0.08
E60: Construção e manutenção de estações e redes de distribuição de energia elétrica | F60: Lucro | G60: 2º | H60: 0.0831
... E76: Obras portuárias, marítmas e fluviais | F76: Lucro | G76: 3º | H76: 0.1043

Sheet BDI_Material
A1: =PLANILHA_ORÇAMENTÁRIA!$A$1 -> PREFEITURA MUNICIPAL DE ITIRAPINA | E1: Fornecimento de materiais e equipamentos | F1: Administração Central | G1: 1º | H1: 0.015 | J1: Fornecimento de materiais e equipamentos | K1: 1º | L1: 0.111
A2: =PLANILHA_ORÇAMENTÁRIA!$A$2 -> Avenida Um, 106 - Centro - CEP 13530-000 | E2: Fornecimento de materiais e equipamentos | F2: Administração Central | G2: 2º | H2: 0.0345 | J2: Fornecimento de materiais e equipamentos | K2: 2º | L2: 0.1402
E3: Fornecimento de materiais e equipamentos | F3: Administração Central | G3: 3º | H3: 0.0449 | J3: Fornecimento de materiais e equipamentos | K3: 3º | L3: 0.168
E4: Fornecimento de materiais e equipamentos | F4: Seguro + Garantia | G4: 1º | H4: 0.003
A5: DEMONSTRATIVO DE COMPOSIÇÃO DO BDI (acórdão 2622/2013-TCU-Plenário) | E5: Fornecimento de materiais e equipamentos | F5: Seguro + Garantia | G5: 2º | H5: 0.0048 | J5: Sim
E6: Fornecimento de materiais e equipamentos | F6: Seguro + Garantia | G6: 3º | H6: 0.0082 | J6: Não
A7: Prefeitura do Municipio de Itirapina | E7: Fornecimento de materiais e equipamentos | F7: Risco | G7: 1º | H7: 0.0056
A8: Processo n.º | B8: =BDI_Obra!B8 -> ST-PRC-2022-00302-DM | E8: Fornecimento de materiais e equipamentos | F8: Risco | G8: 2º | H8: 0.0085 | J8: 1º
A9: Data da Elaboração: | B9: =MID(B28,12,50) -> 15 de abril de 2024 | E9: Fornecimento de materiais e equipamentos | F9: Risco | G9: 3º | H9: 0.0089 | J9: 2º
A10: ="Objeto: "&PLANILHA_ORÇAMENTÁRIA!C6 -> Objeto: Reforma e pintura "EMEF Profª Marilei Schimidt de Oliveira" | E10: Fornecimento de materiais e equipamentos | F10: Despesa Financeira | G10: 1º | H10: 0.0085 | J10: 3º
E11: Fornecimento de materiais e equipamentos | F11: Despesa Financeira | G11: 2º | H11: 0.0085
A12: COMPOSIÇÃO DO BDI (acórdão 2622/2013-TCU-Plenário) | E12: Fornecimento de materiais e equipamentos | F12: Despesa Financeira | G12: 3º | H12: 0.0111
A13: Critério: | B13: Fornecimento de materiais e equipamentos | C13: Quartil | E13: Fornecimento de materiais e equipamentos | F13: Lucro | G13: 1º | H13: 0.035
A14: Desoneração: | B14: Sim | C14: 2º | E14: Fornecimento de materiais e equipamentos | F14: Lucro | G14: 2º | H14: 0.0511
A15: ITENS | B15: DESCRIÇÃO | C15: % | E15: Fornecimento de materiais e equipamentos | F15: Lucro | G15: 3º | H15: 0.0622
A16: AC | B16: Administração Central | C16: =SUMPRODUCT(($E$1:$E$15=$B$13)*($F$1:$F$15=B16)*($G$1:$G$15=$C$14)*($H$1:$H$15)) -> 0.0345
A17: S + G | B17: Seguro + Garantia | C17: =SUMPRODUCT(($E$1:$E$74=$B$13)*($F$1:$F$74=B17)*($G$1:$G$74=$C$14)*($H$1:$H$74)) -> 0.0048
A18: R | B18: Risco | C18: =SUMPRODUCT(($E$1:$E$74=$B$13)*($F$1:$F$74=B18)*($G$1:$G$74=$C$14)*($H$1:$H$74)) -> 0.0085
A19: DF | B19: Despesa Financeira | C19: =SUMPRODUCT(($E$1:$E$74=$B$13)*($F$1:$F$74=B19)*($G$1:$G$74=$C$14)*($H$1:$H$74)) -> 0.0085
A20: L | B20: Lucro | C20: =SUMPRODUCT(($E$1:$E$74=$B$13)*($F$1:$F$74=B20)*($G$1:$G$74=$C$14)*($H$1:$H$74)) -> 0.0511
A21: l | B21: Impostos/tributos | C21: =C22+C23 -> 0.0365
B22: PIS | C22: 0.0065
B23: COFINS | C23: 0.03
A24: Taxa do BDI (%) | B24: =IF(C24>=SUMPRODUCT(($J$1:$J$3=B13)*($K$1:$K$3=C14)*($L$1:$L$3)),"OK","NÃO OK") -> OK | C24: =(((1+C16+C17+C18)*(1+C19)*(1+C20))/(1-C21))-1 -> 0.1528
A26: =IF(B14="Sim","Declaramos sob pena da Lei que a alternativa adotada pela Prefeitura do Municipio de Itirapina é COM Desoneração e que esta é a mais vantajosa para a Administração Pública.","Declaramos sob pena da Lei que a alternativa adotada pela Prefeitura do Municipio de Itirapina é SEM Desoneração e que esta é a mais vantajosa para a Administração Pública.") -> Declaramos sob pena da Lei que a alternativa adotada pela Prefeitura do Municipio de Itirapina é COM Desoneração e que esta é a mais vantajosa para a Administração Pública.
B28: =PLANILHA_ORÇAMENTÁRIA!B140 -> Itirapina, 15 de abril de 2024
B35: =PLANILHA_ORÇAMENTÁRIA!D150 -> Cristiano Ribeiro da Silva Carvalho
B36: =PLANILHA_ORÇAMENTÁRIA!D151 -> ENGENHEIRO CIVIL
B37: =PLANILHA_ORÇAMENTÁRIA!D152 -> 5070497131
B38: Responsável Técnico
B43: CARLOS ALBERTO RODRIGUES
B44: CONTADOR
B45: CRC/SP 176154/O-6
B46: Gestor Contábil

Sheet B193DESO
B1: COMPANHIA DE DESENVOLVIMENTO HABITACIONAL E URBANO
A2: DO ESTADO DE SÃO PAULO
A3: BOLETIM REFERENCIAL DE CUSTOS - TABELA DE SERVIÇOS
A4: COM DESONERAÇÃO
F5: Versão 193
E6: Data Base: | F6: FEV/24
C7: BDI : | D7: 0 | E7: L.S.: | F7: 0.9778
A8: Referência | B8: Descrição | C8: Un | D8: Material | E8: Mão de Obra | F8: Custo Total
A9: 01 | B9: SERVICO TECNICO ESPECIALIZADO | G9: 2
A10: 01.02 | B10: Parecer técnico | G10: 5
A11: 01.02.071 | B11: Parecer técnico de fundações, contenções e recomendações gerais, para empreendimentos com área construída até 1.000 m² | C11: UN | E11: 5636.66 | F11: 5636.66 | G11: 9
A12: 01.02.081 | B12: Parecer técnico de fundações, contenções e recomendações gerais, para empreendimentos com área construída de 1.001 a 2.000 m² | C12: UN | E12: 7495.66 | F12: 7495.66 | G12: 9
A13: 01.02.091 | B13: Parecer técnico de fundações, contenções e recomendações gerais, para empreendimentos com área construída de 2.001 a 5.000 m² | C13: UN | E13: 12804.27 | F13: 12804.27 | G13: 9
A14: 01.02.101 | B14: Parecer técnico de fundações, contenções e recomendações gerais, para empreendimentos com área construída de 5.001 a 10.000 m² | C14: UN | E14: 17556.16 | F14: 17556.16 | G14: 9
A15: 01.02.111 | B15: Parecer técnico de fundações, contenções e recomendações gerais, para empreendimentos com área construída acima de 10.000 m² | C15: UN | E15: 20458.99 | F15: 20458.99 | G15: 9
A16: 01.06 | B16: Projeto de instalações elétricas | G16: 5
A17: 01.06.021 | B17: Elaboração de projeto de adequação de entrada de energia elétrica junto a concessionária, com medição em baixa tensão e demanda até 75 kVA | C17: UN | E17: 7199.56 | F17: 7199.56 | G17: 9
A18: 01.06.031 | B18: Elaboração de projeto de adequação de entrada de energia elétrica junto a concessionária, com medição em média tensão, subestação simplificada e demanda de 75 kVA a 300 kVA | C18: UN | E18: 12194.64 | F18: 12194.64 | G18: 9
A19: 01.06.032 | B19: Elaboração de projeto de adequação de entrada de energia elétrica junto a concessionária, com medição em média tensão e demanda de 75 kVA a 300 kVA | C19: UN | E19: 16501.64 | F19: 16501.64 | G19: 9
A20: 01.06.041 | B20: Elaboração de projeto de adequação de entrada de energia elétrica junto a concessionária, com medição em média tensão e demanda acima de 300 kVA a 2 MVA | C20: UN | E20: 21949.1 | F20: 21949.1 | G20: 9
A21: 01.17 | B21: Projeto executivo | G21: 5
A22: 01.17.031 | B22: Projeto executivo de arquitetura em formato A1 | C22: UN | E22: 2836.01 | F22: 2836.01 | G22: 9
A23: 01.17.041 | B23: Projeto executivo de arquitetura em formato A0 | C23: UN | E23: 3833.98 | F23: 3833.98 | G23: 9
A24: 01.17.051 | B24: Projeto executivo de estrutura em formato A1 | C24: UN | E24: 2079.88 | F24: 2079.88 | G24: 9
A25: 01.17.061 | B25: Projeto executivo de estrutura em formato A0 | C25: UN | E25: 2845.66 | F25: 2845.66 | G25: 9
A26: 01.17.071 | B26: Projeto executivo de instalações hidráulicas em formato A1 | C26: UN | E26: 892.89 | F26: 892.89 | G26: 9
A27: 01.17.081 | B27: Projeto executivo de instalações hidráulicas em formato A0 | C27: UN | E27: 1188.55 | F27: 1188.55 | G27: 9
A28: 01.17.111 | B28: Projeto executivo de instalações elétricas em formato A1 | C28: UN | E28: 991.52 | F28: 991.52 | G28: 9
A29: 01.17.121 | B29: Projeto executivo de instalações elétricas em formato A0 | C29: UN | E29: 1374.79 | F29: 1374.79 | G29: 9
A30: 01.17.151 | B30: Projeto executivo de climatização em formato A1 | C30: UN | E30: 1908.51 | F30: 1908.51 | G30: 9
A31: 01.17.161 | B31: Projeto executivo de climatização em formato A0 | C31: UN | E31: 2601.48 | F31: 2601.48 | G31: 9
A32: 01.17.171 | B32: Projeto executivo de chuveiros automáticos em formato A1 | C32: UN | E32: 1647.55 | F32: 1647.55 | G32: 9
A33: 01.17.181 | B33: Projeto executivo de chuveiros automáticos em formato A0 | C33: UN | E33: 2129.53 | F33: 2129.53 | G33: 9
A34: 01.20 | B34: Levantamento topográfico e geofísico | G34: 5
A35: 01.20.010 | B35: Taxa de mobilização e desmobilização de equipamentos para execução de levantamento topográfico | C35: TX | D35: 1200.72 | F35: 1200.72 | G35: 9
A36: 01.20.280 | B36: Levantamento planimétrico de área pavimentada para veículo e pedestre | C36: M2 | D36: 0.05 | E36: 0.13 | F36: 0.18 | G36: 9
A37: 01.20.691 | B37: Levantamento planimétrico cadastral com áreas ocupadas predominantemente por comunidades - área até 20.000 m² (mínimo de 3.500 m²) | C37: M2 | D37: 0.41 | E37: 0.46 | F37: 0.87 | G37: 9
A38: 01.20.701 | B38: Levantamento planimétrico cadastral com áreas ocupadas predominantemente por comunidades - área acima de 20.000 m² até 200.000 m² | C38: M2 | D38: 0.32 | E38: 0.35 | F38: 0.67 | G38: 9
A39: 01.20.711 | B39: Levantamento planimétrico cadastral com áreas ocupadas predominantemente por comunidades - área acima de 200.000 m² | C39: M2 | D39: 0.26 | E39: 0.29 | F39: 0.55 | G39: 9
A40: 01.20.721 | B40: Levantamento planimétrico cadastral com áreas até 50% de ocupação - área até 20.000 m² (mínimo de 3.500 m²) | C40: M2 | D40: 0.35 | E40: 0.4 | F40: 0.75 | G40: 9
A41: 01.20.731 | B41: Levantamento planimétrico cadastral com áreas até 50% de ocupação - área acima de 20.000 m² até 200.000 m² | C41: M2 | D41: 0.17 | E41: 0.45 | F41: 0.62 | G41: 9
A42: 01.20.741 | B42: Levantamento planimétrico cadastral com áreas até 50% de ocupação - área acima de 200.000 m² | C42: M2 | D42: 0.23 | E42: 0.25 | F42: 0.48 | G42: 9
A43: 01.20.751 | B43: Levantamento planimétrico cadastral com áreas acima de 50% de ocupação - área até 20.000 m² (mínimo de 4.000 m²) | C43: M2 | D43: 0.31 | E43: 0.35 | F43: 0.66 | G43: 9
A44: 01.20.761 | B44: Levantamento planimétrico cadastral com áreas acima de 50% de ocupação - área acima de 20.000 m² até 200.000 m² | C44: M2 | D44: 0.27 | E44: 0.3 | F44: 0.57 | G44: 9
A45: 01.20.771 | B45: Levantamento planimétrico cadastral com áreas acima de 50% de ocupação - área acima de 200.000 m² | C45: M2 | D45: 0.26 | E45: 0.3 | F45: 0.56 | G45: 9
A46: 01.20.781 | B46: Levantamento planialtimétrico cadastral com áreas ocupadas predominantemente por comunidades - área até 20.000 m² (mínimo de 3.500 m²) | C46: M2 | D46: 0.43 | E46: 0.49 | F46: 0.92 | G46: 9
A47: 01.20.791 | B47: Levantamento planialtimétrico cadastral com áreas ocupadas predominantemente por comunidades - área acima de 20.000 m² até 200.000 m² | C47: M2 | D47: 0.34 | E47: 0.39 | F47: 0.73 | G47: 9
... A60: 01.20.921 | B60: Implantação de marcos através de levantamento com GPS (mínimo de 3 marcos) | C60: UN | D60: 753.6 | E60: 401.39 | F60: 1154.99 | G60: 9
A61: 01.21 | B61: Estudo geotecnico (sondagem) | G61: 5
A62: 01.21.010 | B62: Taxa de mobilização e desmobilização de equipamentos para execução de sondagem | C62: TX | D62: 1250.72 | F62: 1250.72 | G62: 9
A63: 01.21.090 | B63: Taxa de mobilização e desmobilização de equipamentos para execução de sondagem rotativa | C63: TX | D63: 6382.49 | F63: 6382.49 | G63: 9
A64: 01.21.100 | B64: Sondagem do terreno a trado | C64: M | D64: 93.72 | F64: 93.72 | G64: 9
A65: 01.21.110 | B65: Sondagem do terreno à percussão (mínimo de 30 m) | C65: M | D65: 87.92 | F65: 87.92 | G65: 9
A66: 01.21.120 | B66: Sondagem do terreno rotativa em solo | C66: M | D66: 380.1 | F66: 380.1 | G66: 9
A67: 01.21.130 | B67: Sondagem do terreno rotativa em rocha | C67: M | D67: 615.56 | F67: 615.56 | G67: 9
A68: 01.21.140 | B68: Sondagem do terreno à percussão com a utilização de torquímetro (mínimo de 30 m) | C68: M | D68: 91.57 | F68: 91.57 | G68: 9
A69: 01.23 | B69: Tratamento, recuperação e trabalhos especiais em concreto | G69: 5
A70: 01.23.010 | B70: Taxa de mobilização e desmobilização de equipamentos para execução de corte em concreto armado | C70: TX | D70: 346.01 | F70: 346.01 | G70: 9
A71: 01.23.020 | B71: Limpeza de armadura com escova de aço | C71: M2 | D71: 2.57 | E71: 5.29 | F71: 7.86 | G71: 9
A72: 01.23.030 | B72: Preparo de ponte de aderência com adesivo a base de epóxi | C72: M2 | D72: 104.61 | E72: 39.12 | F72: 143.73 | G72: 9
A73: 01.23.056 | B73: Tratamento de armadura com produto anticorrosivo a base de zinco | C73: M2 | D73: 25.33 | E73: 37.3 | F73: 62.63 | G73: 9
A74: 01.23.060 | B74: Corte de concreto deteriorado inclusive remoção dos detritos | C74: M2 | E74: 26.46 | F74: 26.46 | G74: 9
A75: 01.23.070 | B75: Demarcação de área com disco de corte diamantado | C75: M | D75: 1.06 | E75: 3.91 | F75: 4.97 | G75: 9
A76: 01.23.100 | B76: Demolição de concreto armado com preservação de armadura, para reforço e recuperação estrutural | C76: M3 | E76: 399.37 | F76: 399.37 | G76: 9
A77: 01.23.140 | B77: Furação de 1 1/4´ em concreto armado | C77: M | D77: 220.17 | F77: 220.17 | G77: 9
A78: 01.23.150 | B78: Furação de 1 1/2´ em concreto armado | C78: M | D78: 253.03 | F78: 253.03 | G78: 9
A79: 01.23.160 | B79: Furação de 2 1/4´ em concreto armado | C79: M | D79: 331.78 | F79: 331.78 | G79: 9
A80: 01.23.190 | B80: Furação de 2 1/2´ em concreto armado | C80: M | D80: 339.49 | F80: 339.49 | G80: 9
A81: 01.23.200 | B81: Taxa de mobilização e desmobilização de equipamentos para execução de perfuração em concreto | C81: TX | D81: 252.17 | F81: 252.17 | G81: 9
A82: 01.23.221 | B82: Furação para até 10mm x 100mm em concreto armado, inclusive colagem de armadura (para até 8mm) | C82: UN | D82: 13.07 | F82: 13.07 | G82: 9
A83: 01.23.222 | B83: Furação para 12,5mm x 100mm em concreto armado, inclusive colagem de armadura (para 10mm) | C83: UN | D83: 14.07 | F83: 14.07 | G83: 9
A84: 01.23.223 | B84: Furação para 16mm x 100mm em concreto armado, inclusive colagem de armadura (para 12,5mm) | C84: UN | D84: 16.04 | F84: 16.04 | G84: 9
A85: 01.23.231 | B85: Furação para até 10mm x 150mm em concreto armado, inclusive colagem de armadura (para até 8mm) | C85: UN | D85: 19.61 | F85: 19.61 | G85: 9
A86: 01.23.232 | B86: Furação para 12,5mm x 150mm em concreto armado, inclusive colagem de armadura (para 10mm) | C86: UN | D86: 20.75 | F86: 20.75 | G86: 9
A87: 01.23.233 | B87: Furação para 16mm x 150mm em concreto armado, inclusive colagem de armadura (para 12,5mm) | C87: UN | D87: 23.65 | F87: 23.65 | G87: 9
A88: 01.23.234 | B88: Furação para 20mm x 150mm em concreto armado, inclusive colagem de armadura (para 16mm) | C88: UN | D88: 25.27 | F88: 25.27 | G88: 9
... A99: 01.23.510 | B99: Corte vertical em concreto armado, espessura de 15 cm | C99: M | D99: 202.83 | F99: 202.83 | G99: 9
A100: 01.23.700 | B100: Taxa de mobilização e desmobilização para reforço estrutural com fibra de carbono | C100: TX | D100: 1613.6 | E100: 3596.56 | F100: 5210.16 | G100: 9
A101: 01.23.701 | B101: Preparação de substrato para colagem de fibra de carbono, mediante lixamento e/ou apicoamento e escovação | C101: M2 | D101: 6.63 | E101: 38.24 | F101: 44.87 | G101: 9
A102: 01.23.702 | B102: Fibra de carbono para reforço estrutural de alta resistência - 300 g/m² | C102: M2 | D102: 245.35 | E102: 272.79 | F102: 518.14 | G102: 9
A103: 01.27 | B103: Estudo e programa ambientais | G103: 5
A104: 01.27.011 | B104: Projeto e implementação de gerenciamento integrado de resíduos sólidos e gestão de perdas | C104: UN | D104: 212.15 | E104: 7990.44 | F104: 8202.59 | G104: 9
A105: 01.27.021 | B105: Projeto e implementação de educação ambiental | C105: UN | D105: 212.15 | E105: 10703.22 | F105: 10915.37 | G105: 9
A106: 01.27.031 | B106: Projeto e implementação de controle ambiental de obra | C106: UN | D106: 212.15 | E106: 9470.64 | F106: 9682.79 | G106: 9
A107: 01.27.041 | B107: Laudo de caracterização de vegetação | C107: UN | D107: 616.4 | E107: 22054.82 | F107: 22671.22 | G107: 9
A108: 01.27.051 | B108: Laudo de caracterização da fauna associada à flora | C108: UN | D108: 616.4 | E108: 33842.64 | F108: 34459.04 | G108: 9
A109: 01.27.061 | B109: Projeto e implementação de monitoramento da fauna durante a obra | C109: UN | D109: 616.4 | E109: 13416.08 | F109: 14032.48 | G109: 9
A110: 01.27.071 | B110: Laudo de autodepuração | C110: UN | D110: 500.9 | E110: 16102.4 | F110: 16603.3 | G110: 9
A111: 01.27.091 | B111: Estudo de impacto de vizinhança, em área urbana até 10.000 m² | C111: UN | D111: 304.55 | E111: 26081.08 | F111: 26385.63 | G111: 9
A112: 01.28 | B112: Poço profundo | G112: 5
A113: 01.28.010 | B113: Taxa de mobilização e desmobilização de equipamentos para execução de perfuração para poço profundo - profundidade até 200 m | C113: TX | D113: 8405.03 | F113: 8405.03 | G113: 9
A114: 01.28.020 | B114: Taxa de mobilização e desmobilização de equipamentos para execução de perfuração para poço profundo - profundidade acima de 200 m e até 300 m | C114: TX | D114: 12366.76 | F114: 12366.76 | G114: 9
A115: 01.28.030 | B115: Taxa de mobilização e desmobilização de equipamentos para execução de perfuração para poço profundo - profundidade acima de 300 m | C115: TX | D115: 12934.61 | F115: 12934.61 | G115: 9
A116: 01.28.040 | B116: Perfuração rotativa para poço profundo em camadas de solos sedimentares, diâmetro de 8 1/2" (215,90 mm) | C116: M | D116: 583.92 | F116: 583.92 | G116: 9
A117: 01.28.050 | B117: Perfuração rotativa para poço profundo em aluvião, arenito, ou solos sedimentados em geral, diâmetro de 10" (250 mm) | C117: M | D117: 479.95 | F117: 479.95 | G117: 9
A118: 01.28.060 | B118: Perfuração rotativa para poço profundo em aluvião, arenito, ou solos sedimentados em geral, diâmetro de 12" (300 mm) | C118: M | D118: 1183.82 | F118: 1183.82 | G118: 9
A119: 01.28.070 | B119: Perfuração rotativa para poço profundo em aluvião, arenito, ou solos sedimentados em geral, diâmetro de 14" (350 mm) | C119: M | D119: 1240.48 | F119: 1240.48 | G119: 9
A120: 01.28.080 | B120: Perfuração rotativa para poço profundo em aluvião, arenito, ou solos sedimentados em geral, diâmetro de 16" (400 mm) | C120: M | D120: 1547.2 | F120: 1547.2 | G120: 9
A121: 01.28.090 | B121: Perfuração rotativa para poço profundo em aluvião, arenito, ou solos sedimentados em geral, diâmetro de 18" (450 mm) | C121: M | D121: 1994.64 | F121: 1994.64 | G121: 9
A122: 01.28.100 | B122: Perfuração rotativa para poço profundo em aluvião, arenito, ou solos sedimentados em geral, diâmetro de 20" (500 mm) | C122: M | D122: 2253.38 | F122: 2253.38 | G122: 9
...

Sheet PLANILHA_ORÇAMENTÁRIA
A1: PREFEITURA MUNICIPAL DE ITIRAPINA
A2: Avenida Um, 106 - Centro - CEP 13530-000
A4: PLANILHA ORÇAMENTÁRIA
A6: OBRA: | C6: Reforma e pintura "EMEF Profª Marilei Schimidt de Oliveira"
A7: ENDEREÇO: | C7: RUA CATAGUASES, n° 57, JD. NOVA ITIRAPINA, ITIRAPINA - SP. | N7: Data da medição: | Q7: Data da medição: | T7: Data da medição: | W7: Data da medição: | Z7: Data da medição:
A9: BASE: | C9: CDHU 193 - 02/2024 - SINAPI 03/2024 - Com desoneração | G9: BDI | H9: =BDI_Obra!$C$26 -> 0.3278 | K9: BDI | L9: =H9 -> 0.3278
K11: PROPOSTA EMPRESA | N11: 1ª MEDIÇÃO | Q11: 2ª MEDIÇÃO | T11: 3ª MEDIÇÃO | W11: 4ª MEDIÇÃO | Z11: 5ª MEDIÇÃO | AC11: ACUMULADO | AF11: SALDO | AI11: ADIÇÃO | AL11: SUPRESSÃO | AO11: SALDO
A12: ITEM | B12: FONTE | C12: CÓDIGO | D12: DESCRIÇÃO | E12: UNID. | F12: QUANT. | G12: VALOR UNITÁRIO | I12: MEMÓRIA DE CÁLCULO | J12: TOTAL + BDI | K12: V. UN. S/ BDI | L12: TOTAL + BDI | N12: Qtde | O12: Total | Q12: Qtde | R12: Total | T12: Qtde | U12: Total | W12: Qtde | X12: Total | Z12: Qtde | AA12: Total | AC12: Qtde | AD12: Total | AF12: Qtde | AG12: Total | AI12: Qtde | AJ12: Total | AL12: Qtde | AM12: Total | AO12: Qtde | AP12: Total
G13: SEM BDI | H13: COM BDI
A14: 1 | D14: SERVIÇOS PRELIMINARES GERAL | G14: =IF($B14="","",VLOOKUP($C14,'[1]BOLETIM 171'!$A$7:$F$4000,6,0)) | J14: =SUM(J15:J15) -> 1460.4 | L14: =SUM(L16:L36) -> #REF! | O14: =SUM(O16:O16) -> 0 | R14: =SUM(R16:R16) -> 0 | U14: =SUM(U16:U16) -> 0 | X14: =SUM(X16:X16) -> 0 | AA14: =SUM(AA16:AA16) -> 0 | AD14: =SUM(AD16:AD16) -> 0 | AG14: =SUM(AG16:AG16) -> 0 | AJ14: =SUM(AJ16:AJ16) -> 0 | AM14: =SUM(AM16:AM16) -> 0 | AP14: =SUM(AP16:AP16) -> 0
A15: 1.1 | B15: CDHU | C15: 02.08.050 | D15: =IF($B15="","",VLOOKUP($C15,B193DESO!$A$3:$G$16595,2,0)) -> Placa em lona com impressão digital e estrutura em madeira | E15: =IF($B15="","",VLOOKUP($C15,B193DESO!$A$3:$G$16595,3,0)) -> M2 | F15: =4*1.5 -> 6 | G15: =IF($B15="","",ROUND(VLOOKUP($C15,B193DESO!$A$3:$G$16595,6,0),2)) -> 183.31 | H15: =G15*(1+$H$9) -> 243.4 | J15: =H15*F15 -> 1460.4
A17: 2 | D17: SERVIÇOS PRELIMINARES BIBLIOTECA | G17: =IF($B17="","",VLOOKUP($C17,'[1]BOLETIM 161'!$A$7:$F$4000,6,0)) | J17: =SUM(J18:J20) -> 6097.19 | L17: =SUM(L19:L64) -> #REF! | O17: =SUM(O19:O22) -> 0 | R17: =SUM(R19:R22) -> 0 | U17: =SUM(U19:U22) -> 0 | X17: =SUM(X19:X22) -> 0 | AA17: =SUM(AA19:AA22) -> 0 | AD17: =SUM(AD19:AD22) -> 0 | AG17: =SUM(AG19:AG22) -> 0 | AJ17: =SUM(AJ19:AJ22) -> 0 | AM17: =SUM(AM19:AM22) -> 0 | AP17: =SUM(AP19:AP22) -> 0
A18: 2.1 | B18: CDHU | C18: 04.02.020 | D18: =IF($B18="","",VLOOKUP($C18,B193DESO!$A$3:$G$16595,2,0))&" - BANCOS DE MADEIRA" -> Retirada de peças lineares em madeira com seção até 60 cm² - BANCOS DE MADEIRA | E18: =IF($B18="","",VLOOKUP($C18,B193DESO!$A$3:$G$16595,3,0)) -> M | F18: 13 | G18: =IF($B18="","",ROUND(VLOOKUP($C18,B193DESO!$A$3:$G$16595,6,0),2)) -> 1.17 | H18: =G18*(1+$H$9) -> 1.55 | J18: =H18*F18 -> 20.15
A19: 2.2 | B19: CDHU | C19: 55.01.140 | D19: =IF($B19="","",VLOOKUP($C19,B193DESO!$A$3:$G$16595,2,0))&" - TELHADO + LAJE DE COBERTURA" -> Limpeza de superfície com hidrojateamento - TELHADO + LAJE DE COBERTURA | E19: =IF($B19="","",VLOOKUP($C19,B193DESO!$A$3:$G$16595,3,0)) -> M2 | F19: 363.21 | G19: =IF($B19="","",ROUND(VLOOKUP($C19,B193DESO!$A$3:$G$16595,6,0),2)) -> 8.07 | H19: =G19*(1+$H$9) -> 10.72 | J19: =H19*F19 -> 3893.61 | L19: =F18*K19*(1+$L$9) -> 0 | O19: =($L19/$F18)*N19 -> 0 | R19: =($L19/$F18)*Q19 -> 0 | U19: =($L19/$F18)*T19 -> 0 | X19: =($L19/$F18)*W19 -> 0 | AA19: =($L19/$F18)*Z19 -> 0 | AC19: =N19+Q19+T19+W19+Z19 -> 0 | AD19: =O19+R19+U19+X19+AA19 -> 0 | AF19: =F18-AC19 -> 13 | AG19: =L19-AD19 -> 0 | AJ19: =($L19/$F18)*AI19 -> 0 | AM19: =($L19/$F18)*AL19 -> 0 | AO19: =F18+AI19-AL19 -> 13 | AP19: =L19+AJ19-AM19 -> 0
A20: 2.3 | B20: CDHU | C20: 15.20.020 | D20: =IF($B20="","",VLOOKUP($C20,B193DESO!$A$3:$G$16595,2,0))&" - BANCOS" -> Fornecimento de peças diversas para estrutura em madeira - BANCOS | E20: =IF($B20="","",VLOOKUP($C20,B193DESO!$A$3:$G$16595,3,0)) -> M3 | F20: =0.4*1*0.06*13 -> 0.31 | G20: =IF($B20="","",ROUND(VLOOKUP($C20,B193DESO!$A$3:$G$6157,6,0),2)) -> 5304.51 | H20: =G20*(1+$H$9) -> 7043.33 | J20: =H20*F20 -> 2183.43
A22: 3 | D22: PINTURA BIBLIOTECA | G22: =IF($B22="","",VLOOKUP($C22,#REF!,6,0)) | J22: =SUM(J23:J30) -> 50702.7 | L22: =SUBTOTAL(9,L23:L23) -> 0 | O22: =SUBTOTAL(9,O23:O23) -> 0 | R22: =SUBTOTAL(9,R23:R23) -> 0 | U22: =SUBTOTAL(9,U23:U23) -> 0 | X22: =SUBTOTAL(9,X23:X23) -> 0 | AA22: =SUBTOTAL(9,AA23:AA23) -> 0 | AD22: =SUBTOTAL(9,AD23:AD23) -> 0 | AG22: =SUBTOTAL(9,AG23:AG23) -> 0 | AJ22: =SUBTOTAL(9,AJ23:AJ23) -> 0 | AM22: =SUBTOTAL(9,AM23:AM23) -> 0 | AP22: =SUBTOTAL(9,AP23:AP23) -> 0
A23: 3.1 | B23: CDHU | C23: 33.10.050 | D23: =IF($B23="","",VLOOKUP($C23,B193DESO!$A$3:$G$16595,2,0))&" - ESTRUTURA BANCOS" -> Tinta acrílica em massa, inclusive preparo - ESTRUTURA BANCOS | E23: =IF($B23="","",VLOOKUP($C23,B193DESO!$A$3:$G$16595,3,0)) -> M2 | F23: =8.05*26 -> 209.3 | G23: =IF($B23="","",ROUND(VLOOKUP($C23,B193DESO!$A$3:$G$16595,6,0),2)) -> 29.38 | H23: =G23*(1+$H$9) -> 39.01 | J23: =H23*F23 -> 8164.79 | L23: =F23*K23*(1+$L$9) -> 0 | O23: =($L23/$F23)*N23 -> 0 | R23: =($L23/$F23)*Q23 -> 0 | U23: =($L23/$F23)*T23 -> 0 | X23: =($L23/$F23)*W23 -> 0 | AA23: =($L23/$F23)*Z23 -> 0 | AC23: =N23+Q23+T23+W23+Z23 -> 0 | AD23: =O23+R23+U23+X23+AA23 -> 0 | AF23: =F23-AC23 -> 209.3 | AG23: =L23-AD23 -> 0 | AJ23: =($L23/$F23)*AI23 -> 0 | AM23: =($L23/$F23)*AL23 -> 0 | AO23: =F23+AI23-AL23 -> 209.3 | AP23: =L23+AJ23-AM23 -> 0
A24: 3.2 | B24: CDHU | C24: 33.10.050 | D24: =IF($B24="","",VLOOKUP($C24,B193DESO!$A$3:$G$16595,2,0))&" - PAREDES EXTERNAS" -> Tinta acrílica em massa, inclusive preparo - PAREDES EXTERNAS | E24: =IF($B24="","",VLOOKUP($C24,B193DESO!$A$3:$G$16595,3,0)) -> M2 | F24: ='LEVANTAMENTO QTT.'!F8-'LEVANTAMENTO QTT.'!J8 -> 85.28 | G24: =IF($B24="","",ROUND(VLOOKUP($C24,B193DESO!$A$3:$G$16595,6,0),2)) -> 29.38 | H24: =G24*(1+$H$9) -> 39.01 | J24: =H24*F24 -> 3326.77 | L24: =F24*K24*(1+$L$9) -> 0 | O24: =($L24/$F24)*N24 -> 0 | R24: =($L24/$F24)*Q24 -> 0 | U24: =($L24/$F24)*T24 -> 0 | X24: =($L24/$F24)*W24 -> 0 | AA24: =($L24/$F24)*Z24 -> 0 | AC24: =N24+Q24+T24+W24+Z24 -> 0 | AD24: =O24+R24+U24+X24+AA24 -> 0 | AF24: =F24-AC24 -> 85.28 | AG24: =L24-AD24 -> 0 | AJ24: =($L24/$F24)*AI24 -> 0 | AM24: =($L24/$F24)*AL24 -> 0 | AO24: =F24+AI24-AL24 -> 85.28 | AP24: =L24+AJ24-AM24 -> 0
A25: 3.3 | B25: CDHU | C25: 33.10.050 | D25: =IF($B25="","",VLOOKUP($C25,B193DESO!$A$3:$G$16595,2,0))&" - PAREDES INTERNAS" -> Tinta acrílica em massa, inclusive preparo - PAREDES INTERNAS | E25: =IF($B25="","",VLOOKUP($C25,B193DESO!$A$3:$G$16595,3,0)) -> M2 | F25: =('LEVANTAMENTO QTT.'!G8-'LEVANTAMENTO QTT.'!K8)-F26 -> 184.48 | G25: =IF($B25="","",ROUND(VLOOKUP($C25,B193DESO!$A$3:$G$16595,6,0),2)) -> 29.38 | H25: =G25*(1+$H$9) -> 39.01 | J25: =H25*F25 -> 7196.56 | L25: =F25*K25*(1+$L$9) -> 0 | O25: =($L25/$F25)*N25 -> 0 | R25: =($L25/$F25)*Q25 -> 0 | U25: =($L25/$F25)*T25 -> 0 | X25: =($L25/$F25)*W25 -> 0 | AA25: =($L25/$F25)*Z25 -> 0 | AC25: =N25+Q25+T25+W25+Z25 -> 0 | AD25: =O25+R25+U25+X25+AA25 -> 0 | AF25: =F25-AC25 -> 184.48 | AG25: =L25-AD25 -> 0 | AJ25: =($L25/$F25)*AI25 -> 0 | AM25: =($L25/$F25)*AL25 -> 0 | AO25: =F25+AI25-AL25 -> 184.48 | AP25: =L25+AJ25-AM25 -> 0
A26: 3.4 | B26: CDHU | C26: 33.10.041 | D26: =IF($B26="","",VLOOKUP($C26,B193DESO!$A$3:$G$16595,2,0))&" - PAREDES INTERNAS SALA DE ARTES" -> Esmalte à base de água em massa, inclusive preparo - PAREDES INTERNAS SALA DE ARTES | E26: =IF($B26="","",VLOOKUP($C26,B193DESO!$A$3:$G$16595,3,0)) -> M2 | F26: =(8+8+6+6)*2 -> 56 | G26: =IF($B26="","",ROUND(VLOOKUP($C26,B193DESO!$A$3:$G$16595,6,0),2)) -> 32.2 | H26: =G26*(1+$H$9) -> 42.76 | J26: =H26*F26 -> 2394.56 | L26: =F26*K26*(1+$L$9) -> 0 | O26: =($L26/$F26)*N26 -> 0 | R26: =($L26/$F26)*Q26 -> 0 | U26: =($L26/$F26)*T26 -> 0 | X26: =($L26/$F26)*W26 -> 0 | AA26: =($L26/$F26)*Z26 -> 0 | AC26: =N26+Q26+T26+W26+Z26 -> 0 | AD26: =O26+R26+U26+X26+AA26 -> 0 | AF26: =F26-AC26 -> 56 | AG26: =L26-AD26 -> 0 | AJ26: =($L26/$F26)*AI26 -> 0 | AM26: =($L26/$F26)*AL26 -> 0 | AO26: =F26+AI26-AL26 -> 56 | AP26: =L26+AJ26-AM26 -> 0
A27: 3.5 | B27: CDHU | C27: 33.10.050 | D27: =IF($B27="","",VLOOKUP($C27,B193DESO!$A$3:$G$16595,2,0))&" - LAJE DE FORRO" -> Tinta acrílica em massa, inclusive preparo - LAJE DE FORRO | E27: =IF($B27="","",VLOOKUP($C27,B193DESO!$A$3:$G$16595,3,0)) -> M2 | F27: 327.27 | G27: =IF($B27="","",ROUND(VLOOKUP($C27,B193DESO!$A$3:$G$16595,6,0),2)) -> 29.38 | H27: =G27*(1+$H$9) -> 39.01 | J27: =H27*F27 -> 12766.8 | L27: =F27*K27*(1+$L$9) -> 0 | O27: =($L27/$F27)*N27 -> 0 | R27: =($L27/$F27)*Q27 -> 0 | U27: =($L27/$F27)*T27 -> 0 | X27: =($L27/$F27)*W27 -> 0 | AA27: =($L27/$F27)*Z27 -> 0 | AC27: =N27+Q27+T27+W27+Z27 -> 0 | AD27: =O27+R27+U27+X27+AA27 -> 0 | AF27: =F27-AC27 -> 327.27 | AG27: =L27-AD27 -> 0 | AJ27: =($L27/$F27)*AI27 -> 0 | AM27: =($L27/$F27)*AL27 -> 0 | AO27: =F27+AI27-AL27 -> 327.27 | AP27: =L27+AJ27-AM27 -> 0
A28: 3.6 | B28: CDHU | C28: 33.05.010 | D28: =IF($B28="","",VLOOKUP($C28,B193DESO!$A$3:$G$16595,2,0))&" - MADEIRA DOS BANCOS" -> Verniz fungicida para madeira - MADEIRA DOS BANCOS | E28: =IF($B28="","",VLOOKUP($C28,B193DESO!$A$3:$G$16595,3,0)) -> M2 | F28: =0.5*13 -> 6.5 | G28: =IF($B28="","",ROUND(VLOOKUP($C28,B193DESO!$A$3:$G$16595,6,0),2)) -> 22.55 | H28: =G28*(1+$H$9) -> 29.94 | J28: =H28*F28 -> 194.61 | L28: =F28*K28*(1+$L$9) -> 0 | O28: =($L28/$F28)*N28 -> 0 | R28: =($L28/$F28)*Q28 -> 0 | U28: =($L28/$F28)*T28 -> 0 | X28: =($L28/$F28)*W28 -> 0 | AA28: =($L28/$F28)*Z28 -> 0 | AC28: =N28+Q28+T28+W28+Z28 -> 0 | AD28: =O28+R28+U28+X28+AA28 -> 0 | AF28: =F28-AC28 -> 6.5 | AG28: =L28-AD28 -> 0 | AJ28: =($L28/$F28)*AI28 -> 0 | AM28: =($L28/$F28)*AL28 -> 0 | AO28: =F28+AI28-AL28 -> 6.5 | AP28: =L28+AJ28-AM28 -> 0
A29: 3.7 | B29: SINAPI | C29: 98556 | D29: =IF($B29="","",VLOOKUP($C29,B193DESO!$A$3:$G$16595,2,0))&" - LAJE DE COBERTURA" -> IMPERMEABILIZIMPERMEABILIZAÇÃO DE SUPERFÍCIE COM ARGAMASSA POLIMÉRICA / MEMBRANA ACRÍLICA, 4 DEMÃOS, REFORÇADA COM VÉU DE POLIÉSTER (MAV). AF_09/2023 - LAJE DE COBERTURA | E29: =IF($B29="","",VLOOKUP($C29,B193DESO!$A$3:$G$16595,3,0)) -> M2 | F29: 101.92 | G29: =IF($B29="","",ROUND(VLOOKUP($C29,B193DESO!$A$3:$G$16595,6,0),2)) -> 60.7 | H29: =G29*(1+$H$9) -> 80.6 | J29: =H29*F29 -> 8214.75
A30: 3.8 | B30: CDHU | C30: 33.03.740 | D30: =IF($B30="","",VLOOKUP($C30,B193DESO!$A$3:$G$16595,2,0))&" - IMPERMEABILIZAÇÃO TELHAS CERÂMICAS" -> Resina acrílica plastificante - IMPERMEABILIZAÇÃO TELHAS CERÂMICAS | E30: =IF($B30="","",VLOOKUP($C30,B193DESO!$A$3:$G$16595,3,0)) -> M2 | F30: 225.35 | G30: =IF($B30="","",ROUND(VLOOKUP($C30,B193DESO!$A$3:$G$6157,6,0),2)) -> 28.22 | H30: =G30*(1+$H$9) -> 37.47 | J30: =H30*F30 -> 8443.86
A32: 4 | D32: PINTURA ESQUADRIAS BIBLIOTECA | G32: =IF($B32="","",VLOOKUP($C32,#REF!,6,0)) | J32: =SUBTOTAL(9,J33:J34) -> 2221.52 | L32: =SUBTOTAL(9,L33:L33) -> 0 | O32: =SUBTOTAL(9,O33:O33) -> 0 | R32: =SUBTOTAL(9,R33:R33) -> 0 | U32: =SUBTOTAL(9,U33:U33) -> 0 | X32: =SUBTOTAL(9,X33:X33) -> 0 | AA32: =SUBTOTAL(9,AA33:AA33) -> 0 | AD32: =SUBTOTAL(9,AD33:AD33) -> 0 | AG32: =SUBTOTAL(9,AG33:AG33) -> 0 | AJ32: =SUBTOTAL(9,AJ33:AJ33) -> 0 | AM32: =SUBTOTAL(9,AM33:AM33) -> 0 | AP32: =SUBTOTAL(9,AP33:AP33) -> 0
A33: 4.1 | B33: CDHU | C33: 33.11.050 | D33: =IF($B33="","",VLOOKUP($C33,B193DESO!$A$3:$G$16595,2,0))&" - ESQUADRIAS DE AÇO" -> Esmalte à base água em superfície metálica, inclusive preparo - ESQUADRIAS DE AÇO | E33: =IF($B33="","",VLOOKUP($C33,B193DESO!$A$3:$G$16595,3,0)) -> M2 | F33: =(1.05*8)+1.2 -> 9.6 | G33: =IF($B33="","",ROUND(VLOOKUP($C33,B193DESO!$A$3:$G$16595,6,0),2)) -> 43.47 | H33: =G33*(1+$H$9) -> 57.72 | J33: =H33*F33 -> 554.11 | L33: =F33*K33*(1+$L$9) -> 0 | O33: =($L33/$F33)*N33 -> 0 | R33: =($L33/$F33)*Q33 -> 0 | U33: =($L33/$F33)*T33 -> 0 | X33: =($L33/$F33)*W33 -> 0 | AA33: =($L33/$F33)*Z33 -> 0 | AC33: =N33+Q33+T33+W33+Z33 -> 0 | AD33: =O33+R33+U33+X33+AA33 -> 0 | AF33: =F33-AC33 -> 9.6 | AG33: =L33-AD33 -> 0 | AJ33: =($L33/$F33)*AI33 -> 0 | AM33: =($L33/$F33)*AL33 -> 0 | AO33: =F33+AI33-AL33 -> 9.6 | AP33: =L33+AJ33-AM33 -> 0
A34: 4.2 | B34: CDHU | C34: 33.12.011 | D34: =IF($B34="","",VLOOKUP($C34,B193DESO!$A$3:$G$16595,2,0))&" - PORTAS DE MADEIRA" -> Esmalte à base de água em madeira, inclusive preparo - PORTAS DE MADEIRA | E34: =IF($B34="","",VLOOKUP($C34,B193DESO!$A$3:$G$16595,3,0)) -> M2 | F34: =((1.89*4)+(1.982))*3 -> 28.63 | G34: =IF($B34="","",ROUND(VLOOKUP($C34,B193DESO!$A$3:$G$16595,6,0),2)) -> 43.86 | H34: =G34*(1+$H$9) -> 58.24 | J34: =H34*F34 -> 1667.41 | L34: =F34*K34*(1+$L$9) -> 0 | O34: =($L34/$F34)*N34 -> 0 | R34: =($L34/$F34)*Q34 -> 0 | U34: =($L34/$F34)*T34 -> 0 | X34: =($L34/$F34)*W34 -> 0 | AA34: =($L34/$F34)*Z34 -> 0 | AC34: =N34+Q34+T34+W34+Z34 -> 0 | AD34: =O34+R34+U34+X34+AA34 -> 0 | AF34: =F34-AC34 -> 28.63 | AG34: =L34-AD34 -> 0 | AJ34: =($L34/$F34)*AI34 -> 0 | AM34: =($L34/$F34)*AL34 -> 0 | AO34: =F34+AI34-AL34 -> 28.63 | AP34: =L34+AJ34-AM34 -> 0
L35: =F35*K35*(1+$L$9) -> 0 | O35: =($L35/$F35)*N35 -> #DIV/0! | R35: =($L35/$F35)*Q35 -> #DIV/0! | U35: =($L35/$F35)*T35 -> #DIV/0! | X35: =($L35/$F35)*W35 -> #DIV/0! | AA35: =($L35/$F35)*Z35 -> #DIV/0! | AD35: =O35+R35+U35+X35+AA35 -> #DIV/0! | AG35: =L35-AD35 -> #DIV/0! | AJ35: =($L35/$F35)*AI35 -> #DIV/0! | AM35: =($L35/$F35)*AL35 -> #DIV/0! | AO35: =F35+AI35-AL35 -> 0 | AP35: =L35+AJ35-AM35 -> #DIV/0!
A36: 5 | D36: SERVIÇOS PRELIMINARES ESCOLA | G36: =IF($B36="","",VLOOKUP($C36,'[1]BOLETIM 161'!$A$7:$F$4000,6,0)) | J36: =SUM(J37:J45) -> 11798.21 | L36: =SUM(L37:L40) -> 0 | O36: =SUM(O37:O56) -> #REF! | R36: =SUM(R37:R56) -> #REF! | U36: =SUM(U37:U56) -> #REF! | X36: =SUM(X37:X56) -> #REF! | AA36: =SUM(AA37:AA56) -> #REF! | AD36: =SUM(AD37:AD56) -> #REF! | AG36: =SUM(AG37:AG56) -> #REF! | AJ36: =SUM(AJ37:AJ56) -> #REF! | AM36: =SUM(AM37:AM56) -> #REF! | AP36: =SUM(AP37:AP56) -> #REF!
A37: 5.1 | B37: CDHU | C37: 55.01.140 | D37: =IF($B37="","",VLOOKUP($C37,B193DESO!$A$3:$G$16595,2,0))&" - TELHADO " -> Limpeza de superfície com hidrojateamento - TELHADO | E37: =IF($B37="","",VLOOKUP($C37,B193DESO!$A$3:$G$16595,3,0)) -> M2 | F37: 837.95 | G37: =IF($B37="","",ROUND(VLOOKUP($C37,B193DESO!$A$3:$G$16595,6,0),2)) -> 8.07 | H37: =G37*(1+$H$9) -> 10.72 | J37: =H37*F37 -> 8982.82
A38: 5.2 | B38: CDHU | C38: 03.03.040 | D38: =IF($B38="","",VLOOKUP($C38,B193DESO!$A$3:$G$16595,2,0))&" " -> Demolição manual de revestimento em massa de parede ou teto | E38: =IF($B38="","",VLOOKUP($C38,B193DESO!$A$3:$G$16595,3,0)) -> M2 | F38: 32 | G38: =IF($B38="","",ROUND(VLOOKUP($C38,B193DESO!$A$3:$G$16595,6,0),2)) -> 5.29 | H38: =G38*(1+$H$9) -> 7.02 | J38: =H38*F38 -> 224.64
A39: 5.3 | B39: CDHU | C39: 17.02.040 | D39: =IF($B39="","",VLOOKUP($C39,B193DESO!$A$3:$G$16595,2,0))&" " -> Chapisco com adesivo de alto desempenho | E39: =IF($B39="","",VLOOKUP($C39,B193DESO!$A$3:$G$16595,3,0)) -> M2 | F39: 32 | G39: =IF($B39="","",ROUND(VLOOKUP($C39,B193DESO!$A$3:$G$16595,6,0),2)) -> 11.19 | H39: =G39*(1+$H$9) -> 14.86 | J39: =H39*F39 -> 475.52
A40: 5.4 | B40: CDHU | C40: 17.02.140 | D40: =IF($B40="","",VLOOKUP($C40,B193DESO!$A$3:$G$16595,2,0))&" " -> Emboço desempenado com espuma de poliéster | E40: =IF($B40="","",VLOOKUP($C40,B193DESO!$A$3:$G$16595,3,0)) -> M2 | F40: 32 | G40: =IF($B40="","",ROUND(VLOOKUP($C40,B193DESO!$A$3:$G$16595,6,0),2)) -> 25.31 | H40: =G40*(1+$H$9) -> 33.61 | J40: =H40*F40 -> 1075.52
A41: 5.5 | B41: CDHU | C41: 16.02.010 | D41: =IF($B41="","",VLOOKUP($C41,B193DESO!$A$3:$G$16595,2,0))&" - TROCA DE TELHAS TRINCADAS OU QUEBRADAS" -> Telha de barro tipo italiana - TROCA DE TELHAS TRINCADAS OU QUEBRADAS | E41: =IF($B41="","",VLOOKUP($C41,B193DESO!$A$3:$G$16595,3,0)) -> M2 | F41: 3 | G41: =IF($B41="","",ROUND(VLOOKUP($C41,B193DESO!$A$3:$G$6157,6,0),2)) -> 72.7 | H41: =G41*(1+$H$9) -> 96.53 | J41: =H41*F41 -> 289.59
A42: 5.6 | B42: CDHU | C42: B.01.000.010118 | D42: Encanador - REPARO INFILTRAÇÃO HIDRAULICA | E42: H | F42: 8 | G42: 13.01 | H42: =G42*(1+$H$9) -> 17.27 | J42: =H42*F42 -> 138.16
A43: 5.7 | B43: CDHU | C43: B.01.000.010139 | D43: Pedreiro - REPARO INFILTRAÇÃO HIDRAULICA | E43: H | F43: 8 | G43: 10.86 | H43: =G43*(1+$H$9) -> 14.42 | J43: =H43*F43 -> 115.36
A44: 5.8 | B44: CDHU | C44: 17.40.010 | D44: =IF($B44="","",VLOOKUP($C44,B193DESO!$A$3:$G$16595,2,0))&" - PISO + TRINCAS NO PISO " -> Reparos em piso de granilite - estucamento e polimento - PISO + TRINCAS NO PISO | E44: =IF($B44="","",VLOOKUP($C44,B193DESO!$A$3:$G$16595,3,0)) -> M2 | F44: 4.64 | G44: =IF($B44="","",ROUND(VLOOKUP($C44,B193DESO!$A$3:$G$16595,6,0),2)) -> 46.25 | H44: =G44*(1+$H$9) -> 61.41 | J44: =H44*F44 -> 284.94
A45: 5.9 | B45: CDHU | C45: 17.40.150 | D45: =IF($B45="","",VLOOKUP($C45,B193DESO!$A$3:$G$16595,2,0))&" - PISO + TRINCAS NO PISO " -> Resina acrílica para piso de granilite - PISO + TRINCAS NO PISO | E45: =IF($B45="","",VLOOKUP($C45,B193DESO!$A$3:$G$16595,3,0)) -> M2 | F45: =4.64+((2.1*0.1)*2) -> 5.06 | G45: =IF($B45="","",ROUND(VLOOKUP($C45,B193DESO!$A$3:$G$16595,6,0),2)) -> 31.5 | H45: =G45*(1+$H$9) -> 41.83 | J45: =H45*F45 -> 211.66
A47: 6 | D47: LAJE / DOMUS / VIDROS | G47: =IF($B47="","",VLOOKUP($C47,#REF!,6,0)) | J47: =SUM(J48:J54) -> 16368.17 | L47: =SUBTOTAL(9,#REF!) -> #REF! | O47: =SUBTOTAL(9,#REF!) -> #REF! | R47: =SUBTOTAL(9,#REF!) -> #REF! | U47: =SUBTOTAL(9,#REF!) -> #REF! | X47: =SUBTOTAL(9,#REF!) -> #REF! | AA47: =SUBTOTAL(9,#REF!) -> #REF! | AD47: =SUBTOTAL(9,#REF!) -> #REF! | AG47: =SUBTOTAL(9,#REF!) -> #REF! | AJ47: =SUBTOTAL(9,#REF!) -> #REF! | AM47: =SUBTOTAL(9,#REF!) -> #REF! | AP47: =SUBTOTAL(9,#REF!) -> #REF!
A48: 6.1 | B48: CDHU | C48: 03.02.040 | D48: =IF($B48="","",VLOOKUP($C48,B193DESO!$A$3:$G$16595,2,0))&" - DOMUS" -> Demolição manual de alvenaria de elevação ou elemento vazado, incluindo revestimento - DOMUS | E48: =IF($B48="","",VLOOKUP($C48,B193DESO!$A$3:$G$16595,3,0)) -> M3 | F48: =2.3*2.05*0.4 -> 1.89 | G48: =IF($B48="","",ROUND(VLOOKUP($C48,B193DESO!$A$3:$G$16595,6,0),2)) -> 70.56 | H48: =G48*(1+$H$9) -> 93.69 | J48: =H48*F48 -> 177.07
A49: 6.2 | B49: CDHU | C49: 05.07.040 | D49: =IF($B49="","",VLOOKUP($C49,B193DESO!$A$3:$G$16595,2,0))&" " -> Remoção de entulho separado de obra com caçamba metálica - terra, alvenaria, concreto, argamassa, madeira, papel, plástico ou metal | E49: =IF($B49="","",VLOOKUP($C49,B193DESO!$A$3:$G$16595,3,0)) -> M3 | F49: =1.89+0.96 -> 2.85 | G49: =IF($B49="","",ROUND(VLOOKUP($C49,B193DESO!$A$3:$G$16595,6,0),2)) -> 105.26 | H49: =G49*(1+$H$9) -> 139.76 | J49: =H49*F49 -> 398.32 | L49: =F49*K49*(1+$L$9) -> 0 | O49: =($L49/$F49)*N49 -> 0 | R49: =($L49/$F49)*Q49 -> 0 | U49: =($L49/$F49)*T49 -> 0 | X49: =($L49/$F49)*W49 -> 0 | AA49: =($L49/$F49)*Z49 -> 0 | AC49: =N49+Q49+T49+W49+Z49 -> 0 | AD49: =O49+R49+U49+X49+AA49 -> 0 | AF49: =F49-AC49 -> 2.85 | AG49: =L49-AD49 -> 0 | AJ49: =($L49/$F49)*AI49 -> 0 | AM49: =($L49/$F49)*AL49 -> 0 | AO49: =F49+AI49-AL49 -> 2.85 | AP49: =L49+AJ49-AM49 -> 0
A50: 6.3 | B50: CDHU | C50: 13.01.170 | D50: =IF($B50="","",VLOOKUP($C50,B193DESO!$A$3:$G$16595,2,0))&" - DOMUS " -> Laje pré-fabricada mista vigota treliçada/lajota cerâmica - LT 20 (16+4) e capa com concreto de 25 MPa - DOMUS | E50: =IF($B50="","",VLOOKUP($C50,B193DESO!$A$3:$G$16595,3,0)) -> M2 | F50: 6.11 | G50: =IF($B50="","",ROUND(VLOOKUP($C50,B193DESO!$A$3:$G$16595,6,0),2)) -> 186.19 | H50: =G50*(1+$H$9) -> 247.22 | J50: =H50*F50 -> 1510.51
A51: 6.4 | B51: CDHU | C51: 10.02.020 | D51: =IF($B51="","",VLOOKUP($C51,B193DESO!$A$3:$G$16595,2,0))&" - DOMUS 10cm x 10cm x 6,3mm" -> Armadura em tela soldada de aço - DOMUS 10cm x 10cm x 6,3mm | E51: =IF($B51="","",VLOOKUP($C51,B193DESO!$A$3:$G$16595,3,0)) -> KG | F51: =3.11*F50 -> 19 | G51: =IF($B51="","",ROUND(VLOOKUP($C51,B193DESO!$A$3:$G$16595,6,0),2)) -> 10.48 | H51: =G51*(1+$H$9) -> 13.92 | J51: =H51*F51 -> 264.48
A52: 6.5 | B52: CDHU | C52: 10.01.040 | D52: =IF($B52="","",VLOOKUP($C52,B193DESO!$A$3:$G$16595,2,0))&" - REFORÇO LAJE PRÉ FABRICADA AÇO 10MM" -> Armadura em barra de aço CA-50 (A ou B) fyk = 500 MPa - REFORÇO LAJE PRÉ FABRICADA AÇO 10MM | E52: =IF($B52="","",VLOOKUP($C52,B193DESO!$A$3:$G$16595,3,0)) -> KG | F52: =0.617*(2.6*5) -> 8.02 | G52: =IF($B52="","",ROUND(VLOOKUP($C52,B193DESO!$A$3:$G$16595,6,0),2)) -> 10.11 | H52: =G52*(1+$H$9) -> 13.42 | J52: =H52*F52 -> 107.63
A53: 6.6 | B53: CDHU | C53: 26.02.020 | D53: =IF($B53="","",VLOOKUP($C53,B193DESO!$A$3:$G$16595,2,0))&" - INSTALADO COM PROLONGADORES" -> Vidro temperado incolor de 6 mm - INSTALADO COM PROLONGADORES | E53: =IF($B53="","",VLOOKUP($C53,B193DESO!$A$3:$G$16595,3,0)) -> M2 | F53: =(9.2*0.85)*2 -> 15.64 | G53: =IF($B53="","",ROUND(VLOOKUP($C53,B193DESO!$A$3:$G$16595,6,0),2)) -> 238.94 | H53: =G53*(1+$H$9) -> 317.26 | J53: =H53*F53 -> 4961.95
A54: 6.7 | B54: SINAPI | C54: 98556 | D54: =IF($B54="","",VLOOKUP($C54,B193DESO!$A$3:$G$16595,2,0))&" - PÁTIO DESCOBERTO E MARQUISES" -> IMPERMEABILIZIMPERMEABILIZAÇÃO DE SUPERFÍCIE COM ARGAMASSA POLIMÉRICA / MEMBRANA ACRÍLICA, 4 DEMÃOS, REFORÇADA COM VÉU DE POLIÉSTER (MAV). AF_09/2023 - PÁTIO DESCOBERTO E MARQUISES | E54: =IF($B54="","",VLOOKUP($C54,B193DESO!$A$3:$G$16595,3,0)) -> M2 | F54: =5.65+30.31+23+52.06 -> 111.02 | G54: =IF($B54="","",ROUND(VLOOKUP($C54,B193DESO!$A$3:$G$16595,6,0),2)) -> 60.7 | H54: =G54*(1+$H$9) -> 80.6 | J54: =H54*F54 -> 8948.21
A56: 7 | D56: PINTURA ESCOLA TERREO | G56: =IF($B56="","",VLOOKUP($C56,#REF!,6,0)) | J56: =SUM(J57:J65) -> 105895.76 | L56: =SUBTOTAL(9,#REF!) -> #REF! | O56: =SUBTOTAL(9,#REF!) -> #REF! | R56: =SUBTOTAL(9,#REF!) -> #REF! | U56: =SUBTOTAL(9,#REF!) -> #REF! | X56: =SUBTOTAL(9,#REF!) -> #REF! | AA56: =SUBTOTAL(9,#REF!) -> #REF! | AD56: =SUBTOTAL(9,#REF!) -> #REF! | AG56: =SUBTOTAL(9,#REF!) -> #REF! | AJ56: =SUBTOTAL(9,#REF!) -> #REF! | AM56: =SUBTOTAL(9,#REF!) -> #REF! | AP56: =SUBTOTAL(9,#REF!) -> #REF!
A57: 7.1 | B57: CDHU | C57: 33.10.050 | D57: =IF($B57="","",VLOOKUP($C57,B193DESO!$A$3:$G$16595,2,0))&" - PAREDES EXTERNAS" -> Tinta acrílica em massa, inclusive preparo - PAREDES EXTERNAS | E57: =IF($B57="","",VLOOKUP($C57,B193DESO!$A$3:$G$16595,3,0)) -> M2 | F57: ='LEVANTAMENTO QTT.'!E39-'LEVANTAMENTO QTT.'!J39 -> 498.24 | G57: =IF($B57="","",ROUND(VLOOKUP($C57,B193DESO!$A$3:$G$16595,6,0),2)) -> 29.38 | H57: =G57*(1+$H$9) -> 39.01 | J57: =H57*F57 -> 19436.34 | L57: =F57*K57*(1+$L$9) -> 0 | O57: =($L57/$F57)*N57 -> 0 | R57: =($L57/$F57)*Q57 -> 0 | U57: =($L57/$F57)*T57 -> 0 | X57: =($L57/$F57)*W57 -> 0 | AA57: =($L57/$F57)*Z57 -> 0 | AC57: =N57+Q57+T57+W57+Z57 -> 0 | AD57: =O57+R57+U57+X57+AA57 -> 0 | AF57: =F57-AC57 -> 498.24 | AG57: =L57-AD57 -> 0 | AJ57: =($L57/$F57)*AI57 -> 0 | AM57: =($L57/$F57)*AL57 -> 0 | AO57: =F57+AI57-AL57 -> 498.24 | AP57: =L57+AJ57-AM57 -> 0
A58: 7.2 | B58: CDHU | C58: 33.10.050 | D58: =IF($B58="","",VLOOKUP($C58,B193DESO!$A$3:$G$16595,2,0))&" - PAREDES INTERNAS" -> Tinta acrílica em massa, inclusive preparo - PAREDES INTERNAS | E58: =IF($B58="","",VLOOKUP($C58,B193DESO!$A$3:$G$16595,3,0)) -> M2 | F58: =('LEVANTAMENTO QTT.'!F39+'LEVANTAMENTO QTT.'!G39+'LEVANTAMENTO QTT.'!H39+'LEVANTAMENTO QTT.'!I39)-'LEVANTAMENTO QTT.'!K39 -> 317.08 | G58: =IF($B58="","",ROUND(VLOOKUP($C58,B193DESO!$A$3:$G$16595,6,0),2)) -> 29.38 | H58: =G58*(1+$H$9) -> 39.01 | J58: =H58*F58 -> 12369.29 | L58: =F58*K58*(1+$L$9) -> 0 | O58: =($L58/$F58)*N58 -> 0 | R58: =($L58/$F58)*Q58 -> 0 | U58: =($L58/$F58)*T58 -> 0 | X58: =($L58/$F58)*W58 -> 0 | AA58: =($L58/$F58)*Z58 -> 0 | AC58: =N58+Q58+T58+W58+Z58 -> 0 | AD58: =O58+R58+U58+X58+AA58 -> 0 | AF58: =F58-AC58 -> 317.08 | AG58: =L58-AD58 -> 0 | AJ58: =($L58/$F58)*AI58 -> 0 | AM58: =($L58/$F58)*AL58 -> 0 | AO58: =F58+AI58-AL58 -> 317.08 | AP58: =L58+AJ58-AM58 -> 0
A59: 7.3 | B59: CDHU | C59: 33.10.050 | D59: =IF($B59="","",VLOOKUP($C59,B193DESO!$A$3:$G$16595,2,0))&" - ESTRUTURA DOS BANCOS" -> Tinta acrílica em massa, inclusive preparo - ESTRUTURA DOS BANCOS | E59: =IF($B59="","",VLOOKUP($C59,B193DESO!$A$3:$G$16595,3,0)) -> M2 | F59: =4.49*20 -> 89.8 | G59: =IF($B59="","",ROUND(VLOOKUP($C59,B193DESO!$A$3:$G$16595,6,0),2)) -> 29.38 | H59: =G59*(1+$H$9) -> 39.01 | J59: =H59*F59 -> 3503.1 | L59: =F59*K59*(1+$L$9) -> 0 | O59: =($L59/$F59)*N59 -> 0 | R59: =($L59/$F59)*Q59 -> 0 | U59: =($L59/$F59)*T59 -> 0 | X59: =($L59/$F59)*W59 -> 0 | AA59: =($L59/$F59)*Z59 -> 0 | AC59: =N59+Q59+T59+W59+Z59 -> 0 | AD59: =O59+R59+U59+X59+AA59 -> 0 | AF59: =F59-AC59 -> 89.8 | AG59: =L59-AD59 -> 0 | AJ59: =($L59/$F59)*AI59 -> 0 | AM59: =($L59/$F59)*AL59 -> 0 | AO59: =F59+AI59-AL59 -> 89.8 | AP59: =L59+AJ59-AM59 -> 0
A60: 7.4 | B60: CDHU | C60: 33.10.050 | D60: =IF($B60="","",VLOOKUP($C60,B193DESO!$A$3:$G$16595,2,0))&" - LAJE DE FORRO" -> Tinta acrílica em massa, inclusive preparo - LAJE DE FORRO | E60: =IF($B60="","",VLOOKUP($C60,B193DESO!$A$3:$G$16595,3,0)) -> M2 | F60: ='LEVANTAMENTO QTT.'!B40 -> 504.35 | G60: =IF($B60="","",ROUND(VLOOKUP($C60,B193DESO!$A$3:$G$16595,6,0),2)) -> 29.38 | H60: =G60*(1+$H$9) -> 39.01 | J60: =H60*F60 -> 19674.69 | L60: =F60*K60*(1+$L$9) -> 0 | O60: =($L60/$F60)*N60 -> 0 | R60: =($L60/$F60)*Q60 -> 0 | U60: =($L60/$F60)*T60 -> 0 | X60: =($L60/$F60)*W60 -> 0 | AA60: =($L60/$F60)*Z60 -> 0 | AC60: =N60+Q60+T60+W60+Z60 -> 0 | AD60: =O60+R60+U60+X60+AA60 -> 0 | AF60: =F60-AC60 -> 504.35 | AG60: =L60-AD60 -> 0 | AJ60: =($L60/$F60)*AI60 -> 0 | AM60: =($L60/$F60)*AL60 -> 0 | AO60: =F60+AI60-AL60 -> 504.35 | AP60: =L60+AJ60-AM60 -> 0
A61: 7.5 | B61: CDHU | C61: 33.05.010 | D61: =IF($B61="","",VLOOKUP($C61,B193DESO!$A$3:$G$16595,2,0))&" - MADEIRA DOS BANCOS + BEIRAIS + ESTRUTURAS" -> Verniz fungicida para madeira - MADEIRA DOS BANCOS + BEIRAIS + ESTRUTURAS | E61: =IF($B61="","",VLOOKUP($C61,B193DESO!$A$3:$G$16595,3,0)) -> M2 | F61: =(((0.3+0.3+0.08+0.08)*2)*10)+327.35 -> 342.55 | G61: =IF($B61="","",ROUND(VLOOKUP($C61,B193DESO!$A$3:$G$16595,6,0),2)) -> 22.55 | H61: =G61*(1+$H$9) -> 29.94 | J61: =H61*F61 -> 10255.95 | L61: =F61*K61*(1+$L$9) -> 0 | O61: =($L61/$F61)*N61 -> 0 | R61: =($L61/$F61)*Q61 -> 0 | U61: =($L61/$F61)*T61 -> 0 | X61: =($L61/$F61)*W61 -> 0 | AA61: =($L61/$F61)*Z61 -> 0 | AC61: =N61+Q61+T61+W61+Z61 -> 0 | AD61: =O61+R61+U61+X61+AA61 -> 0 | AF61: =F61-AC61 -> 342.55 | AG61: =L61-AD61 -> 0 | AJ61: =($L61/$F61)*AI61 -> 0 | AM61: =($L61/$F61)*AL61 -> 0 | AO61: =F61+AI61-AL61 -> 342.55 | AP61: =L61+AJ61-AM61 -> 0
A62: 7.6 | B62: CDHU | C62: 33.06.020 | D62: =IF($B62="","",VLOOKUP($C62,B193DESO!$A$3:$G$16595,2,0))&" - PISOS DE CONCRETO" -> Acrílico para quadras e pisos cimentados - PISOS DE CONCRETO | E62: =IF($B62="","",VLOOKUP($C62,B193DESO!$A$3:$G$16595,3,0)) -> M2 | F62: 135.5 | G62: =IF($B62="","",ROUND(VLOOKUP($C62,B193DESO!$A$3:$G$16595,6,0),2)) -> 23 | H62: =G62*(1+$H$9) -> 30.54 | J62: =H62*F62 -> 4138.17 | L62: =F62*K62*(1+$L$9) -> 0 | O62: =($L62/$F62)*N62 -> 0 | R62: =($L62/$F62)*Q62 -> 0 | U62: =($L62/$F62)*T62 -> 0 | X62: =($L62/$F62)*W62 -> 0 | AA62: =($L62/$F62)*Z62 -> 0 | AC62: =N62+Q62+T62+W62+Z62 -> 0 | AD62: =O62+R62+U62+X62+AA62 -> 0 | AF62: =F62-AC62 -> 135.5 | AG62: =L62-AD62 -> 0 | AJ62: =($L62/$F62)*AI62 -> 0 | AM62: =($L62/$F62)*AL62 -> 0 | AO62: =F62+AI62-AL62 -> 135.5 | AP62: =L62+AJ62-AM62 -> 0
A63: 7.7 | B63: CDHU | C63: 33.03.740 | D63: =IF($B63="","",VLOOKUP($C63,B193DESO!$A$3:$G$16595,2,0))&" - IMPERMEABILIZAÇÃO TELHAS CERÂMICAS" -> Resina acrílica plastificante - IMPERMEABILIZAÇÃO TELHAS CERÂMICAS | E63: =IF($B63="","",VLOOKUP($C63,B193DESO!$A$3:$G$16595,3,0)) -> M2 | F63: 837.35 | G63: =IF($B63="","",ROUND(VLOOKUP($C63,B193DESO!$A$3:$G$16595,6,0),2)) -> 28.22 | H63: =G63*(1+$H$9) -> 37.47 | J63: =H63*F63 -> 31375.5 | L63: =F63*K63*(1+$L$9) -> 0 | O63: =($L63/$F63)*N63 -> 0 | R63: =($L63/$F63)*Q63 -> 0 | U63: =($L63/$F63)*T63 -> 0 | X63: =($L63/$F63)*W63 -> 0 | AA63: =($L63/$F63)*Z63 -> 0 | AC63: =N63+Q63+T63+W63+Z63 -> 0 | AD63: =O63+R63+U63+X63+AA63 -> 0 | AF63: =F63-AC63 -> 837.35 | AG63: =L63-AD63 -> 0 | AJ63: =($L63/$F63)*AI63 -> 0 | AM63: =($L63/$F63)*AL63 -> 0 | AO63: =F63+AI63-AL63 -> 837.35 | AP63: =L63+AJ63-AM63 -> 0
A64: 7.8 | B64: CDHU | C64: 02.05.212 | D64: =IF($B64="","",VLOOKUP($C64,B193DESO!$A$3:$G$16595,2,0))&" " -> Andaime tubular fachadeiro com piso metálico e sapatas ajustáveis | E64: =IF($B64="","",VLOOKUP($C64,B193DESO!$A$3:$G$16595,3,0)) -> M2MES | F64: 132 | G64: =IF($B64="","",ROUND(VLOOKUP($C64,B193DESO!$A$3:$G$6157,6,0),2)) -> 18.57 | H64: =G64*(1+$H$9) -> 24.66 | J64: =H64*F64 -> 3255.12
A65: 7.9 | B65: CDHU | C65: 02.05.090 | D65: =IF($B65="","",VLOOKUP($C65,B193DESO!$A$3:$G$16595,2,0))&" " -> Montagem e desmontagem de andaime tubular fachadeiro com altura até 10 m | E65: =IF($B65="","",VLOOKUP($C65,B193DESO!$A$3:$G$16595,3,0)) -> M2 | F65: 132 | G65: =IF($B65="","",ROUND(VLOOKUP($C65,B193DESO!$A$3:$G$6157,6,0),2)) -> 10.77 | H65: =G65*(1+$H$9) -> 14.3 | J65: =H65*F65 -> 1887.6
A67: 8 | D67: PINTURA ESQUADRIAS TERREO | G67: =IF($B67="","",VLOOKUP($C67,#REF!,6,0)) | J67: =SUM(J68:J69) -> 15210.48 | L67: =SUBTOTAL(9,L69:L69) -> 0 | O67: =SUBTOTAL(9,O69:O69) -> 0 | R67: =SUBTOTAL(9,R69:R69) -> 0 | U67: =SUBTOTAL(9,U69:U69) -> 0 | X67: =SUBTOTAL(9,X69:X69) -> 0 | AA67: =SUBTOTAL(9,AA69:AA69) -> 0 | AD67: =SUBTOTAL(9,AD69:AD69) -> 0 | AG67: =SUBTOTAL(9,AG69:AG69) -> 0 | AJ67: =SUBTOTAL(9,AJ69:AJ69) -> 0 | AM67: =SUBTOTAL(9,AM69:AM69) -> 0 | AP67: =SUBTOTAL(9,AP69:AP69) -> 0
A68: 8.1 | B68: CDHU | C68: 33.12.011 | D68: =IF($B68="","",VLOOKUP($C68,B193DESO!$A$3:$G$16595,2,0))&" - PORTAS INTERNAS DE MADEIRA" -> Esmalte à base de água em madeira, inclusive preparo - PORTAS INTERNAS DE MADEIRA | E68: =IF($B68="","",VLOOKUP($C68,B193DESO!$A$3:$G$16595,3,0)) -> M2 | F68: =((1.89*5)+(1.98*2)+(1.47*2))*3 -> 49.05 | G68: =IF($B68="","",ROUND(VLOOKUP($C68,B193DESO!$A$3:$G$16595,6,0),2)) -> 43.86 | H68: =G68*(1+$H$9) -> 58.24 | J68: =H68*F68 -> 2856.67 | L68: =F68*K68*(1+$L$9) -> 0 | O68: =($L68/$F68)*N68 -> 0 | R68: =($L68/$F68)*Q68 -> 0 | U68: =($L68/$F68)*T68 -> 0 | X68: =($L68/$F68)*W68 -> 0 | AA68: =($L68/$F68)*Z68 -> 0 | AC68: =N68+Q68+T68+W68+Z68 -> 0 | AD68: =O68+R68+U68+X68+AA68 -> 0 | AF68: =F68-AC68 -> 49.05 | AG68: =L68-AD68 -> 0 | AJ68: =($L68/$F68)*AI68 -> 0 | AM68: =($L68/$F68)*AL68 -> 0 | AO68: =F68+AI68-AL68 -> 49.05 | AP68: =L68+AJ68-AM68 -> 0
A69: 8.2 | B69: CDHU | C69: 33.11.050 | D69: =IF($B69="","",VLOOKUP($C69,B193DESO!$A$3:$G$16595,2,0))&" - ESQUADRIAS DE METAL + CORRIMÃOS + GRADES E GUARDA-CORPOS" -> Esmalte à base água em superfície metálica, inclusive preparo - ESQUADRIAS DE METAL + CORRIMÃOS + GRADES E GUARDA-CORPOS | E69: =IF($B69="","",VLOOKUP($C69,B193DESO!$A$3:$G$16595,3,0)) -> M2 | F69: =(3.99+2.1+1.68+7.2+5.04+(1.05*4)+(1.27)+(3.6*12)+0.825+(0.35*5)+(3.5*6)+2.56+4.46+(3.41*2)+(1.2*2)+(3.5*2)+1.6)+2.79+32.78+(2.36*26) -> 214.03 | G69: =IF($B69="","",ROUND(VLOOKUP($C69,B193DESO!$A$3:$G$16595,6,0),2)) -> 43.47 | H69: =G69*(1+$H$9) -> 57.72 | J69: =H69*F69 -> 12353.81 | L69: =F69*K69*(1+$L$9) -> 0 | O69: =($L69/$F69)*N69 -> 0 | R69: =($L69/$F69)*Q69 -> 0 | U69: =($L69/$F69)*T69 -> 0 | X69: =($L69/$F69)*W69 -> 0 | AA69: =($L69/$F69)*Z69 -> 0 | AC69: =N69+Q69+T69+W69+Z69 -> 0 | AD69: =O69+R69+U69+X69+AA69 -> 0 | AF69: =F69-AC69 -> 214.03 | AG69: =L69-AD69 -> 0 | AJ69: =($L69/$F69)*AI69 -> 0 | AM69: =($L69/$F69)*AL69 -> 0 | AO69: =F69+AI69-AL69 -> 214.03 | AP69: =L69+AJ69-AM69 -> 0
A71: 9 | D71: SERVIÇOS PRELIMINARES SUBSOLO | G71: =IF($B71="","",VLOOKUP($C71,#REF!,6,0)) | J71: =SUM(J72:J76) -> 651.59 | L71: =SUBTOTAL(9,#REF!) -> #REF! | O71: =SUBTOTAL(9,#REF!) -> #REF! | R71: =SUBTOTAL(9,#REF!) -> #REF! | U71: =SUBTOTAL(9,#REF!) -> #REF! | X71: =SUBTOTAL(9,#REF!) -> #REF! | AA71: =SUBTOTAL(9,#REF!) -> #REF! | AD71: =SUBTOTAL(9,#REF!) -> #REF! | AG71: =SUBTOTAL(9,#REF!) -> #REF! | AJ71: =SUBTOTAL(9,#REF!) -> #REF! | AM71: =SUBTOTAL(9,#REF!) -> #REF! | AP71: =SUBTOTAL(9,#REF!) -> #REF!
A72: 9.1 | B72: CDHU | C72: 01.23.056 | D72: =IF($B72="","",VLOOKUP($C72,B193DESO!$A$3:$G$16595,2,0))&"" -> Tratamento de armadura com produto anticorrosivo a base de zinco | E72: =IF($B72="","",VLOOKUP($C72,B193DESO!$A$3:$G$16595,3,0)) -> M2 | F72: =F73 -> 0.9 | G72: =IF($B72="","",ROUND(VLOOKUP($C72,B193DESO!$A$3:$G$16595,6,0),2)) -> 62.63 | H72: =G72*(1+$H$9) -> 83.16 | J72: =H72*F72 -> 74.84 | L72: =F72*K72*(1+$L$9) -> 0 | O72: =($L72/$F72)*N72 -> 0 | R72: =($L72/$F72)*Q72 -> 0 | U72: =($L72/$F72)*T72 -> 0 | X72: =($L72/$F72)*W72 -> 0 | AA72: =($L72/$F72)*Z72 -> 0 | AC72: =N72+Q72+T72+W72+Z72 -> 0 | AD72: =O72+R72+U72+X72+AA72 -> 0 | AF72: =F72-AC72 -> 0.9 | AG72: =L72-AD72 -> 0 | AJ72: =($L72/$F72)*AI72 -> 0 | AM72: =($L72/$F72)*AL72 -> 0 | AO72: =F72+AI72-AL72 -> 0.9 | AP72: =L72+AJ72-AM72 -> 0
A73: 9.2 | B73: CDHU | C73: 01.23.030 | D73: =IF($B73="","",VLOOKUP($C73,B193DESO!$A$3:$G$16595,2,0))&"" -> Preparo de ponte de aderência com adesivo a base de epóxi | E73: =IF($B73="","",VLOOKUP($C73,B193DESO!$A$3:$G$16595,3,0)) -> M2 | F73: =(0.1*3)*3 -> 0.9 | G73: =IF($B73="","",ROUND(VLOOKUP($C73,B193DESO!$A$3:$G$16595,6,0),2)) -> 143.73 | H73: =G73*(1+$H$9) -> 190.84 | J73: =H73*F73 -> 171.76 | L73: =F73*K73*(1+$L$9) -> 0 | O73: =($L73/$F73)*N73 -> 0 | R73: =($L73/$F73)*Q73 -> 0 | U73: =($L73/$F73)*T73 -> 0 | X73: =($L73/$F73)*W73 -> 0 | AA73: =($L73/$F73)*Z73 -> 0 | AC73: =N73+Q73+T73+W73+Z73 -> 0 | AD73: =O73+R73+U73+X73+AA73 -> 0 | AF73: =F73-AC73 -> 0.9 | AG73: =L73-AD73 -> 0 | AJ73: =($L73/$F73)*AI73 -> 0 | AM73: =($L73/$F73)*AL73 -> 0 | AO73: =F73+AI73-AL73 -> 0.9 | AP73: =L73+AJ73-AM73 -> 0
A74: 9.3 | B74: CDHU | C74: 32.17.010 | D74: =IF($B74="","",VLOOKUP($C74,B193DESO!$A$3:$G$16595,2,0))&" - REPAROS MARQUISE" -> Impermeabilização em argamassa impermeável com aditivo hidrófugo - REPAROS MARQUISE | E74: =IF($B74="","",VLOOKUP($C74,B193DESO!$A$3:$G$16595,3,0)) -> M3 | F74: =(0.9*0.03)+(4.64*0.03) -> 0.17 | G74: =IF($B74="","",ROUND(VLOOKUP($C74,B193DESO!$A$3:$G$16595,6,0),2)) -> 766.61 | H74: =G74*(1+$H$9) -> 1017.9 | J74: =H74*F74 -> 173.04 | L74: =F74*K74*(1+$L$9) -> 0 | O74: =($L74/$F74)*N74 -> 0 | R74: =($L74/$F74)*Q74 -> 0 | U74: =($L74/$F74)*T74 -> 0 | X74: =($L74/$F74)*W74 -> 0 | AA74: =($L74/$F74)*Z74 -> 0 | AC74: =N74+Q74+T74+W74+Z74 -> 0 | AD74: =O74+R74+U74+X74+AA74 -> 0 | AF74: =F74-AC74 -> 0.17 | AG74: =L74-AD74 -> 0 | AJ74: =($L74/$F74)*AI74 -> 0 | AM74: =($L74/$F74)*AL74 -> 0 | AO74: =F74+AI74-AL74 -> 0.17 | AP74: =L74+AJ74-AM74 -> 0
A75: 9.4 | B75: CDHU | C75: 01.23.060 | D75: =IF($B75="","",VLOOKUP($C75,B193DESO!$A$3:$G$16595,2,0))&" - REPAROS MARQUISE " -> Corte de concreto deteriorado inclusive remoção dos detritos - REPAROS MARQUISE | E75: =IF($B75="","",VLOOKUP($C75,B193DESO!$A$3:$G$16595,3,0)) -> M2 | F75: 4.64 | G75: =IF($B75="","",ROUND(VLOOKUP($C75,B193DESO!$A$3:$G$16595,6,0),2)) -> 26.46 | H75: =G75*(1+$H$9) -> 35.13 | J75: =H75*F75 -> 163 | L75: =F75*K75*(1+$L$9) -> 0 | O75: =($L75/$F75)*N75 -> 0 | R75: =($L75/$F75)*Q75 -> 0 | U75: =($L75/$F75)*T75 -> 0 | X75: =($L75/$F75)*W75 -> 0 | AA75: =($L75/$F75)*Z75 -> 0 | AC75: =N75+Q75+T75+W75+Z75 -> 0 | AD75: =O75+R75+U75+X75+AA75 -> 0 | AF75: =F75-AC75 -> 4.64 | AG75: =L75-AD75 -> 0 | AJ75: =($L75/$F75)*AI75 -> 0 | AM75: =($L75/$F75)*AL75 -> 0 | AO75: =F75+AI75-AL75 -> 4.64 | AP75: =L75+AJ75-AM75 -> 0
A76: 9.5 | B76: CDHU | C76: 17.02.040 | D76: =IF($B76="","",VLOOKUP($C76,B193DESO!$A$3:$G$16595,2,0))&" - MARQUISE " -> Chapisco com adesivo de alto desempenho - MARQUISE | E76: =IF($B76="","",VLOOKUP($C76,B193DESO!$A$3:$G$16595,3,0)) -> M2 | F76: 4.64 | G76: =IF($B76="","",ROUND(VLOOKUP($C76,B193DESO!$A$3:$G$16595,6,0),2)) -> 11.19 | H76: =G76*(1+$H$9) -> 14.86 | J76: =H76*F76 -> 68.95 | L76: =F76*K76*(1+$L$9) -> 0 | O76: =($L76/$F76)*N76 -> 0 | R76: =($L76/$F76)*Q76 -> 0 | U76: =($L76/$F76)*T76 -> 0 | X76: =($L76/$F76)*W76 -> 0 | AA76: =($L76/$F76)*Z76 -> 0 | AC76: =N76+Q76+T76+W76+Z76 -> 0 | AD76: =O76+R76+U76+X76+AA76 -> 0 | AF76: =F76-AC76 -> 4.64 | AG76: =L76-AD76 -> 0 | AJ76: =($L76/$F76)*AI76 -> 0 | AM76: =($L76/$F76)*AL76 -> 0 | AO76: =F76+AI76-AL76 -> 4.64 | AP76: =L76+AJ76-AM76 -> 0
A78: 10 | D78: TROCA DE PORTAS | G78: =IF($B78="","",VLOOKUP($C78,#REF!,6,0)) | J78: =SUM(J79:J85) -> 12932.83 | L78: =SUBTOTAL(9,#REF!) -> #REF! | O78: =SUBTOTAL(9,#REF!) -> #REF! | R78: =SUBTOTAL(9,#REF!) -> #REF! | U78: =SUBTOTAL(9,#REF!) -> #REF! | X78: =SUBTOTAL(9,#REF!) -> #REF! | AA78: =SUBTOTAL(9,#REF!) -> #REF! | AD78: =SUBTOTAL(9,#REF!) -> #REF! | AG78: =SUBTOTAL(9,#REF!) -> #REF! | AJ78: =SUBTOTAL(9,#REF!) -> #REF! | AM78: =SUBTOTAL(9,#REF!) -> #REF! | AP78: =SUBTOTAL(9,#REF!) -> #REF!
A79: 10.1 | B79: CDHU | C79: 04.08.020 | D79: =IF($B79="","",VLOOKUP($C79,B193DESO!$A$3:$G$16595,2,0))&" - PORTAS PARA TROCAR NA ESCOLA " -> Retirada de folha de esquadria em madeira - PORTAS PARA TROCAR NA ESCOLA | E79: =IF($B79="","",VLOOKUP($C79,B193DESO!$A$3:$G$16595,3,0)) -> UN | F79: 9 | G79: =IF($B79="","",ROUND(VLOOKUP($C79,B193DESO!$A$3:$G$16595,6,0),2)) -> 19.56 | H79: =G79*(1+$H$9) -> 25.97 | J79: =H79*F79 -> 233.73 | L79: =F79*K79*(1+$L$9) -> 0 | O79: =($L79/$F79)*N79 -> 0 | R79: =($L79/$F79)*Q79 -> 0 | U79: =($L79/$F79)*T79 -> 0 | X79: =($L79/$F79)*W79 -> 0 | AA79: =($L79/$F79)*Z79 -> 0 | AC79: =N79+Q79+T79+W79+Z79 -> 0 | AD79: =O79+R79+U79+X79+AA79 -> 0 | AF79: =F79-AC79 -> 9 | AG79: =L79-AD79 -> 0 | AJ79: =($L79/$F79)*AI79 -> 0 | AM79: =($L79/$F79)*AL79 -> 0 | AO79: =F79+AI79-AL79 -> 9 | AP79: =L79+AJ79-AM79 -> 0
A80: 10.2 | B80: CDHU | C80: 04.08.040 | D80: =IF($B80="","",VLOOKUP($C80,B193DESO!$A$3:$G$16595,2,0))&" - PORTAS PARA TROCAR NA ESCOLA " -> Retirada de guarnição, moldura e peças lineares em madeira, fixadas - PORTAS PARA TROCAR NA ESCOLA | E80: =IF($B80="","",VLOOKUP($C80,B193DESO!$A$3:$G$16595,3,0)) -> M | F80: =(10.8/2)*9 -> 48.6 | G80: =IF($B80="","",ROUND(VLOOKUP($C80,B193DESO!$A$3:$G$16595,6,0),2)) -> 1.5 | H80: =G80*(1+$H$9) -> 1.99 | J80: =H80*F80 -> 96.71 | L80: =F80*K80*(1+$L$9) -> 0 | O80: =($L80/$F80)*N80 -> 0 | R80: =($L80/$F80)*Q80 -> 0 | U80: =($L80/$F80)*T80 -> 0 | X80: =($L80/$F80)*W80 -> 0 | AA80: =($L80/$F80)*Z80 -> 0 | AC80: =N80+Q80+T80+W80+Z80 -> 0 | AD80: =O80+R80+U80+X80+AA80 -> 0 | AF80: =F80-AC80 -> 48.6 | AG80: =L80-AD80 -> 0 | AJ80: =($L80/$F80)*AI80 -> 0 | AM80: =($L80/$F80)*AL80 -> 0 | AO80: =F80+AI80-AL80 -> 48.6 | AP80: =L80+AJ80-AM80 -> 0
A81: 10.3 | B81: CDHU | C81: 04.08.060 | D81: =IF($B81="","",VLOOKUP($C81,B193DESO!$A$3:$G$16595,2,0))&" - PORTAS PARA TROCAR NA ESCOLA " -> Retirada de batente com guarnição e peças lineares em madeira, chumbados - PORTAS PARA TROCAR NA ESCOLA | E81: =IF($B81="","",VLOOKUP($C81,B193DESO!$A$3:$G$16595,3,0)) -> M | F81: =(10.8/2)*9 -> 48.6 | G81: =IF($B81="","",ROUND(VLOOKUP($C81,B193DESO!$A$3:$G$16595,6,0),2)) -> 11.73 | H81: =G81*(1+$H$9) -> 15.58 | J81: =H81*F81 -> 757.19 | L81: =F81*K81*(1+$L$9) -> 0 | O81: =($L81/$F81)*N81 -> 0 | R81: =($L81/$F81)*Q81 -> 0 | U81: =($L81/$F81)*T81 -> 0 | X81: =($L81/$F81)*W81 -> 0 | AA81: =($L81/$F81)*Z81 -> 0 | AC81: =N81+Q81+T81+W81+Z81 -> 0 | AD81: =O81+R81+U81+X81+AA81 -> 0 | AF81: =F81-AC81 -> 48.6 | AG81: =L81-AD81 -> 0 | AJ81: =($L81/$F81)*AI81 -> 0 | AM81: =($L81/$F81)*AL81 -> 0 | AO81: =F81+AI81-AL81 -> 48.6 | AP81: =L81+AJ81-AM81 -> 0
A82: 10.4 | B82: CDHU | C82: 23.20.330 | D82: =IF($B82="","",VLOOKUP($C82,B193DESO!$A$3:$G$16595,2,0))&" - PORTAS PARA TROCAR NA ESCOLA " -> Folha de porta lisa comum - 80 x 210 cm - PORTAS PARA TROCAR NA ESCOLA | E82: =IF($B82="","",VLOOKUP($C82,B193DESO!$A$3:$G$16595,3,0)) -> UN | F82: 9 | G82: =IF($B82="","",ROUND(VLOOKUP($C82,B193DESO!$A$3:$G$16595,6,0),2)) -> 282.44 | H82: =G82*(1+$H$9) -> 375.02 | J82: =H82*F82 -> 3375.18 | L82: =F82*K82*(1+$L$9) -> 0 | O82: =($L82/$F82)*N82 -> 0 | R82: =($L82/$F82)*Q82 -> 0 | U82: =($L82/$F82)*T82 -> 0 | X82: =($L82/$F82)*W82 -> 0 | AA82: =($L82/$F82)*Z82 -> 0 | AC82: =N82+Q82+T82+W82+Z82 -> 0 | AD82: =O82+R82+U82+X82+AA82 -> 0 | AF82: =F82-AC82 -> 9 | AG82: =L82-AD82 -> 0 | AJ82: =($L82/$F82)*AI82 -> 0 | AM82: =($L82/$F82)*AL82 -> 0 | AO82: =F82+AI82-AL82 -> 9 | AP82: =L82+AJ82-AM82 -> 0
A83: 10.5 | B83: CDHU | C83: 23.20.120 | D83: =IF($B83="","",VLOOKUP($C83,B193DESO!$A$3:$G$16595,2,0))&" - PORTAS PARA TROCAR NA ESCOLA " -> Guarnição de madeira - PORTAS PARA TROCAR NA ESCOLA | E83: =IF($B83="","",VLOOKUP($C83,B193DESO!$A$3:$G$16595,3,0)) -> M | F83: =(10.8/2)*9 -> 48.6 | G83: =IF($B83="","",ROUND(VLOOKUP($C83,B193DESO!$A$3:$G$16595,6,0),2)) -> 8.64 | H83: =G83*(1+$H$9) -> 11.47 | J83: =H83*F83 -> 557.44 | L83: =F83*K83*(1+$L$9) -> 0 | O83: =($L83/$F83)*N83 -> 0 | R83: =($L83/$F83)*Q83 -> 0 | U83: =($L83/$F83)*T83 -> 0 | X83: =($L83/$F83)*W83 -> 0 | AA83: =($L83/$F83)*Z83 -> 0 | AC83: =N83+Q83+T83+W83+Z83 -> 0 | AD83: =O83+R83+U83+X83+AA83 -> 0 | AF83: =F83-AC83 -> 48.6 | AG83: =L83-AD83 -> 0 | AJ83: =($L83/$F83)*AI83 -> 0 | AM83: =($L83/$F83)*AL83 -> 0 | AO83: =F83+AI83-AL83 -> 48.6 | AP83: =L83+AJ83-AM83 -> 0
A84: 10.6 | B84: CDHU | C84: 23.20.100 | D84: =IF($B84="","",VLOOKUP($C84,B193DESO!$A$3:$G$16595,2,0))&" - PORTAS PARA TROCAR NA ESCOLA " -> Batente de madeira para porta - PORTAS PARA TROCAR NA ESCOLA | E84: =IF($B84="","",VLOOKUP($C84,B193DESO!$A$3:$G$16595,3,0)) -> M | F84: =(10.8/2)*9 -> 48.6 | G84: =IF($B84="","",ROUND(VLOOKUP($C84,B193DESO!$A$3:$G$16595,6,0),2)) -> 53.5 | H84: =G84*(1+$H$9) -> 71.04 | J84: =H84*F84 -> 3452.54 | L84: =F84*K84*(1+$L$9) -> 0 | O84: =($L84/$F84)*N84 -> 0 | R84: =($L84/$F84)*Q84 -> 0 | U84: =($L84/$F84)*T84 -> 0 | X84: =($L84/$F84)*W84 -> 0 | AA84: =($L84/$F84)*Z84 -> 0 | AC84: =N84+Q84+T84+W84+Z84 -> 0 | AD84: =O84+R84+U84+X84+AA84 -> 0 | AF84: =F84-AC84 -> 48.6 | AG84: =L84-AD84 -> 0 | AJ84: =($L84/$F84)*AI84 -> 0 | AM84: =($L84/$F84)*AL84 -> 0 | AO84: =F84+AI84-AL84 -> 48.6 | AP84: =L84+AJ84-AM84 -> 0
A85: 10.7 | B85: CDHU | C85: 28.01.040 | D85: =IF($B85="","",VLOOKUP($C85,B193DESO!$A$3:$G$16595,2,0))&" - PORTAS PARA TROCAR NA ESCOLA " -> Ferragem completa com maçaneta tipo alavanca, para porta interna com 1 folha - PORTAS PARA TROCAR NA ESCOLA | E85: =IF($B85="","",VLOOKUP($C85,B193DESO!$A$3:$G$16595,3,0)) -> CJ | F85: 9 | G85: =IF($B85="","",ROUND(VLOOKUP($C85,B193DESO!$A$3:$G$16595,6,0),2)) -> 373.22 | H85: =G85*(1+$H$9) -> 495.56 | J85: =H85*F85 -> 4460.04 | L85: =F85*K85*(1+$L$9) -> 0 | O85: =($L85/$F85)*N85 -> 0 | R85: =($L85/$F85)*Q85 -> 0 | U85: =($L85/$F85)*T85 -> 0 | X85: =($L85/$F85)*W85 -> 0 | AA85: =($L85/$F85)*Z85 -> 0 | AC85: =N85+Q85+T85+W85+Z85 -> 0 | AD85: =O85+R85+U85+X85+AA85 -> 0 | AF85: =F85-AC85 -> 9 | AG85: =L85-AD85 -> 0 | AJ85: =($L85/$F85)*AI85 -> 0 | AM85: =($L85/$F85)*AL85 -> 0 | AO85: =F85+AI85-AL85 -> 9 | AP85: =L85+AJ85-AM85 -> 0
A87: 11 | D87: PINTURA ESCOLA SUBSOLO | G87: =IF($B87="","",VLOOKUP($C87,#REF!,6,0)) | J87: =SUM(J88:J91) -> 41475.81 | L87: =SUBTOTAL(9,#REF!) -> #REF! | O87: =SUBTOTAL(9,#REF!) -> #REF! | R87: =SUBTOTAL(9,#REF!) -> #REF! | U87: =SUBTOTAL(9,#REF!) -> #REF! | X87: =SUBTOTAL(9,#REF!) -> #REF! | AA87: =SUBTOTAL(9,#REF!) -> #REF! | AD87: =SUBTOTAL(9,#REF!) -> #REF! | AG87: =SUBTOTAL(9,#REF!) -> #REF! | AJ87: =SUBTOTAL(9,#REF!) -> #REF! | AM87: =SUBTOTAL(9,#REF!) -> #REF! | AP87: =SUBTOTAL(9,#REF!) -> #REF!
A88: 11.1 | B88: CDHU | C88: 33.10.050 | D88: =IF($B88="","",VLOOKUP($C88,B193DESO!$A$3:$G$16595,2,0))&" - PAREDES EXTERNAS" -> Tinta acrílica em massa, inclusive preparo - PAREDES EXTERNAS | E88: =IF($B88="","",VLOOKUP($C88,B193DESO!$A$3:$G$16595,3,0)) -> M2 | F88: ='LEVANTAMENTO QTT.'!E74-'LEVANTAMENTO QTT.'!J74 -> 197.05 | G88: =IF($B88="","",ROUND(VLOOKUP($C88,B193DESO!$A$3:$G$16595,6,0),2)) -> 29.38 | H88: =G88*(1+$H$9) -> 39.01 | J88: =H88*F88 -> 7686.92 | L88: =F88*K88*(1+$L$9) -> 0 | O88: =($L88/$F88)*N88 -> 0 | R88: =($L88/$F88)*Q88 -> 0 | U88: =($L88/$F88)*T88 -> 0 | X88: =($L88/$F88)*W88 -> 0 | AA88: =($L88/$F88)*Z88 -> 0 | AC88: =N88+Q88+T88+W88+Z88 -> 0 | AD88: =O88+R88+U88+X88+AA88 -> 0 | AF88: =F88-AC88 -> 197.05 | AG88: =L88-AD88 -> 0 | AJ88: =($L88/$F88)*AI88 -> 0 | AM88: =($L88/$F88)*AL88 -> 0 | AO88: =F88+AI88-AL88 -> 197.05 | AP88: =L88+AJ88-AM88 -> 0
A89: 11.2 | B89: CDHU | C89: 33.10.050 | D89: =IF($B89="","",VLOOKUP($C89,B193DESO!$A$3:$G$16595,2,0))&" - PAREDES INTERNAS" -> Tinta acrílica em massa, inclusive preparo - PAREDES INTERNAS | E89: =IF($B89="","",VLOOKUP($C89,B193DESO!$A$3:$G$16595,3,0)) -> M2 | F89: ='LEVANTAMENTO QTT.'!F74-'LEVANTAMENTO QTT.'!K74 -> 406.33 | G89: =IF($B89="","",ROUND(VLOOKUP($C89,B193DESO!$A$3:$G$16595,6,0),2)) -> 29.38 | H89: =G89*(1+$H$9) -> 39.01 | J89: =H89*F89 -> 15850.93 | L89: =F89*K89*(1+$L$9) -> 0 | O89: =($L89/$F89)*N89 -> 0 | R89: =($L89/$F89)*Q89 -> 0 | U89: =($L89/$F89)*T89 -> 0 | X89: =($L89/$F89)*W89 -> 0 | AA89: =($L89/$F89)*Z89 -> 0 | AC89: =N89+Q89+T89+W89+Z89 -> 0 | AD89: =O89+R89+U89+X89+AA89 -> 0 | AF89: =F89-AC89 -> 406.33 | AG89: =L89-AD89 -> 0 | AJ89: =($L89/$F89)*AI89 -> 0 | AM89: =($L89/$F89)*AL89 -> 0 | AO89: =F89+AI89-AL89 -> 406.33 | AP89: =L89+AJ89-AM89 -> 0
A90: 11.3 | B90: CDHU | C90: 33.10.050 | D90: =IF($B90="","",VLOOKUP($C90,B193DESO!$A$3:$G$16595,2,0))&" - LAJE DE FORRO" -> Tinta acrílica em massa, inclusive preparo - LAJE DE FORRO | E90: =IF($B90="","",VLOOKUP($C90,B193DESO!$A$3:$G$16595,3,0)) -> M2 | F90: ='LEVANTAMENTO QTT.'!B75 -> 441.8 | G90: =IF($B90="","",ROUND(VLOOKUP($C90,B193DESO!$A$3:$G$16595,6,0),2)) -> 29.38 | H90: =G90*(1+$H$9) -> 39.01 | J90: =H90*F90 -> 17234.62 | L90: =F90*K90*(1+$L$9) -> 0 | O90: =($L90/$F90)*N90 -> 0 | R90: =($L90/$F90)*Q90 -> 0 | U90: =($L90/$F90)*T90 -> 0 | X90: =($L90/$F90)*W90 -> 0 | AA90: =($L90/$F90)*Z90 -> 0 | AC90: =N90+Q90+T90+W90+Z90 -> 0 | AD90: =O90+R90+U90+X90+AA90 -> 0 | AF90: =F90-AC90 -> 441.8 | AG90: =L90-AD90 -> 0 | AJ90: =($L90/$F90)*AI90 -> 0 | AM90: =($L90/$F90)*AL90 -> 0 | AO90: =F90+AI90-AL90 -> 441.8 | AP90: =L90+AJ90-AM90 -> 0
A91: 11.4 | B91: CDHU | C91: 33.06.020 | D91: =IF($B91="","",VLOOKUP($C91,B193DESO!$A$3:$G$16595,2,0))&" - PISO DE CONCRETO" -> Acrílico para quadras e pisos cimentados - PISO DE CONCRETO | E91: =IF($B91="","",VLOOKUP($C91,B193DESO!$A$3:$G$16595,3,0)) -> M2 | F91: 23.03 | G91: =IF($B91="","",ROUND(VLOOKUP($C91,B193DESO!$A$3:$G$16595,6,0),2)) -> 23 | H91: =G91*(1+$H$9) -> 30.54 | J91: =H91*F91 -> 703.34 | L91: =F91*K91*(1+$L$9) -> 0 | O91: =($L91/$F91)*N91 -> 0 | R91: =($L91/$F91)*Q91 -> 0 | U91: =($L91/$F91)*T91 -> 0 | X91: =($L91/$F91)*W91 -> 0 | AA91: =($L91/$F91)*Z91 -> 0 | AC91: =N91+Q91+T91+W91+Z91 -> 0 | AD91: =O91+R91+U91+X91+AA91 -> 0 | AF91: =F91-AC91 -> 23.03 | AG91: =L91-AD91 -> 0 | AJ91: =($L91/$F91)*AI91 -> 0 | AM91: =($L91/$F91)*AL91 -> 0 | AO91: =F91+AI91-AL91 -> 23.03 | AP91: =L91+AJ91-AM91 -> 0
A93: 12 | D93: PINTURA ESQUADRIAS SUBSOLO | G93: =IF($B93="","",VLOOKUP($C93,#REF!,6,0)) | J93: =SUM(J94:J95) -> 8977.61 | L93: =SUBTOTAL(9,L95:L95) -> 0 | O93: =SUBTOTAL(9,O95:O95) -> 0 | R93: =SUBTOTAL(9,R95:R95) -> 0 | U93: =SUBTOTAL(9,U95:U95) -> 0 | X93: =SUBTOTAL(9,X95:X95) -> 0 | AA93: =SUBTOTAL(9,AA95:AA95) -> 0 | AD93: =SUBTOTAL(9,AD95:AD95) -> 0 | AG93: =SUBTOTAL(9,AG95:AG95) -> 0 | AJ93: =SUBTOTAL(9,AJ95:AJ95) -> 0 | AM93: =SUBTOTAL(9,AM95:AM95) -> 0 | AP93: =SUBTOTAL(9,AP95:AP95) -> 0
A94: 12.1 | B94: CDHU | C94: 33.12.011 | D94: =IF($B94="","",VLOOKUP($C94,B193DESO!$A$3:$G$16595,2,0))&" - PORTAS INTERNAS DE MADEIRA" -> Esmalte à base de água em madeira, inclusive preparo - PORTAS INTERNAS DE MADEIRA | E94: =IF($B94="","",VLOOKUP($C94,B193DESO!$A$3:$G$16595,3,0)) -> M2 | F94: =(2.2*5)*3 -> 33 | G94: =IF($B94="","",ROUND(VLOOKUP($C94,B193DESO!$A$3:$G$16595,6,0),2)) -> 43.86 | H94: =G94*(1+$H$9) -> 58.24 | J94: =H94*F94 -> 1921.92 | L94: =F94*K94*(1+$L$9) -> 0 | O94: =($L94/$F94)*N94 -> 0 | R94: =($L94/$F94)*Q94 -> 0 | U94: =($L94/$F94)*T94 -> 0 | X94: =($L94/$F94)*W94 -> 0 | AA94: =($L94/$F94)*Z94 -> 0 | AC94: =N94+Q94+T94+W94+Z94 -> 0 | AD94: =O94+R94+U94+X94+AA94 -> 0 | AF94: =F94-AC94 -> 33 | AG94: =L94-AD94 -> 0 | AJ94: =($L94/$F94)*AI94 -> 0 | AM94: =($L94/$F94)*AL94 -> 0 | AO94: =F94+AI94-AL94 -> 33 | AP94: =L94+AJ94-AM94 -> 0
A95: 12.2 | B95: CDHU | C95: 33.11.050 | D95: =IF($B95="","",VLOOKUP($C95,B193DESO!$A$3:$G$16595,2,0))&" - ESQUADRIAS DE METAL" -> Esmalte à base água em superfície metálica, inclusive preparo - ESQUADRIAS DE METAL | E95: =IF($B95="","",VLOOKUP($C95,B193DESO!$A$3:$G$16595,3,0)) -> M2 | F95: =((6.3)+(1.89*3)+3.99+(1.05*2)+(3.96*2)+(1.6*2)+(3.2*6)+0.63+4.34++(1.6*2)+(3.52*2))+((3.99+(1.98*2)+(1.89*2))*5) -> 122.24 | G95: =IF($B95="","",ROUND(VLOOKUP($C95,B193DESO!$A$3:$G$16595,6,0),2)) -> 43.47 | H95: =G95*(1+$H$9) -> 57.72 | J95: =H95*F95 -> 7055.69 | L95: =F95*K95*(1+$L$9) -> 0 | O95: =($L95/$F95)*N95 -> 0 | R95: =($L95/$F95)*Q95 -> 0 | U95: =($L95/$F95)*T95 -> 0 | X95: =($L95/$F95)*W95 -> 0 | AA95: =($L95/$F95)*Z95 -> 0 | AC95: =N95+Q95+T95+W95+Z95 -> 0 | AD95: =O95+R95+U95+X95+AA95 -> 0 | AF95: =F95-AC95 -> 122.24 | AG95: =L95-AD95 -> 0 | AJ95: =($L95/$F95)*AI95 -> 0 | AM95: =($L95/$F95)*AL95 -> 0 | AO95: =F95+AI95-AL95 -> 122.24 | AP95: =L95+AJ95-AM95 -> 0
A97: 13 | D97: COBERTURA TRAJETO BIBLIOTECA - QUADRA - ESCOLA | G97: =IF($B97="","",VLOOKUP($C97,#REF!,6,0)) | J97: =SUM(J98:J102) -> 78126.95 | L97: =SUBTOTAL(9,#REF!) -> #REF! | O97: =SUBTOTAL(9,#REF!) -> #REF! | R97: =SUBTOTAL(9,#REF!) -> #REF! | U97: =SUBTOTAL(9,#REF!) -> #REF! | X97: =SUBTOTAL(9,#REF!) -> #REF! | AA97: =SUBTOTAL(9,#REF!) -> #REF! | AD97: =SUBTOTAL(9,#REF!) -> #REF! | AG97: =SUBTOTAL(9,#REF!) -> #REF! | AJ97: =SUBTOTAL(9,#REF!) -> #REF! | AM97: =SUBTOTAL(9,#REF!) -> #REF! | AP97: =SUBTOTAL(9,#REF!) -> #REF!
A98: 13.1 | B98: CDHU | C98: 16.32.130 | D98: =IF($B98="","",VLOOKUP($C98,B193DESO!$A$3:$G$16595,2,0))&" " -> Cobertura curva em chapa de policarbonato alveolar bronze de 10 mm | E98: =IF($B98="","",VLOOKUP($C98,B193DESO!$A$3:$G$16595,3,0)) -> M2 | F98: =97.36+52.97+(5.2*1.8) -> 159.69 | G98: =IF($B98="","",ROUND(VLOOKUP($C98,B193DESO!$A$3:$G$16595,6,0),2)) -> 313.96 | H98: =G98*(1+$H$9) -> 416.88 | J98: =H98*F98 -> 66571.57 | L98: =F98*K98*(1+$L$9) -> 0 | O98: =($L98/$F98)*N98 -> 0 | R98: =($L98/$F98)*Q98 -> 0 | U98: =($L98/$F98)*T98 -> 0 | X98: =($L98/$F98)*W98 -> 0 | AA98: =($L98/$F98)*Z98 -> 0 | AC98: =N98+Q98+T98+W98+Z98 -> 0 | AD98: =O98+R98+U98+X98+AA98 -> 0 | AF98: =F98-AC98 -> 159.69 | AG98: =L98-AD98 -> 0 | AJ98: =($L98/$F98)*AI98 -> 0 | AM98: =($L98/$F98)*AL98 -> 0 | AO98: =F98+AI98-AL98 -> 159.69 | AP98: =L98+AJ98-AM98 -> 0
A99: 13.2 | B99: CDHU | C99: 33.11.050 | D99: =IF($B99="","",VLOOKUP($C99,B193DESO!$A$3:$G$16595,2,0))&" - ESTRUTURA E CALHAS EM AÇO COBERTURA" -> Esmalte à base água em superfície metálica, inclusive preparo - ESTRUTURA E CALHAS EM AÇO COBERTURA | E99: =IF($B99="","",VLOOKUP($C99,B193DESO!$A$3:$G$16595,3,0)) -> M2 | F99: =((0.5*2.4)*24)+150.33 -> 179.13 | G99: =IF($B99="","",ROUND(VLOOKUP($C99,B193DESO!$A$3:$G$16595,6,0),2)) -> 43.47 | H99: =G99*(1+$H$9) -> 57.72 | J99: =H99*F99 -> 10339.38 | L99: =F99*K99*(1+$L$9) -> 0 | O99: =($L99/$F99)*N99 -> 0 | R99: =($L99/$F99)*Q99 -> 0 | U99: =($L99/$F99)*T99 -> 0 | X99: =($L99/$F99)*W99 -> 0 | AA99: =($L99/$F99)*Z99 -> 0 | AC99: =N99+Q99+T99+W99+Z99 -> 0 | AD99: =O99+R99+U99+X99+AA99 -> 0 | AF99: =F99-AC99 -> 179.13 | AG99: =L99-AD99 -> 0 | AJ99: =($L99/$F99)*AI99 -> 0 | AM99: =($L99/$F99)*AL99 -> 0 | AO99: =F99+AI99-AL99 -> 179.13 | AP99: =L99+AJ99-AM99 -> 0
A100: 13.3 | B100: CDHU | C100: B.01.000.010144 | D100: Serralheiro - AJUSTE DA POSIÇÃO DA COBERTURA À PORTA | E100: H | F100: =8*4 -> 32 | G100: 14.27 | H100: =G100*(1+$H$9) -> 18.95 | J100: =H100*F100 -> 606.4 | L100: =F100*K100*(1+$L$9) -> 0 | O100: =($L100/$F100)*N100 -> 0 | R100: =($L100/$F100)*Q100 -> 0 | U100: =($L100/$F100)*T100 -> 0 | X100: =($L100/$F100)*W100 -> 0 | AA100: =($L100/$F100)*Z100 -> 0 | AC100: =N100+Q100+T100+W100+Z100 -> 0 | AD100: =O100+R100+U100+X100+AA100 -> 0 | AF100: =F100-AC100 -> 32 | AG100: =L100-AD100 -> 0 | AJ100: =($L100/$F100)*AI100 -> 0 | AM100: =($L100/$F100)*AL100 -> 0 | AO100: =F100+AI100-AL100 -> 32 | AP100: =L100+AJ100-AM100 -> 0
A101: 13.4 | B101: CDHU | C101: B.01.000.010145 | D101: Ajudante de serralheiro - AJUSTE DA POSIÇÃO DA COBERTURA À PORTA | E101: H | F101: =8*4 -> 32 | G101: 8.92 | H101: =G101*(1+$H$9) -> 11.84 | J101: =H101*F101 -> 378.88 | L101: =F101*K101*(1+$L$9) -> 0 | O101: =($L101/$F101)*N101 -> 0 | R101: =($L101/$F101)*Q101 -> 0 | U101: =($L101/$F101)*T101 -> 0 | X101: =($L101/$F101)*W101 -> 0 | AA101: =($L101/$F101)*Z101 -> 0 | AC101: =N101+Q101+T101+W101+Z101 -> 0 | AD101: =O101+R101+U101+X101+AA101 -> 0 | AF101: =F101-AC101 -> 32 | AG101: =L101-AD101 -> 0 | AJ101: =($L101/$F101)*AI101 -> 0 | AM101: =($L101/$F101)*AL101 -> 0 | AO101: =F101+AI101-AL101 -> 32 | AP101: =L101+AJ101-AM101 -> 0
A102: 13.5 | B102: CDHU | C102: B.01.000.010139 | D102: Pedreiro - AJUSTE DA POSIÇÃO DA COBERTURA À PORTA | E102: H | F102: 16 | G102: 10.86 | H102: =G102*(1+$H$9) -> 14.42 | J102: =H102*F102 -> 230.72 | L102: =F102*K102*(1+$L$9) -> 0 | O102: =($L102/$F102)*N102 -> 0 | R102: =($L102/$F102)*Q102 -> 0 | U102: =($L102/$F102)*T102 -> 0 | X102: =($L102/$F102)*W102 -> 0 | AA102: =($L102/$F102)*Z102 -> 0 | AC102: =N102+Q102+T102+W102+Z102 -> 0 | AD102: =O102+R102+U102+X102+AA102 -> 0 | AF102: =F102-AC102 -> 16 | AG102: =L102-AD102 -> 0 | AJ102: =($L102/$F102)*AI102 -> 0 | AM102: =($L102/$F102)*AL102 -> 0 | AO102: =F102+AI102-AL102 -> 16 | AP102: =L102+AJ102-AM102 -> 0
A104: 14 | D104: SERVIÇOS PRELIMINARES QUADRA | G104: =IF($B104="","",VLOOKUP($C104,#REF!,6,0)) | J104: =SUM(J105:J115) -> 4765.2 | L104: =SUBTOTAL(9,#REF!) -> #REF! | O104: =SUBTOTAL(9,#REF!) -> #REF! | R104: =SUBTOTAL(9,#REF!) -> #REF! | U104: =SUBTOTAL(9,#REF!) -> #REF! | X104: =SUBTOTAL(9,#REF!) -> #REF! | AA104: =SUBTOTAL(9,#REF!) -> #REF! | AD104: =SUBTOTAL(9,#REF!) -> #REF! | AG104: =SUBTOTAL(9,#REF!) -> #REF! | AJ104: =SUBTOTAL(9,#REF!) -> #REF! | AM104: =SUBTOTAL(9,#REF!) -> #REF! | AP104: =SUBTOTAL(9,#REF!) -> #REF!
A105: 14.1 | B105: SINAPI | C105: 88323 | D105: =IF($B105="","",VLOOKUP($C105,B193DESO!$A$3:$G$16595,2,0))&" - TROCA DE PARAFUSOS E ARRUELAS DE VEDAÇÃO E RETIRADA DE GOTEIRAS" -> TELHADISTA COM ENCARGOS COMPLEMENTARES - TROCA DE PARAFUSOS E ARRUELAS DE VEDAÇÃO E RETIRADA DE GOTEIRAS | E105: =IF($B105="","",VLOOKUP($C105,B193DESO!$A$3:$G$16595,3,0)) -> H | F105: 40 | G105: =IF($B105="","",ROUND(VLOOKUP($C105,B193DESO!$A$3:$G$16595,6,0),2)) -> 28.87 | H105: =G105*(1+$H$9) -> 38.33 | J105: =H105*F105 -> 1533.2 | L105: =F105*K105*(1+$L$9) -> 0 | O105: =($L105/$F105)*N105 -> 0 | R105: =($L105/$F105)*Q105 -> 0 | U105: =($L105/$F105)*T105 -> 0 | X105: =($L105/$F105)*W105 -> 0 | AA105: =($L105/$F105)*Z105 -> 0 | AC105: =N105+Q105+T105+W105+Z105 -> 0 | AD105: =O105+R105+U105+X105+AA105 -> 0 | AF105: =F105-AC105 -> 40 | AG105: =L105-AD105 -> 0 | AJ105: =($L105/$F105)*AI105 -> 0 | AM105: =($L105/$F105)*AL105 -> 0 | AO105: =F105+AI105-AL105 -> 40 | AP105: =L105+AJ105-AM105 -> 0
A106: 14.2 | B106: CDHU | C106: E.03.000.026653 | D106: Parafuso auto‐atarraxante/auto‐brocante em aço médio carbono, com acabamento zincado brando, de 12 x 38 mm ‐ com arruela de vedação - TROCA DOS PARAFUSOS E ARRUELAS DE VEDAÇÃO | E106: UN | F106: 2180 | G106: 0.36 | H106: =G106*(1+$H$9) -> 0.48 | J106: =H106*F106 -> 1046.4 | L106: =F106*K106*(1+$L$9) -> 0 | O106: =($L106/$F106)*N106 -> 0 | R106: =($L106/$F106)*Q106 -> 0 | U106: =($L106/$F106)*T106 -> 0 | X106: =($L106/$F106)*W106 -> 0 | AA106: =($L106/$F106)*Z106 -> 0 | AC106: =N106+Q106+T106+W106+Z106 -> 0 | AD106: =O106+R106+U106+X106+AA106 -> 0 | AF106: =F106-AC106 -> 2180 | AG106: =L106-AD106 -> 0 | AJ106: =($L106/$F106)*AI106 -> 0 | AM106: =($L106/$F106)*AL106 -> 0 | AO106: =F106+AI106-AL106 -> 2180 | AP106: =L106+AJ106-AM106 -> 0
A107: 14.3 | B107: CDHU | C107: F.14.000.025580 | D107: Telha em chapa de aço zincado, pré‐pintada, perfil ondulado, espessura de 0,50mm; ref. LR‐17 da Pefilor, L17,5 da Eucatex, MBP 17,5 da MBP ou equivalente - TROCA DE TELHAS | E107: M² | F107: =1.1*1.5*6 -> 9.9 | G107: 86.29 | H107: =G107*(1+$H$9) -> 114.58 | J107: =H107*F107 -> 1134.34 | L107: =F107*K107*(1+$L$9) -> 0 | O107: =($L107/$F107)*N107 -> 0 | R107: =($L107/$F107)*Q107 -> 0 | U107: =($L107/$F107)*T107 -> 0 | X107: =($L107/$F107)*W107 -> 0 | AA107: =($L107/$F107)*Z107 -> 0 | AC107: =N107+Q107+T107+W107+Z107 -> 0 | AD107: =O107+R107+U107+X107+AA107 -> 0 | AF107: =F107-AC107 -> 9.9 | AG107: =L107-AD107 -> 0 | AJ107: =($L107/$F107)*AI107 -> 0 | AM107: =($L107/$F107)*AL107 -> 0 | AO107: =F107+AI107-AL107 -> 9.9 | AP107: =L107+AJ107-AM107 -> 0
A108: 14.4 | B108: SINAPI | C108: 97635 | D108: =IF($B108="","",VLOOKUP($C108,B193DESO!$A$3:$G$16595,2,0))&" " -> REMOÇÃO DE PISO DE BLOCO INTERTRAVADO OU DE PEDRA PORTUGUESA, DE FORMA MANUAL, COM REAPROVEITAMENTO. AF_09/2023 | E108: =IF($B108="","",VLOOKUP($C108,B193DESO!$A$3:$G$16595,3,0)) -> M2 | F108: 6 | G108: =IF($B108="","",ROUND(VLOOKUP($C108,B193DESO!$A$3:$G$16595,6,0),2)) -> 19.32 | H108: =G108*(1+$H$9) -> 25.65 | J108: =H108*F108 -> 153.9 | L108: =F108*K108*(1+$L$9) -> 0 | O108: =($L108/$F108)*N108 -> 0 | R108: =($L108/$F108)*Q108 -> 0 | U108: =($L108/$F108)*T108 -> 0 | X108: =($L108/$F108)*W108 -> 0 | AA108: =($L108/$F108)*Z108 -> 0 | AC108: =N108+Q108+T108+W108+Z108 -> 0 | AD108: =O108+R108+U108+X108+AA108 -> 0 | AF108: =F108-AC108 -> 6 | AG108: =L108-AD108 -> 0 | AJ108: =($L108/$F108)*AI108 -> 0 | AM108: =($L108/$F108)*AL108 -> 0 | AO108: =F108+AI108-AL108 -> 6 | AP108: =L108+AJ108-AM108 -> 0
A109: 14.5 | B109: COMPOSIÇÃO | D109: REASSENTAMENTO DE PISO EM PEDRA PORTUGUESA COM REJUNTAMENTO | L109: =F109*K109*(1+$L$9) -> 0 | O109: =($L109/$F109)*N109 -> #DIV/0! | R109: =($L109/$F109)*Q109 -> #DIV/0! | U109: =($L109/$F109)*T109 -> #DIV/0! | X109: =($L109/$F109)*W109 -> #DIV/0! | AA109: =($L109/$F109)*Z109 -> #DIV/0! | AC109: =N109+Q109+T109+W109+Z109 -> 0 | AD109: =O109+R109+U109+X109+AA109 -> #DIV/0! | AF109: =F109-AC109 -> 0 | AG109: =L109-AD109 -> #DIV/0! | AJ109: =($L109/$F109)*AI109 -> #DIV/0! | AM109: =($L109/$F109)*AL109 -> #DIV/0! | AO109: =F109+AI109-AL109 -> 0 | AP109: =L109+AJ109-AM109 -> #DIV/0!
A110: 14.5.1 | B110: SINAPI | C110: 366 | D110: =IF($B110="","",VLOOKUP($C110,B193DESO!$A$3:$G$16595,2,0))&" " -> AREIA FINA - POSTO JAZIDA/FORNECEDOR (RETIRADO NA JAZIDA, SEM TRANSPORTE) | E110: =IF($B110="","",VLOOKUP($C110,B193DESO!$A$3:$G$16595,3,0)) -> M3 | F110: =0.004*F108 -> 0.02 | G110: =IF($B110="","",ROUND(VLOOKUP($C110,B193DESO!$A$3:$G$16595,6,0),2)) -> 75 | H110: =G110*(1+$H$9) -> 99.59 | J110: =H110*F110 -> 1.99 | L110: =F110*K110*(1+$L$9) -> 0 | O110: =($L110/$F110)*N110 -> 0 | R110: =($L110/$F110)*Q110 -> 0 | U110: =($L110/$F110)*T110 -> 0 | X110: =($L110/$F110)*W110 -> 0 | AA110: =($L110/$F110)*Z110 -> 0 | AC110: =N110+Q110+T110+W110+Z110 -> 0 | AD110: =O110+R110+U110+X110+AA110 -> 0 | AF110: =F110-AC110 -> 0.02 | AG110: =L110-AD110 -> 0 | AJ110: =($L110/$F110)*AI110 -> 0 | AM110: =($L110/$F110)*AL110 -> 0 | AO110: =F110+AI110-AL110 -> 0.02 | AP110: =L110+AJ110-AM110 -> 0
A111: 14.5.2 | B111: SINAPI | C111: 367 | D111: =IF($B111="","",VLOOKUP($C111,B193DESO!$A$3:$G$16595,2,0))&" " -> AREIA GROSSA - POSTO JAZIDA/FORNECEDOR (RETIRADO NA JAZIDA, SEM TRANSPORTE) | E111: =IF($B111="","",VLOOKUP($C111,B193DESO!$A$3:$G$16595,3,0)) -> M3 | F111: =0.086*$F$108 -> 0.52 | G111: =IF($B111="","",ROUND(VLOOKUP($C111,B193DESO!$A$3:$G$16595,6,0),2)) -> 75.98 | H111: =G111*(1+$H$9) -> 100.89 | J111: =H111*F111 -> 52.46 | L111: =F111*K111*(1+$L$9) -> 0 | O111: =($L111/$F111)*N111 -> 0 | R111: =($L111/$F111)*Q111 -> 0 | U111: =($L111/$F111)*T111 -> 0 | X111: =($L111/$F111)*W111 -> 0 | AA111: =($L111/$F111)*Z111 -> 0 | AC111: =N111+Q111+T111+W111+Z111 -> 0 | AD111: =O111+R111+U111+X111+AA111 -> 0 | AF111: =F111-AC111 -> 0.52 | AG111: =L111-AD111 -> 0 | AJ111: =($L111/$F111)*AI111 -> 0 | AM111: =($L111/$F111)*AL111 -> 0 | AO111: =F111+AI111-AL111 -> 0.52 | AP111: =L111+AJ111-AM111 -> 0
A112: 14.5.3 | B112: SINAPI | C112: 1379 | D112: =IF($B112="","",VLOOKUP($C112,B193DESO!$A$3:$G$16595,2,0))&" " -> CIMENTO PORTLAND COMPOSTO CP II-32 | E112: =IF($B112="","",VLOOKUP($C112,B193DESO!$A$3:$G$16595,3,0)) -> KG | F112: =37.07*$F$108 -> 222.42 | G112: =IF($B112="","",ROUND(VLOOKUP($C112,B193DESO!$A$3:$G$16595,6,0),2)) -> 0.6 | H112: =G112*(1+$H$9) -> 0.8 | J112: =H112*F112 -> 177.94 | L112: =F112*K112*(1+$L$9) -> 0 | O112: =($L112/$F112)*N112 -> 0 | R112: =($L112/$F112)*Q112 -> 0 | U112: =($L112/$F112)*T112 -> 0 | X112: =($L112/$F112)*W112 -> 0 | AA112: =($L112/$F112)*Z112 -> 0 | AC112: =N112+Q112+T112+W112+Z112 -> 0 | AD112: =O112+R112+U112+X112+AA112 -> 0 | AF112: =F112-AC112 -> 222.42 | AG112: =L112-AD112 -> 0 | AJ112: =($L112/$F112)*AI112 -> 0 | AM112: =($L112/$F112)*AL112 -> 0 | AO112: =F112+AI112-AL112 -> 222.42 | AP112: =L112+AJ112-AM112 -> 0
A113: 14.5.4 | B113: SINAPI | C113: 88260 | D113: =IF($B113="","",VLOOKUP($C113,B193DESO!$A$3:$G$16595,2,0))&" " -> CALCETEIRO COM ENCARGOS COMPLEMENTARES | E113: =IF($B113="","",VLOOKUP($C113,B193DESO!$A$3:$G$16595,3,0)) -> H | F113: =0.842*F108 -> 5.05 | G113: =IF($B113="","",ROUND(VLOOKUP($C113,B193DESO!$A$3:$G$16595,6,0),2)) -> 28.99 | H113: =G113*(1+$H$9) -> 38.49 | J113: =H113*F113 -> 194.37 | L113: =F113*K113*(1+$L$9) -> 0 | O113: =($L113/$F113)*N113 -> 0 | R113: =($L113/$F113)*Q113 -> 0 | U113: =($L113/$F113)*T113 -> 0 | X113: =($L113/$F113)*W113 -> 0 | AA113: =($L113/$F113)*Z113 -> 0 | AC113: =N113+Q113+T113+W113+Z113 -> 0 | AD113: =O113+R113+U113+X113+AA113 -> 0 | AF113: =F113-AC113 -> 5.05 | AG113: =L113-AD113 -> 0 | AJ113: =($L113/$F113)*AI113 -> 0 | AM113: =($L113/$F113)*AL113 -> 0 | AO113: =F113+AI113-AL113 -> 5.05 | AP113: =L113+AJ113-AM113 -> 0
A114: 14.5.5 | B114: SINAPI | C114: 88316 | D114: =IF($B114="","",VLOOKUP($C114,B193DESO!$A$3:$G$16595,2,0))&" " -> SERVENTE COM ENCARGOS COMPLEMENTARES | E114: =IF($B114="","",VLOOKUP($C114,B193DESO!$A$3:$G$16595,3,0)) -> H | F114: =0.421*$F$108 -> 2.53 | G114: =IF($B114="","",ROUND(VLOOKUP($C114,B193DESO!$A$3:$G$16595,6,0),2)) -> 25.43 | H114: =G114*(1+$H$9) -> 33.77 | J114: =H114*F114 -> 85.44 | L114: =F114*K114*(1+$L$9) -> 0 | O114: =($L114/$F114)*N114 -> 0 | R114: =($L114/$F114)*Q114 -> 0 | U114: =($L114/$F114)*T114 -> 0 | X114: =($L114/$F114)*W114 -> 0 | AA114: =($L114/$F114)*Z114 -> 0 | AC114: =N114+Q114+T114+W114+Z114 -> 0 | AD114: =O114+R114+U114+X114+AA114 -> 0 | AF114: =F114-AC114 -> 2.53 | AG114: =L114-AD114 -> 0 | AJ114: =($L114/$F114)*AI114 -> 0 | AM114: =($L114/$F114)*AL114 -> 0 | AO114: =F114+AI114-AL114 -> 2.53 | AP114: =L114+AJ114-AM114 -> 0
A115: 14.5.6 | B115: SINAPI | C115: 4708 | D115: =IF($B115="","",VLOOKUP($C115,B193DESO!$A$3:$G$16595,2,0))&" - REPOSIÇÃO PEDRAS PERDIDAS" -> PEDRA PORTUGUESA OU PETIT PAVE, BRANCA OU PRETA - REPOSIÇÃO PEDRAS PERDIDAS | E115: =IF($B115="","",VLOOKUP($C115,B193DESO!$A$3:$G$16595,3,0)) -> M2 | F115: 2 | G115: =IF($B115="","",ROUND(VLOOKUP($C115,B193DESO!$A$3:$G$16595,6,0),2)) -> 145.04 | H115: =G115*(1+$H$9) -> 192.58 | J115: =H115*F115 -> 385.16 | L115: =F115*K115*(1+$L$9) -> 0 | O115: =($L115/$F115)*N115 -> 0 | R115: =($L115/$F115)*Q115 -> 0 | U115: =($L115/$F115)*T115 -> 0 | X115: =($L115/$F115)*W115 -> 0 | AA115: =($L115/$F115)*Z115 -> 0 | AC115: =N115+Q115+T115+W115+Z115 -> 0 | AD115: =O115+R115+U115+X115+AA115 -> 0 | AF115: =F115-AC115 -> 2 | AG115: =L115-AD115 -> 0 | AJ115: =($L115/$F115)*AI115 -> 0 | AM115: =($L115/$F115)*AL115 -> 0 | AO115: =F115+AI115-AL115 -> 2 | AP115: =L115+AJ115-AM115 -> 0
A117: 15 | D117: PINTURA ENTORNO DA QUADRA | G117: =IF($B117="","",VLOOKUP($C117,#REF!,6,0)) | J117: =SUM(J118:J121) -> 41985.45 | L117: =SUBTOTAL(9,#REF!) -> #REF! | O117: =SUBTOTAL(9,#REF!) -> #REF! | R117: =SUBTOTAL(9,#REF!) -> #REF! | U117: =SUBTOTAL(9,#REF!) -> #REF! | X117: =SUBTOTAL(9,#REF!) -> #REF! | AA117: =SUBTOTAL(9,#REF!) -> #REF! | AD117: =SUBTOTAL(9,#REF!) -> #REF! | AG117: =SUBTOTAL(9,#REF!) -> #REF! | AJ117: =SUBTOTAL(9,#REF!) -> #REF! | AM117: =SUBTOTAL(9,#REF!) -> #REF! | AP117: =SUBTOTAL(9,#REF!) -> #REF!
...

Sheet LEVANTAMENTO QTT.
B5: BIBLIOTECA
B7: LAJE DE TETO | C7: PILARES PARA BANCO | D7: MADEIRA PARA BANCO | F7: PAREDES EXTERNAS | G7: PAREDES INTERNAS | H7: PAREDES EXTERNAS DEPÓSITO | I7: PAREDES INTERNAS DEPÓSITO | J7: ESQUADRIA A DESCONTAR EXT. | K7: ESQUADRIA A DESCONTAR INT. | L7: ESQUADRIA NÃO DESCONTAR EXT. | M7: ESQUADRIA NÃO DESCONTAR INT. | N7: PISOS EXTERNOS | O7: PLATIBANDA EXTERNA LAJE INF + PAREDE
E8: ÁREA DE PINTURA (M²) | F8: =(F9*2) -> 124.8 | G8: =(G9*2) -> 280 | H8: =H9*3 -> 54.3 | I8: =I9*3 -> 63 | J8: =J9 -> 39.52 | K8: =K9 -> 39.52
B9: =SUM(B10:B19) -> 222 | C9: =SUM(C10:C19) -> 209.3 | D9: =SUM(D10:D19) -> 209.3 | E9: METRO LINEAR DE PAREDE | F9: =SUM(F10:F19) -> 62.4 | G9: =SUM(G10:G37) -> 140 | H9: =SUM(H10:H37) -> 18.1 | I9: =SUM(I10:I37) -> 21 | J9: =SUM(J10:J21) -> 39.52 | K9: =SUM(K10:K21) -> 39.52 | L9: =SUM(L10:L35) -> 3.96 | M9: =SUM(M10:M50) -> 3.96 | N9: =SUM(N10:N31) -> 0 | O9: =SUM(O10:O31) -> 0
B10: 210 | C10: =8.05*26 -> 209.3 | D10: =8.05*26 -> 209.3 | F10: 18.1 | G10: 8 | H10: 6.75 | I10: 2 | J10: 3.84 | K10: 3.84 | L10: 1.98 | M10: 1.98
B11: =12 -> 12 | F11: 12.45 | G11: 8 | H11: 6.75 | I11: 2 | J11: 3.84 | K11: 3.84 | L11: 1.98 | M11: 1.98
F12: 8.3 | G12: 6 | H12: 2.3 | I12: 1.5 | J12: 3.84 | K12: 3.84
F13: 1 | G13: 6 | H13: 2.3 | I13: 1.5 | J13: 3.84 | K13: 3.84
F14: 0.4 | G14: 8 | I14: 2 | J14: 3.84 | K14: 3.84
F15: 0.4 | G15: 8 | I15: 2 | J15: 3.84 | K15: 3.84
F16: 1 | G16: 6 | I16: 1.5 | J16: 3.84 | K16: 3.84
F17: 8.3 | G17: 6 | I17: 1.5 | J17: 3.84 | K17: 3.84
F18: 12.45 | G18: 8 | I18: 2 | J18: 2.2 | K18: 2.2
G19: 8 | I19: 2 | J19: 2.2 | K19: 2.2
G20: 6 | I20: 1.5 | J20: 2.2 | K20: 2.2
G21: 6 | I21: 1.5 | J21: 2.2 | K21: 2.2
G22: 8
G23: 8
G24: 6
G25: 6
G26: 1.5
G27: 1.5
G28: 5
G29: 5
G30: 1.5
G31: 1.5
G32: 6
G33: 6
A36: TÉRREO
B38: LAJE DE TETO TERREO | C38: ÁREA AZULEJO | E38: PAREDES EXTERNAS TERREO | F38: PAREDES INTERNAS TERREO | G38: PAREDES INTERNAS TERREO | H38: PAREDES INTERNAS TERREO | I38: PAREDES INTERNAS TERREO | J38: ESQUADRIA A DESCONTAR TERREO EXT. | K38: ESQUADRIA A DESCONTAR TERREO INT. | L38: PISOS EXTERNOS | M38: PLATIBANDA EXTERNA LAJE INF + PAREDE
D39: ÁREA DE PINTURA (M²) | E39: =E40*3 -> 687.84 | F39: =F40*2 -> 173.4 | G39: =G40*2 -> 119.8 | H39: =H40*2 -> 180.5 | I39: =I40*2 -> 100.4 | J39: =J40 -> 189.596 | K39: =K40+J39 -> 257.016
B40: =SUM(B41:B50) -> 504.35 | C40: =SUM(C41:C50) -> 0 | D40: METRO LINEAR DE PAREDE | E40: =SUM(E41:E68) -> 229.28 | F40: =SUM(F41:F68) -> 86.7 | G40: =SUM(G41:G68) -> 59.9 | H40: =SUM(H41:H65) -> 90.25 | I40: =SUM(I41:I67) -> 50.2 | J40: =((2.2*(J41+J42+J43+J44+J45+J46+J47))) -> 189.596 | K40: =SUM(K41:K69) -> 67.42 | L40: =SUM(L41:L62) -> 0 | M40: =SUM(M41:M62) -> 0
B41: 504.35 | E41: 6.3 | F41: 4.4 | G41: 9.05 | H41: 9.15 | I41: 6.38 | J41: =2.1 -> 2.1 | K41: =3.6*11 -> 39.6
E42: 6.3 | F42: 4.4 | G42: 9.05 | H42: 6.15 | I42: 3.15 | J42: =3.6*12 -> 43.2 | K42: =3.5*3 -> 10.5
E43: 12.75 | F43: 3.05 | G43: 6 | H43: 6.15 | I43: 4.23 | J43: =3.5*6 -> 21 | K43: =3.41*2 -> 6.82
E44: 12.75 | F44: 3.05 | G44: 6 | H44: 0.75 | I44: 3.12 | J44: =2.56 -> 2.56 | K44: =3.5*3 -> 10.5
E45: 6.3 | F45: 4.4 | G45: 8.9 | H45: 0.75 | I45: 2.97 | J45: =3.41*2 -> 6.82
E46: 6.3 | F46: 4.4 | G46: 8.9 | H46: 2.1 | I46: 1.5 | J46: =3.5*3 -> 10.5
E47: 22.25 | F47: 3.4 | G47: 6 | H47: 0.6 | I47: 3.3
E48: 22.25 | F48: 3.4 | G48: 6 | H48: 0.6 | I48: 4.2
E49: 6.3 | F49: 3.05 | H49: 0.53 | I49: 4.2
E50: 12.6 | F50: 3.05 | H50: 0.38 | I50: 2.5
E51: 2.85 | F51: 2.65 | H51: 0.45 | I51: 1.85
E52: 3.3 | F52: 2.65 | H52: 0.85 | I52: 1.85
E53: 6.68 | F53: 4.4 | H53: 0.85 | I53: 2.6
E54: 8.12 | F54: 4.4 | H54: 0.15 | I54: 2.6
E55: 6.68 | F55: 2.9 | H55: 0.15 | I55: 2
E56: 2 | F56: 2.9 | H56: 0.37 | I56: 1.75
E57: 2.85 | F57: 1.2 | H57: 0.37 | I57: 2
E58: 22.1 | F58: 1.2 | H58: 9.05
E59: 6.3 | F59: 2.6 | H59: 9.05
E60: 22.43 | F60: 2.6 | H60: 6
E61: 0.15 | F61: 8.65 | H61: 6
E62: 0.18 | F62: 8.65 | H62: 8.9
E63: 9.15 | F63: 1.45 | H63: 8.9
E64: 9.15 | F64: 1.45 | H64: 6
E65: 0.17 | F65: 0.6 | H65: 6
E66: 0.15 | F66: 0.6
E67: 0.32 | F67: 0.6
E68: 12.6 | F68: 0.6
A71: SUBSSOLO
B73: LAJE DE TETO SUBSSOLO | C73: ÁREA AZULEJO | E73: PAREDES EXTERNAS SUBSSOLO | F73: PAREDES INTERNAS SUBSSOLO | G73: PAREDES INTERNAS SUBSSOLO | H73: PAREDES INTERNAS SUBSSOLO | I73: PAREDES INTERNAS SUBSSOLO | J73: ESQUADRIA A DESCONTAR SUBSSOLO EXT. | K73: ESQUADRIA A DESCONTAR SUBSSOLO INT. | L73: PISOS EXTERNOS | M73: PLATIBANDA EXTERNA LAJE INF + PAREDE
D74: ÁREA DE PINTURA (M²) | E74: =E75*3 -> 309.93 | F74: =F75*2 -> 535.46 | G74: =G75*2 -> 0 | H74: =H75*2 -> 0 | I74: =I75*2 -> 0 | J74: =J75 -> 112.882 | K74: =K75 -> 129.132
B75: =SUM(B76:B85) -> 441.8 | C75: =SUM(C76:C85) -> 0 | D75: METRO LINEAR DE PAREDE | E75: =SUM(E76:E87) -> 103.31 | F75: =SUM(F76:F133) -> 267.73 | G75: =SUM(G76:G103) -> 0 | H75: =SUM(H76:H109) -> 0 | I75: =SUM(I76:I102) -> 0 | J75: =((2.2*(J76+J77+J78+J79+J80+J81+J82))) -> 112.882 | K75: =(SUM(K76:K116)+J75) -> 129.132 | L75: =SUM(L76:L97) -> 0 | M75: =SUM(M76:M97) -> 0
B76: =440.09+1.71 -> 441.8 | E76: 2.99 | F76: 3.1 | J76: =6.3 -> 6.3 | K76: 5.25
E77: 4.74 | F77: 9.62 | J77: =3.99 -> 3.99 | K77: =2.2*5 -> 11
E78: 6.78 | F78: 2.97 | J78: 2.52
E79: 8.12 | F79: 2.97 | J79: =3.96*2 -> 7.92
E80: 9.77 | F80: 1.78 | J80: =3.2*6 -> 19.2
E81: 9.26 | F81: 4.3 | J81: 4.34
E82: 8.95 | F82: 4.73 | J82: =3.52*2 -> 7.04
E83: 9.2 | F83: 2
E84: 9.75 | F84: 1.74
E85: 9.9 | F85: 4.74
E86: 23.85 | F86: 1.29
F87: 9.39
F88: 8.35
F89: 9.7
F90: 1.5
F91: 5.45
F92: 1.5
F93: 11.45
F94: 0.45
F95: 3.8
F96: 0.45
F97: 3.25
F98: 3.6
... F127: 1.1

Sheet Memória de Cálculo
A1: PREFEITURA MUNICIPAL DE ITIRAPINA
A2: Avenida Um, 106 - Centro - CEP 13530-000
A4: MEMÓRIA DE CÁLCULO
A6: OBRA: | C6: =PLANILHA_ORÇAMENTÁRIA!$C$6 -> Reforma e pintura "EMEF Profª Marilei Schimidt de Oliveira"
A7: ENDEREÇO: | C7: =PLANILHA_ORÇAMENTÁRIA!$C$7 -> RUA CATAGUASES, n° 57, JD. NOVA ITIRAPINA, ITIRAPINA - SP.
A8: CONVÊNIO: | C8: Nº X
A10: ITEM | B10: FONTE | C10: CÓDIGO | D10: DESCRIÇÃO DO SERVIÇO | E10: CRITÉRIO
A11: 1 | B11: =VLOOKUP(A11,PLANILHA_ORÇAMENTÁRIA!$A$17:$J$988,4,FALSE) -> #N/A
A12: =PLANILHA_ORÇAMENTÁRIA!A18 -> 2.1 | B12: =VLOOKUP(A12,PLANILHA_ORÇAMENTÁRIA!$A$17:$J988,2,FALSE) -> CDHU | C12: =VLOOKUP(A12,PLANILHA_ORÇAMENTÁRIA!$A$17:$J$988,3,FALSE) -> 04.02.020 | D12: =VLOOKUP(A12,PLANILHA_ORÇAMENTÁRIA!$A$17:$J$988,4,FALSE) -> Retirada de peças lineares em madeira com seção até 60 cm² - BANCOS DE MADEIRA | E12: =VLOOKUP(A12,PLANILHA_ORÇAMENTÁRIA!$A$17:$J$988,9,FALSE) -> 0
A13: =PLANILHA_ORÇAMENTÁRIA!A19 -> 2.2 | B13: =VLOOKUP(A13,PLANILHA_ORÇAMENTÁRIA!$A$17:$J989,2,FALSE) -> CDHU | C13: =VLOOKUP(A13,PLANILHA_ORÇAMENTÁRIA!$A$17:$J$988,3,FALSE) -> 55.01.140 | D13: =VLOOKUP(A13,PLANILHA_ORÇAMENTÁRIA!$A$17:$J$988,4,FALSE) -> Limpeza de superfície com hidrojateamento - TELHADO + LAJE DE COBERTURA | E13: =VLOOKUP(A13,PLANILHA_ORÇAMENTÁRIA!$A$17:$J$988,9,FALSE) -> 0
A14: =PLANILHA_ORÇAMENTÁRIA!A29 -> 3.7 | B14: =VLOOKUP(A14,PLANILHA_ORÇAMENTÁRIA!$A$17:$J990,2,FALSE) -> SINAPI | C14: =VLOOKUP(A14,PLANILHA_ORÇAMENTÁRIA!$A$17:$J$988,3,FALSE) -> 98556 | D14: =VLOOKUP(A14,PLANILHA_ORÇAMENTÁRIA!$A$17:$J$988,4,FALSE) -> IMPERMEABILIZIMPERMEABILIZAÇÃO DE SUPERFÍCIE COM ARGAMASSA POLIMÉRICA / MEMBRANA ACRÍLICA, 4 DEMÃOS, REFORÇADA COM VÉU DE POLIÉSTER (MAV). AF_09/2023 - LAJE DE COBERTURA | E14: =VLOOKUP(A14,PLANILHA_ORÇAMENTÁRIA!$A$17:$J$988,9,FALSE) -> 0
A15: =PLANILHA_ORÇAMENTÁRIA!#REF! -> #REF! | B15: =VLOOKUP(A15,PLANILHA_ORÇAMENTÁRIA!$A$17:$J991,2,FALSE) -> #REF! | C15: =VLOOKUP(A15,PLANILHA_ORÇAMENTÁRIA!$A$17:$J$988,3,FALSE) -> #REF! | D15: =VLOOKUP(A15,PLANILHA_ORÇAMENTÁRIA!$A$17:$J$988,4,FALSE) -> #REF! | E15: =VLOOKUP(A15,PLANILHA_ORÇAMENTÁRIA!$A$17:$J$988,9,FALSE) -> #REF!
A16: =PLANILHA_ORÇAMENTÁRIA!#REF! -> #REF! | B16: =VLOOKUP(A16,PLANILHA_ORÇAMENTÁRIA!$A$17:$J992,2,FALSE) -> #REF! | C16: =VLOOKUP(A16,PLANILHA_ORÇAMENTÁRIA!$A$17:$J$988,3,FALSE) -> #REF! | D16: =VLOOKUP(A16,PLANILHA_ORÇAMENTÁRIA!$A$17:$J$988,4,FALSE) -> #REF! | E16: =VLOOKUP(A16,PLANILHA_ORÇAMENTÁRIA!$A$17:$J$988,9,FALSE) -> #REF!
A17: =PLANILHA_ORÇAMENTÁRIA!#REF! -> #REF! | B17: =VLOOKUP(A17,PLANILHA_ORÇAMENTÁRIA!$A$17:$J993,2,FALSE) -> #REF! | C17: =VLOOKUP(A17,PLANILHA_ORÇAMENTÁRIA!$A$17:$J$988,3,FALSE) -> #REF! | D17: =VLOOKUP(A17,PLANILHA_ORÇAMENTÁRIA!$A$17:$J$988,4,FALSE) -> #REF! | E17: =VLOOKUP(A17,PLANILHA_ORÇAMENTÁRIA!$A$17:$J$988,9,FALSE) -> #REF!
A18: =PLANILHA_ORÇAMENTÁRIA!#REF! -> #REF! | B18: =VLOOKUP(A18,PLANILHA_ORÇAMENTÁRIA!$A$17:$J994,2,FALSE) -> #REF! | C18: =VLOOKUP(A18,PLANILHA_ORÇAMENTÁRIA!$A$17:$J$988,3,FALSE) -> #REF! | D18: =VLOOKUP(A18,PLANILHA_ORÇAMENTÁRIA!$A$17:$J$988,4,FALSE) -> #REF! | E18: =VLOOKUP(A18,PLANILHA_ORÇAMENTÁRIA!$A$17:$J$988,9,FALSE) -> #REF!
A19: =PLANILHA_ORÇAMENTÁRIA!A21 -> 0 | B19: =VLOOKUP(A19,PLANILHA_ORÇAMENTÁRIA!$A$17:$J995,2,FALSE) -> #N/A | C19: =VLOOKUP(A19,PLANILHA_ORÇAMENTÁRIA!$A$17:$J$988,3,FALSE) -> #N/A | D19: =VLOOKUP(A19,PLANILHA_ORÇAMENTÁRIA!$A$17:$J$988,4,FALSE) -> #N/A | E19: =VLOOKUP(A19,PLANILHA_ORÇAMENTÁRIA!$A$17:$J$988,9,FALSE) -> #N/A
A20: =PLANILHA_ORÇAMENTÁRIA!A22 -> 3 | B20: =VLOOKUP(A20,PLANILHA_ORÇAMENTÁRIA!$A$17:$J996,2,FALSE) -> 0 | C20: =VLOOKUP(A20,PLANILHA_ORÇAMENTÁRIA!$A$17:$J$988,3,FALSE) -> 0 | D20: =VLOOKUP(A20,PLANILHA_ORÇAMENTÁRIA!$A$17:$J$988,4,FALSE) -> PINTURA BIBLIOTECA | E20: =VLOOKUP(A20,PLANILHA_ORÇAMENTÁRIA!$A$17:$J$988,9,FALSE) -> 0
A21: =PLANILHA_ORÇAMENTÁRIA!A23 -> 3.1 | B21: =VLOOKUP(A21,PLANILHA_ORÇAMENTÁRIA!$A$17:$J997,2,FALSE) -> CDHU | C21: =VLOOKUP(A21,PLANILHA_ORÇAMENTÁRIA!$A$17:$J$988,3,FALSE) -> 33.10.050 | D21: =VLOOKUP(A21,PLANILHA_ORÇAMENTÁRIA!$A$17:$J$988,4,FALSE) -> Tinta acrílica em massa, inclusive preparo - ESTRUTURA BANCOS | E21: =VLOOKUP(A21,PLANILHA_ORÇAMENTÁRIA!$A$17:$J$988,9,FALSE) -> 0
A22: =PLANILHA_ORÇAMENTÁRIA!#REF! -> #REF! | B22: =VLOOKUP(A22,PLANILHA_ORÇAMENTÁRIA!$A$17:$J998,2,FALSE) -> #REF! | C22: =VLOOKUP(A22,PLANILHA_ORÇAMENTÁRIA!$A$17:$J$988,3,FALSE) -> #REF! | D22: =VLOOKUP(A22,PLANILHA_ORÇAMENTÁRIA!$A$17:$J$988,4,FALSE) -> #REF! | E22: =VLOOKUP(A22,PLANILHA_ORÇAMENTÁRIA!$A$17:$J$988,9,FALSE) -> #REF!
A23: =PLANILHA_ORÇAMENTÁRIA!#REF! -> #REF! | B23: =VLOOKUP(A23,PLANILHA_ORÇAMENTÁRIA!$A$17:$J999,2,FALSE) -> #REF! | C23: =VLOOKUP(A23,PLANILHA_ORÇAMENTÁRIA!$A$17:$J$988,3,FALSE) -> #REF! | D23: =VLOOKUP(A23,PLANILHA_ORÇAMENTÁRIA!$A$17:$J$988,4,FALSE) -> #REF! | E23: =VLOOKUP(A23,PLANILHA_ORÇAMENTÁRIA!$A$17:$J$988,9,FALSE) -> #REF!
A24: =PLANILHA_ORÇAMENTÁRIA!#REF! -> #REF! | B24: =VLOOKUP(A24,PLANILHA_ORÇAMENTÁRIA!$A$17:$J1000,2,FALSE) -> #REF! | C24: =VLOOKUP(A24,PLANILHA_ORÇAMENTÁRIA!$A$17:$J$988,3,FALSE) -> #REF! | D24: =VLOOKUP(A24,PLANILHA_ORÇAMENTÁRIA!$A$17:$J$988,4,FALSE) -> #REF! | E24: =VLOOKUP(A24,PLANILHA_ORÇAMENTÁRIA!$A$17:$J$988,9,FALSE) -> #REF!
A25: =PLANILHA_ORÇAMENTÁRIA!#REF! -> #REF! | B25: =VLOOKUP(A25,PLANILHA_ORÇAMENTÁRIA!$A$17:$J1001,2,FALSE) -> #REF! | C25: =VLOOKUP(A25,PLANILHA_ORÇAMENTÁRIA!$A$17:$J$988,3,FALSE) -> #REF! | D25: =VLOOKUP(A25,PLANILHA_ORÇAMENTÁRIA!$A$17:$J$988,4,FALSE) -> #REF! | E25: =VLOOKUP(A25,PLANILHA_ORÇAMENTÁRIA!$A$17:$J$988,9,FALSE) -> #REF!
A26: =PLANILHA_ORÇAMENTÁRIA!#REF! -> #REF! | B26: =VLOOKUP(A26,PLANILHA_ORÇAMENTÁRIA!$A$17:$J1002,2,FALSE) -> #REF! | C26: =VLOOKUP(A26,PLANILHA_ORÇAMENTÁRIA!$A$17:$J$988,3,FALSE) -> #REF! | D26: =VLOOKUP(A26,PLANILHA_ORÇAMENTÁRIA!$A$17:$J$988,4,FALSE) -> #REF! | E26: =VLOOKUP(A26,PLANILHA_ORÇAMENTÁRIA!$A$17:$J$988,9,FALSE) -> #REF!
A27: =PLANILHA_ORÇAMENTÁRIA!#REF! -> #REF! | B27: =VLOOKUP(A27,PLANILHA_ORÇAMENTÁRIA!$A$17:$J1003,2,FALSE) -> #REF! | C27: =VLOOKUP(A27,PLANILHA_ORÇAMENTÁRIA!$A$17:$J$988,3,FALSE) -> #REF! | D27: =VLOOKUP(A27,PLANILHA_ORÇAMENTÁRIA!$A$17:$J$988,4,FALSE) -> #REF! | E27: =VLOOKUP(A27,PLANILHA_ORÇAMENTÁRIA!$A$17:$J$988,9,FALSE) -> #REF!
A28: =PLANILHA_ORÇAMENTÁRIA!#REF! -> #REF! | B28: =VLOOKUP(A28,PLANILHA_ORÇAMENTÁRIA!$A$17:$J1004,2,FALSE) -> #REF! | C28: =VLOOKUP(A28,PLANILHA_ORÇAMENTÁRIA!$A$17:$J$988,3,FALSE) -> #REF! | D28: =VLOOKUP(A28,PLANILHA_ORÇAMENTÁRIA!$A$17:$J$988,4,FALSE) -> #REF! | E28: =VLOOKUP(A28,PLANILHA_ORÇAMENTÁRIA!$A$17:$J$988,9,FALSE) -> #REF!
A29: =PLANILHA_ORÇAMENTÁRIA!#REF! -> #REF! | B29: =VLOOKUP(A29,PLANILHA_ORÇAMENTÁRIA!$A$17:$J1005,2,FALSE) -> #REF! | C29: =VLOOKUP(A29,PLANILHA_ORÇAMENTÁRIA!$A$17:$J$988,3,FALSE) -> #REF! | D29: =VLOOKUP(A29,PLANILHA_ORÇAMENTÁRIA!$A$17:$J$988,4,FALSE) -> #REF! | E29: =VLOOKUP(A29,PLANILHA_ORÇAMENTÁRIA!$A$17:$J$988,9,FALSE) -> #REF!
A30: =PLANILHA_ORÇAMENTÁRIA!A31 -> 0 | B30: =VLOOKUP(A30,PLANILHA_ORÇAMENTÁRIA!$A$17:$J1006,2,FALSE) -> #N/A | C30: =VLOOKUP(A30,PLANILHA_ORÇAMENTÁRIA!$A$17:$J$988,3,FALSE) -> #N/A | D30: =VLOOKUP(A30,PLANILHA_ORÇAMENTÁRIA!$A$17:$J$988,4,FALSE) -> #N/A | E30: =VLOOKUP(A30,PLANILHA_ORÇAMENTÁRIA!$A$17:$J$988,9,FALSE) -> #N/A
A31: =PLANILHA_ORÇAMENTÁRIA!A32 -> 4 | B31: =VLOOKUP(A31,PLANILHA_ORÇAMENTÁRIA!$A$17:$J1007,2,FALSE) -> 0 | C31: =VLOOKUP(A31,PLANILHA_ORÇAMENTÁRIA!$A$17:$J$988,3,FALSE) -> 0 | D31: =VLOOKUP(A31,PLANILHA_ORÇAMENTÁRIA!$A$17:$J$988,4,FALSE) -> PINTURA ESQUADRIAS BIBLIOTECA | E31: =VLOOKUP(A31,PLANILHA_ORÇAMENTÁRIA!$A$17:$J$988,9,FALSE) -> 0
A32: =PLANILHA_ORÇAMENTÁRIA!A33 -> 4.1 | B32: =VLOOKUP(A32,PLANILHA_ORÇAMENTÁRIA!$A$17:$J1008,2,FALSE) -> CDHU | C32: =VLOOKUP(A32,PLANILHA_ORÇAMENTÁRIA!$A$17:$J$988,3,FALSE) -> 33.11.050 | D32: =VLOOKUP(A32,PLANILHA_ORÇAMENTÁRIA!$A$17:$J$988,4,FALSE) -> Esmalte à base água em superfície metálica, inclusive preparo - ESQUADRIAS DE AÇO | E32: =VLOOKUP(A32,PLANILHA_ORÇAMENTÁRIA!$A$17:$J$988,9,FALSE) -> 0
A33: =PLANILHA_ORÇAMENTÁRIA!#REF! -> #REF! | B33: =VLOOKUP(A33,PLANILHA_ORÇAMENTÁRIA!$A$17:$J1009,2,FALSE) -> #REF! | C33: =VLOOKUP(A33,PLANILHA_ORÇAMENTÁRIA!$A$17:$J$988,3,FALSE) -> #REF! | D33: =VLOOKUP(A33,PLANILHA_ORÇAMENTÁRIA!$A$17:$J$988,4,FALSE) -> #REF! | E33: =VLOOKUP(A33,PLANILHA_ORÇAMENTÁRIA!$A$17:$J$988,9,FALSE) -> #REF!
A34: =PLANILHA_ORÇAMENTÁRIA!#REF! -> #REF! | B34: =VLOOKUP(A34,PLANILHA_ORÇAMENTÁRIA!$A$17:$J1010,2,FALSE) -> #REF! | C34: =VLOOKUP(A34,PLANILHA_ORÇAMENTÁRIA!$A$17:$J$988,3,FALSE) -> #REF! | D34: =VLOOKUP(A34,PLANILHA_ORÇAMENTÁRIA!$A$17:$J$988,4,FALSE) -> #REF! | E34: =VLOOKUP(A34,PLANILHA_ORÇAMENTÁRIA!$A$17:$J$988,9,FALSE) -> #REF!
A35: =PLANILHA_ORÇAMENTÁRIA!#REF! -> #REF! | B35: =VLOOKUP(A35,PLANILHA_ORÇAMENTÁRIA!$A$17:$J1011,2,FALSE) -> #REF! | C35: =VLOOKUP(A35,PLANILHA_ORÇAMENTÁRIA!$A$17:$J$988,3,FALSE) -> #REF! | D35: =VLOOKUP(A35,PLANILHA_ORÇAMENTÁRIA!$A$17:$J$988,4,FALSE) -> #REF! | E35: =VLOOKUP(A35,PLANILHA_ORÇAMENTÁRIA!$A$17:$J$988,9,FALSE) -> #REF!
A36: =PLANILHA_ORÇAMENTÁRIA!#REF! -> #REF! | B36: =VLOOKUP(A36,PLANILHA_ORÇAMENTÁRIA!$A$17:$J1012,2,FALSE) -> #REF! | C36: =VLOOKUP(A36,PLANILHA_ORÇAMENTÁRIA!$A$17:$J$988,3,FALSE) -> #REF! | D36: =VLOOKUP(A36,PLANILHA_ORÇAMENTÁRIA!$A$17:$J$988,4,FALSE) -> #REF! | E36: =VLOOKUP(A36,PLANILHA_ORÇAMENTÁRIA!$A$17:$J$988,9,FALSE) -> #REF!
A37: =PLANILHA_ORÇAMENTÁRIA!#REF! -> #REF! | B37: =VLOOKUP(A37,PLANILHA_ORÇAMENTÁRIA!$A$17:$J1013,2,FALSE) -> #REF! | C37: =VLOOKUP(A37,PLANILHA_ORÇAMENTÁRIA!$A$17:$J$988,3,FALSE) -> #REF! | D37: =VLOOKUP(A37,PLANILHA_ORÇAMENTÁRIA!$A$17:$J$988,4,FALSE) -> #REF! | E37: =VLOOKUP(A37,PLANILHA_ORÇAMENTÁRIA!$A$17:$J$988,9,FALSE) -> #REF!
A38: =PLANILHA_ORÇAMENTÁRIA!#REF! -> #REF! | B38: =VLOOKUP(A38,PLANILHA_ORÇAMENTÁRIA!$A$17:$J1014,2,FALSE) -> #REF! | C38: =VLOOKUP(A38,PLANILHA_ORÇAMENTÁRIA!$A$17:$J$988,3,FALSE) -> #REF! | D38: =VLOOKUP(A38,PLANILHA_ORÇAMENTÁRIA!$A$17:$J$988,4,FALSE) -> #REF! | E38: =VLOOKUP(A38,PLANILHA_ORÇAMENTÁRIA!$A$17:$J$988,9,FALSE) -> #REF!
A39: =PLANILHA_ORÇAMENTÁRIA!#REF! -> #REF! | B39: =VLOOKUP(A39,PLANILHA_ORÇAMENTÁRIA!$A$17:$J1015,2,FALSE) -> #REF! | C39: =VLOOKUP(A39,PLANILHA_ORÇAMENTÁRIA!$A$17:$J$988,3,FALSE) -> #REF! | D39: =VLOOKUP(A39,PLANILHA_ORÇAMENTÁRIA!$A$17:$J$988,4,FALSE) -> #REF! | E39: =VLOOKUP(A39,PLANILHA_ORÇAMENTÁRIA!$A$17:$J$988,9,FALSE) -> #REF!
A40: =PLANILHA_ORÇAMENTÁRIA!A35 -> 0 | B40: =VLOOKUP(A40,PLANILHA_ORÇAMENTÁRIA!$A$17:$J1016,2,FALSE) -> #N/A | C40: =VLOOKUP(A40,PLANILHA_ORÇAMENTÁRIA!$A$17:$J$988,3,FALSE) -> #N/A | D40: =VLOOKUP(A40,PLANILHA_ORÇAMENTÁRIA!$A$17:$J$988,4,FALSE) -> #N/A | E40: =VLOOKUP(A40,PLANILHA_ORÇAMENTÁRIA!$A$17:$J$988,9,FALSE) -> #N/A
A41: =PLANILHA_ORÇAMENTÁRIA!A36 -> 5 | B41: =VLOOKUP(A41,PLANILHA_ORÇAMENTÁRIA!$A$17:$J1017,2,FALSE) -> 0 | C41: =VLOOKUP(A41,PLANILHA_ORÇAMENTÁRIA!$A$17:$J$988,3,FALSE) -> 0 | D41: =VLOOKUP(A41,PLANILHA_ORÇAMENTÁRIA!$A$17:$J$988,4,FALSE) -> SERVIÇOS PRELIMINARES ESCOLA | E41: =VLOOKUP(A41,PLANILHA_ORÇAMENTÁRIA!$A$17:$J$988,9,FALSE) -> 0
A42: =PLANILHA_ORÇAMENTÁRIA!#REF! -> #REF! | B42: =VLOOKUP(A42,PLANILHA_ORÇAMENTÁRIA!$A$17:$J1018,2,FALSE) -> #REF! | C42: =VLOOKUP(A42,PLANILHA_ORÇAMENTÁRIA!$A$17:$J$988,3,FALSE) -> #REF! | D42: =VLOOKUP(A42,PLANILHA_ORÇAMENTÁRIA!$A$17:$J$988,4,FALSE) -> #REF! | E42: =VLOOKUP(A42,PLANILHA_ORÇAMENTÁRIA!$A$17:$J$988,9,FALSE) -> #REF!
A43: =PLANILHA_ORÇAMENTÁRIA!#REF! -> #REF! | B43: =VLOOKUP(A43,PLANILHA_ORÇAMENTÁRIA!$A$17:$J1019,2,FALSE) -> #REF! | C43: =VLOOKUP(A43,PLANILHA_ORÇAMENTÁRIA!$A$17:$J$988,3,FALSE) -> #REF! | D43: =VLOOKUP(A43,PLANILHA_ORÇAMENTÁRIA!$A$17:$J$988,4,FALSE) -> #REF! | E43: =VLOOKUP(A43,PLANILHA_ORÇAMENTÁRIA!$A$17:$J$988,9,FALSE) -> #REF!
A44: =PLANILHA_ORÇAMENTÁRIA!#REF! -> #REF! | B44: =VLOOKUP(A44,PLANILHA_ORÇAMENTÁRIA!$A$17:$J1020,2,FALSE) -> #REF! | C44: =VLOOKUP(A44,PLANILHA_ORÇAMENTÁRIA!$A$17:$J$988,3,FALSE) -> #REF! | D44: =VLOOKUP(A44,PLANILHA_ORÇAMENTÁRIA!$A$17:$J$988,4,FALSE) -> #REF! | E44: =VLOOKUP(A44,PLANILHA_ORÇAMENTÁRIA!$A$17:$J$988,9,FALSE) -> #REF!
A45: =PLANILHA_ORÇAMENTÁRIA!#REF! -> #REF! | B45: =VLOOKUP(A45,PLANILHA_ORÇAMENTÁRIA!$A$17:$J1021,2,FALSE) -> #REF! | C45: =VLOOKUP(A45,PLANILHA_ORÇAMENTÁRIA!$A$17:$J$988,3,FALSE) -> #REF! | D45: =VLOOKUP(A45,PLANILHA_ORÇAMENTÁRIA!$A$17:$J$988,4,FALSE) -> #REF! | E45: =VLOOKUP(A45,PLANILHA_ORÇAMENTÁRIA!$A$17:$J$988,9,FALSE) -> #REF!
A46: =PLANILHA_ORÇAMENTÁRIA!#REF! -> #REF! | B46: =VLOOKUP(A46,PLANILHA_ORÇAMENTÁRIA!$A$17:$J1022,2,FALSE) -> #REF! | C46: =VLOOKUP(A46,PLANILHA_ORÇAMENTÁRIA!$A$17:$J$988,3,FALSE) -> #REF! | D46: =VLOOKUP(A46,PLANILHA_ORÇAMENTÁRIA!$A$17:$J$988,4,FALSE) -> #REF! | E46: =VLOOKUP(A46,PLANILHA_ORÇAMENTÁRIA!$A$17:$J$988,9,FALSE) -> #REF!
A47: =PLANILHA_ORÇAMENTÁRIA!#REF! -> #REF! | B47: =VLOOKUP(A47,PLANILHA_ORÇAMENTÁRIA!$A$17:$J1023,2,FALSE) -> #REF! | C47: =VLOOKUP(A47,PLANILHA_ORÇAMENTÁRIA!$A$17:$J$988,3,FALSE) -> #REF! | D47: =VLOOKUP(A47,PLANILHA_ORÇAMENTÁRIA!$A$17:$J$988,4,FALSE) -> #REF! | E47: =VLOOKUP(A47,PLANILHA_ORÇAMENTÁRIA!$A$17:$J$988,9,FALSE) -> #REF!
A48: =PLANILHA_ORÇAMENTÁRIA!#REF! -> #REF! | B48: =VLOOKUP(A48,PLANILHA_ORÇAMENTÁRIA!$A$17:$J1024,2,FALSE) -> #REF! | C48: =VLOOKUP(A48,PLANILHA_ORÇAMENTÁRIA!$A$17:$J$988,3,FALSE) -> #REF! | D48: =VLOOKUP(A48,PLANILHA_ORÇAMENTÁRIA!$A$17:$J$988,4,FALSE) -> #REF! | E48: =VLOOKUP(A48,PLANILHA_ORÇAMENTÁRIA!$A$17:$J$988,9,FALSE) -> #REF!
A49: =PLANILHA_ORÇAMENTÁRIA!#REF! -> #REF! | B49: =VLOOKUP(A49,PLANILHA_ORÇAMENTÁRIA!$A$17:$J1025,2,FALSE) -> #REF! | C49: =VLOOKUP(A49,PLANILHA_ORÇAMENTÁRIA!$A$17:$J$988,3,FALSE) -> #REF! | D49: =VLOOKUP(A49,PLANILHA_ORÇAMENTÁRIA!$A$17:$J$988,4,FALSE) -> #REF! | E49: =VLOOKUP(A49,PLANILHA_ORÇAMENTÁRIA!$A$17:$J$988,9,FALSE) -> #REF!
A50: =PLANILHA_ORÇAMENTÁRIA!#REF! -> #REF! | B50: =VLOOKUP(A50,PLANILHA_ORÇAMENTÁRIA!$A$17:$J1026,2,FALSE) -> #REF! | C50: =VLOOKUP(A50,PLANILHA_ORÇAMENTÁRIA!$A$17:$J$988,3,FALSE) -> #REF! | D50: =VLOOKUP(A50,PLANILHA_ORÇAMENTÁRIA!$A$17:$J$988,4,FALSE) -> #REF! | E50: =VLOOKUP(A50,PLANILHA_ORÇAMENTÁRIA!$A$17:$J$988,9,FALSE) -> #REF!
A51: =PLANILHA_ORÇAMENTÁRIA!#REF! -> #REF! | B51: =VLOOKUP(A51,PLANILHA_ORÇAMENTÁRIA!$A$17:$J1027,2,FALSE) -> #REF! | C51: =VLOOKUP(A51,PLANILHA_ORÇAMENTÁRIA!$A$17:$J$988,3,FALSE) -> #REF! | D51: =VLOOKUP(A51,PLANILHA_ORÇAMENTÁRIA!$A$17:$J$988,4,FALSE) -> #REF! | E51: =VLOOKUP(A51,PLANILHA_ORÇAMENTÁRIA!$A$17:$J$988,9,FALSE) -> #REF!
A52: =PLANILHA_ORÇAMENTÁRIA!#REF! -> #REF! | B52: =VLOOKUP(A52,PLANILHA_ORÇAMENTÁRIA!$A$17:$J1028,2,FALSE) -> #REF! | C52: =VLOOKUP(A52,PLANILHA_ORÇAMENTÁRIA!$A$17:$J$988,3,FALSE) -> #REF! | D52: =VLOOKUP(A52,PLANILHA_ORÇAMENTÁRIA!$A$17:$J$988,4,FALSE) -> #REF! | E52: =VLOOKUP(A52,PLANILHA_ORÇAMENTÁRIA!$A$17:$J$988,9,FALSE) -> #REF!
A53: =PLANILHA_ORÇAMENTÁRIA!#REF! -> #REF! | B53: =VLOOKUP(A53,PLANILHA_ORÇAMENTÁRIA!$A$17:$J1029,2,FALSE) -> #REF! | C53: =VLOOKUP(A53,PLANILHA_ORÇAMENTÁRIA!$A$17:$J$988,3,FALSE) -> #REF! | D53: =VLOOKUP(A53,PLANILHA_ORÇAMENTÁRIA!$A$17:$J$988,4,FALSE) -> #REF! | E53: =VLOOKUP(A53,PLANILHA_ORÇAMENTÁRIA!$A$17:$J$988,9,FALSE) -> #REF!
... A58: =PLANILHA_ORÇAMENTÁRIA!#REF! -> #REF! | B58: =VLOOKUP(A58,PLANILHA_ORÇAMENTÁRIA!$A$17:$J1034,2,FALSE) -> #REF! | C58: =VLOOKUP(A58,PLANILHA_ORÇAMENTÁRIA!$A$17:$J$988,3,FALSE) -> #REF! | D58: =VLOOKUP(A58,PLANILHA_ORÇAMENTÁRIA!$A$17:$J$988,4,FALSE) -> #REF! | E58: =VLOOKUP(A58,PLANILHA_ORÇAMENTÁRIA!$A$17:$J$988,9,FALSE) -> #REF!
A59: =PLANILHA_ORÇAMENTÁRIA!A56 -> 7 | B59: =VLOOKUP(A59,PLANILHA_ORÇAMENTÁRIA!$A$17:$J1035,2,FALSE) -> 0 | C59: =VLOOKUP(A59,PLANILHA_ORÇAMENTÁRIA!$A$17:$J$988,3,FALSE) -> 0 | D59: =VLOOKUP(A59,PLANILHA_ORÇAMENTÁRIA!$A$17:$J$988,4,FALSE) -> PINTURA ESCOLA TERREO | E59: =VLOOKUP(A59,PLANILHA_ORÇAMENTÁRIA!$A$17:$J$988,9,FALSE) -> 0
A60: =PLANILHA_ORÇAMENTÁRIA!#REF! -> #REF! | B60: =VLOOKUP(A60,PLANILHA_ORÇAMENTÁRIA!$A$17:$J1036,2,FALSE) -> #REF! | C60: =VLOOKUP(A60,PLANILHA_ORÇAMENTÁRIA!$A$17:$J$988,3,FALSE) -> #REF! | D60: =VLOOKUP(A60,PLANILHA_ORÇAMENTÁRIA!$A$17:$J$988,4,FALSE) -> #REF! | E60: =VLOOKUP(A60,PLANILHA_ORÇAMENTÁRIA!$A$17:$J$988,9,FALSE) -> #REF!
A61: =PLANILHA_ORÇAMENTÁRIA!#REF! -> #REF! | B61: =VLOOKUP(A61,PLANILHA_ORÇAMENTÁRIA!$A$17:$J1037,2,FALSE) -> #REF! | C61: =VLOOKUP(A61,PLANILHA_ORÇAMENTÁRIA!$A$17:$J$988,3,FALSE) -> #REF! | D61: =VLOOKUP(A61,PLANILHA_ORÇAMENTÁRIA!$A$17:$J$988,4,FALSE) -> #REF! | E61: =VLOOKUP(A61,PLANILHA_ORÇAMENTÁRIA!$A$17:$J$988,9,FALSE) -> #REF!
A62: =PLANILHA_ORÇAMENTÁRIA!#REF! -> #REF! | B62: =VLOOKUP(A62,PLANILHA_ORÇAMENTÁRIA!$A$17:$J1038,2,FALSE) -> #REF! | C62: =VLOOKUP(A62,PLANILHA_ORÇAMENTÁRIA!$A$17:$J$988,3,FALSE) -> #REF! | D62: =VLOOKUP(A62,PLANILHA_ORÇAMENTÁRIA!$A$17:$J$988,4,FALSE) -> #REF! | E62: =VLOOKUP(A62,PLANILHA_ORÇAMENTÁRIA!$A$17:$J$988,9,FALSE) -> #REF!
A63: =PLANILHA_ORÇAMENTÁRIA!#REF! -> #REF! | B63: =VLOOKUP(A63,PLANILHA_ORÇAMENTÁRIA!$A$17:$J1039,2,FALSE) -> #REF! | C63: =VLOOKUP(A63,PLANILHA_ORÇAMENTÁRIA!$A$17:$J$988,3,FALSE) -> #REF! | D63: =VLOOKUP(A63,PLANILHA_ORÇAMENTÁRIA!$A$17:$J$988,4,FALSE) -> #REF! | E63: =VLOOKUP(A63,PLANILHA_ORÇAMENTÁRIA!$A$17:$J$988,9,FALSE) -> #REF!
A64: =PLANILHA_ORÇAMENTÁRIA!#REF! -> #REF! | B64: =VLOOKUP(A64,PLANILHA_ORÇAMENTÁRIA!$A$17:$J1040,2,FALSE) -> #REF! | C64: =VLOOKUP(A64,PLANILHA_ORÇAMENTÁRIA!$A$17:$J$988,3,FALSE) -> #REF! | D64: =VLOOKUP(A64,PLANILHA_ORÇAMENTÁRIA!$A$17:$J$988,4,FALSE) -> #REF! | E64: =VLOOKUP(A64,PLANILHA_ORÇAMENTÁRIA!$A$17:$J$988,9,FALSE) -> #REF!
A65: =PLANILHA_ORÇAMENTÁRIA!#REF! -> #REF! | B65: =VLOOKUP(A65,PLANILHA_ORÇAMENTÁRIA!$A$17:$J1041,2,FALSE) -> #REF! | C65: =VLOOKUP(A65,PLANILHA_ORÇAMENTÁRIA!$A$17:$J$988,3,FALSE) -> #REF! | D65: =VLOOKUP(A65,PLANILHA_ORÇAMENTÁRIA!$A$17:$J$988,4,FALSE) -> #REF! | E65: =VLOOKUP(A65,PLANILHA_ORÇAMENTÁRIA!$A$17:$J$988,9,FALSE) -> #REF!
A66: =PLANILHA_ORÇAMENTÁRIA!#REF! -> #REF! | B66: =VLOOKUP(A66,PLANILHA_ORÇAMENTÁRIA!$A$17:$J1042,2,FALSE) -> #REF! | C66: =VLOOKUP(A66,PLANILHA_ORÇAMENTÁRIA!$A$17:$J$988,3,FALSE) -> #REF! | D66: =VLOOKUP(A66,PLANILHA_ORÇAMENTÁRIA!$A$17:$J$988,4,FALSE) -> #REF! | E66: =VLOOKUP(A66,PLANILHA_ORÇAMENTÁRIA!$A$17:$J$988,9,FALSE) -> #REF!
A67: =PLANILHA_ORÇAMENTÁRIA!#REF! -> #REF! | B67: =VLOOKUP(A67,PLANILHA_ORÇAMENTÁRIA!$A$17:$J1043,2,FALSE) -> #REF! | C67: =VLOOKUP(A67,PLANILHA_ORÇAMENTÁRIA!$A$17:$J$988,3,FALSE) -> #REF! | D67: =VLOOKUP(A67,PLANILHA_ORÇAMENTÁRIA!$A$17:$J$988,4,FALSE) -> #REF! | E67: =VLOOKUP(A67,PLANILHA_ORÇAMENTÁRIA!$A$17:$J$988,9,FALSE) -> #REF!
A68: =PLANILHA_ORÇAMENTÁRIA!#REF! -> #REF! | B68: =VLOOKUP(A68,PLANILHA_ORÇAMENTÁRIA!$A$17:$J1044,2,FALSE) -> #REF! | C68: =VLOOKUP(A68,PLANILHA_ORÇAMENTÁRIA!$A$17:$J$988,3,FALSE) -> #REF! | D68: =VLOOKUP(A68,PLANILHA_ORÇAMENTÁRIA!$A$17:$J$988,4,FALSE) -> #REF! | E68: =VLOOKUP(A68,PLANILHA_ORÇAMENTÁRIA!$A$17:$J$988,9,FALSE) -> #REF!
A69: =PLANILHA_ORÇAMENTÁRIA!#REF! -> #REF! | B69: =VLOOKUP(A69,PLANILHA_ORÇAMENTÁRIA!$A$17:$J1045,2,FALSE) -> #REF! | C69: =VLOOKUP(A69,PLANILHA_ORÇAMENTÁRIA!$A$17:$J$988,3,FALSE) -> #REF! | D69: =VLOOKUP(A69,PLANILHA_ORÇAMENTÁRIA!$A$17:$J$988,4,FALSE) -> #REF! | E69: =VLOOKUP(A69,PLANILHA_ORÇAMENTÁRIA!$A$17:$J$988,9,FALSE) -> #REF!
A70: =PLANILHA_ORÇAMENTÁRIA!#REF! -> #REF! | B70: =VLOOKUP(A70,PLANILHA_ORÇAMENTÁRIA!$A$17:$J1046,2,FALSE) -> #REF! | C70: =VLOOKUP(A70,PLANILHA_ORÇAMENTÁRIA!$A$17:$J$988,3,FALSE) -> #REF! | D70: =VLOOKUP(A70,PLANILHA_ORÇAMENTÁRIA!$A$17:$J$988,4,FALSE) -> #REF! | E70: =VLOOKUP(A70,PLANILHA_ORÇAMENTÁRIA!$A$17:$J$988,9,FALSE) -> #REF!
A71: =PLANILHA_ORÇAMENTÁRIA!#REF! -> #REF! | B71: =VLOOKUP(A71,PLANILHA_ORÇAMENTÁRIA!$A$17:$J1047,2,FALSE) -> #REF! | C71: =VLOOKUP(A71,PLANILHA_ORÇAMENTÁRIA!$A$17:$J$988,3,FALSE) -> #REF! | D71: =VLOOKUP(A71,PLANILHA_ORÇAMENTÁRIA!$A$17:$J$988,4,FALSE) -> #REF! | E71: =VLOOKUP(A71,PLANILHA_ORÇAMENTÁRIA!$A$17:$J$988,9,FALSE) -> #REF!
... A74: =PLANILHA_ORÇAMENTÁRIA!#REF! -> #REF! | B74: =VLOOKUP(A74,PLANILHA_ORÇAMENTÁRIA!$A$17:$J1050,2,FALSE) -> #REF! | C74: =VLOOKUP(A74,PLANILHA_ORÇAMENTÁRIA!$A$17:$J$988,3,FALSE) -> #REF! | D74: =VLOOKUP(A74,PLANILHA_ORÇAMENTÁRIA!$A$17:$J$988,4,FALSE) -> #REF! | E74: =VLOOKUP(A74,PLANILHA_ORÇAMENTÁRIA!$A$17:$J$988,9,FALSE) -> #REF!
A75: =PLANILHA_ORÇAMENTÁRIA!A62 -> 7.6 | B75: =VLOOKUP(A75,PLANILHA_ORÇAMENTÁRIA!$A$17:$J1051,2,FALSE) -> CDHU | C75: =VLOOKUP(A75,PLANILHA_ORÇAMENTÁRIA!$A$17:$J$988,3,FALSE) -> 33.06.020 | D75: =VLOOKUP(A75,PLANILHA_ORÇAMENTÁRIA!$A$17:$J$988,4,FALSE) -> Acrílico para quadras e pisos cimentados - PISOS DE CONCRETO | E75: =VLOOKUP(A75,PLANILHA_ORÇAMENTÁRIA!$A$17:$J$988,9,FALSE) -> 0
A76: =PLANILHA_ORÇAMENTÁRIA!A67 -> 8 | B76: =VLOOKUP(A76,PLANILHA_ORÇAMENTÁRIA!$A$17:$J1052,2,FALSE) -> 0 | C76: =VLOOKUP(A76,PLANILHA_ORÇAMENTÁRIA!$A$17:$J$988,3,FALSE) -> 0 | D76: =VLOOKUP(A76,PLANILHA_ORÇAMENTÁRIA!$A$17:$J$988,4,FALSE) -> PINTURA ESQUADRIAS TERREO | E76: =VLOOKUP(A76,PLANILHA_ORÇAMENTÁRIA!$A$17:$J$988,9,FALSE) -> 0
A77: =PLANILHA_ORÇAMENTÁRIA!A69 -> 8.2 | B77: =VLOOKUP(A77,PLANILHA_ORÇAMENTÁRIA!$A$17:$J1053,2,FALSE) -> CDHU | C77: =VLOOKUP(A77,PLANILHA_ORÇAMENTÁRIA!$A$17:$J$988,3,FALSE) -> 33.11.050 | D77: =VLOOKUP(A77,PLANILHA_ORÇAMENTÁRIA!$A$17:$J$988,4,FALSE) -> Esmalte à base água em superfície metálica, inclusive preparo - ESQUADRIAS DE METAL + CORRIMÃOS + GRADES E GUARDA-CORPOS | E77: =VLOOKUP(A77,PLANILHA_ORÇAMENTÁRIA!$A$17:$J$988,9,FALSE) -> 0
A78: =PLANILHA_ORÇAMENTÁRIA!#REF! -> #REF! | B78: =VLOOKUP(A78,PLANILHA_ORÇAMENTÁRIA!$A$17:$J1054,2,FALSE) -> #REF! | C78: =VLOOKUP(A78,PLANILHA_ORÇAMENTÁRIA!$A$17:$J$988,3,FALSE) -> #REF! | D78: =VLOOKUP(A78,PLANILHA_ORÇAMENTÁRIA!$A$17:$J$988,4,FALSE) -> #REF! | E78: =VLOOKUP(A78,PLANILHA_ORÇAMENTÁRIA!$A$17:$J$988,9,FALSE) -> #REF!
A79: =PLANILHA_ORÇAMENTÁRIA!#REF! -> #REF! | B79: =VLOOKUP(A79,PLANILHA_ORÇAMENTÁRIA!$A$17:$J1055,2,FALSE) -> #REF! | C79: =VLOOKUP(A79,PLANILHA_ORÇAMENTÁRIA!$A$17:$J$988,3,FALSE) -> #REF! | D79: =VLOOKUP(A79,PLANILHA_ORÇAMENTÁRIA!$A$17:$J$988,4,FALSE) -> #REF! | E79: =VLOOKUP(A79,PLANILHA_ORÇAMENTÁRIA!$A$17:$J$988,9,FALSE) -> #REF!
A80: =PLANILHA_ORÇAMENTÁRIA!#REF! -> #REF! | B80: =VLOOKUP(A80,PLANILHA_ORÇAMENTÁRIA!$A$17:$J1056,2,FALSE) -> #REF! | C80: =VLOOKUP(A80,PLANILHA_ORÇAMENTÁRIA!$A$17:$J$988,3,FALSE) -> #REF! | D80: =VLOOKUP(A80,PLANILHA_ORÇAMENTÁRIA!$A$17:$J$988,4,FALSE) -> #REF! | E80: =VLOOKUP(A80,PLANILHA_ORÇAMENTÁRIA!$A$17:$J$988,9,FALSE) -> #REF!
A81: =PLANILHA_ORÇAMENTÁRIA!#REF! -> #REF! | B81: =VLOOKUP(A81,PLANILHA_ORÇAMENTÁRIA!$A$17:$J1057,2,FALSE) -> #REF! | C81: =VLOOKUP(A81,PLANILHA_ORÇAMENTÁRIA!$A$17:$J$988,3,FALSE) -> #REF! | D81: =VLOOKUP(A81,PLANILHA_ORÇAMENTÁRIA!$A$17:$J$988,4,FALSE) -> #REF! | E81: =VLOOKUP(A81,PLANILHA_ORÇAMENTÁRIA!$A$17:$J$988,9,FALSE) -> #REF!
A82: =PLANILHA_ORÇAMENTÁRIA!#REF! -> #REF! | B82: =VLOOKUP(A82,PLANILHA_ORÇAMENTÁRIA!$A$17:$J1058,2,FALSE) -> #REF! | C82: =VLOOKUP(A82,PLANILHA_ORÇAMENTÁRIA!$A$17:$J$988,3,FALSE) -> #REF! | D82: =VLOOKUP(A82,PLANILHA_ORÇAMENTÁRIA!$A$17:$J$988,4,FALSE) -> #REF! | E82: =VLOOKUP(A82,PLANILHA_ORÇAMENTÁRIA!$A$17:$J$988,9,FALSE) -> #REF!
A83: =PLANILHA_ORÇAMENTÁRIA!#REF! -> #REF! | B83: =VLOOKUP(A83,PLANILHA_ORÇAMENTÁRIA!$A$17:$J1059,2,FALSE) -> #REF! | C83: =VLOOKUP(A83,PLANILHA_ORÇAMENTÁRIA!$A$17:$J$988,3,FALSE) -> #REF! | D83: =VLOOKUP(A83,PLANILHA_ORÇAMENTÁRIA!$A$17:$J$988,4,FALSE) -> #REF! | E83: =VLOOKUP(A83,PLANILHA_ORÇAMENTÁRIA!$A$17:$J$988,9,FALSE) -> #REF!
A84: =PLANILHA_ORÇAMENTÁRIA!#REF! -> #REF! | B84: =VLOOKUP(A84,PLANILHA_ORÇAMENTÁRIA!$A$17:$J1060,2,FALSE) -> #REF! | C84: =VLOOKUP(A84,PLANILHA_ORÇAMENTÁRIA!$A$17:$J$988,3,FALSE) -> #REF! | D84: =VLOOKUP(A84,PLANILHA_ORÇAMENTÁRIA!$A$17:$J$988,4,FALSE) -> #REF! | E84: =VLOOKUP(A84,PLANILHA_ORÇAMENTÁRIA!$A$17:$J$988,9,FALSE) -> #REF!
A85: =PLANILHA_ORÇAMENTÁRIA!A86 -> 0 | B85: =VLOOKUP(A85,PLANILHA_ORÇAMENTÁRIA!$A$17:$J1061,2,FALSE) -> #N/A | C85: =VLOOKUP(A85,PLANILHA_ORÇAMENTÁRIA!$A$17:$J$988,3,FALSE) -> #N/A | D85: =VLOOKUP(A85,PLANILHA_ORÇAMENTÁRIA!$A$17:$J$988,4,FALSE) -> #N/A | E85: =VLOOKUP(A85,PLANILHA_ORÇAMENTÁRIA!$A$17:$J$988,9,FALSE) -> #N/A
A86: =PLANILHA_ORÇAMENTÁRIA!#REF! -> #REF! | B86: =VLOOKUP(A86,PLANILHA_ORÇAMENTÁRIA!$A$17:$J1062,2,FALSE) -> #REF! | C86: =VLOOKUP(A86,PLANILHA_ORÇAMENTÁRIA!$A$17:$J$988,3,FALSE) -> #REF! | D86: =VLOOKUP(A86,PLANILHA_ORÇAMENTÁRIA!$A$17:$J$988,4,FALSE) -> #REF! | E86: =VLOOKUP(A86,PLANILHA_ORÇAMENTÁRIA!$A$17:$J$988,9,FALSE) -> #REF!
A87: =PLANILHA_ORÇAMENTÁRIA!#REF! -> #REF! | B87: =VLOOKUP(A87,PLANILHA_ORÇAMENTÁRIA!$A$17:$J1063,2,FALSE) -> #REF! | C87: =VLOOKUP(A87,PLANILHA_ORÇAMENTÁRIA!$A$17:$J$988,3,FALSE) -> #REF! | D87: =VLOOKUP(A87,PLANILHA_ORÇAMENTÁRIA!$A$17:$J$988,4,FALSE) -> #REF! | E87: =VLOOKUP(A87,PLANILHA_ORÇAMENTÁRIA!$A$17:$J$988,9,FALSE) -> #REF!
A88: =PLANILHA_ORÇAMENTÁRIA!#REF! -> #REF! | B88: =VLOOKUP(A88,PLANILHA_ORÇAMENTÁRIA!$A$17:$J1064,2,FALSE) -> #REF! | C88: =VLOOKUP(A88,PLANILHA_ORÇAMENTÁRIA!$A$17:$J$988,3,FALSE) -> #REF! | D88: =VLOOKUP(A88,PLANILHA_ORÇAMENTÁRIA!$A$17:$J$988,4,FALSE) -> #REF! | E88: =VLOOKUP(A88,PLANILHA_ORÇAMENTÁRIA!$A$17:$J$988,9,FALSE) -> #REF!
A89: =PLANILHA_ORÇAMENTÁRIA!#REF! -> #REF! | B89: =VLOOKUP(A89,PLANILHA_ORÇAMENTÁRIA!$A$17:$J1065,2,FALSE) -> #REF! | C89: =VLOOKUP(A89,PLANILHA_ORÇAMENTÁRIA!$A$17:$J$988,3,FALSE) -> #REF! | D89: =VLOOKUP(A89,PLANILHA_ORÇAMENTÁRIA!$A$17:$J$988,4,FALSE) -> #REF! | E89: =VLOOKUP(A89,PLANILHA_ORÇAMENTÁRIA!$A$17:$J$988,9,FALSE) -> #REF!
A90: =PLANILHA_ORÇAMENTÁRIA!#REF! -> #REF! | B90: =VLOOKUP(A90,PLANILHA_ORÇAMENTÁRIA!$A$17:$J1066,2,FALSE) -> #REF! | C90: =VLOOKUP(A90,PLANILHA_ORÇAMENTÁRIA!$A$17:$J$988,3,FALSE) -> #REF! | D90: =VLOOKUP(A90,PLANILHA_ORÇAMENTÁRIA!$A$17:$J$988,4,FALSE) -> #REF! | E90: =VLOOKUP(A90,PLANILHA_ORÇAMENTÁRIA!$A$17:$J$988,9,FALSE) -> #REF!
A91: =PLANILHA_ORÇAMENTÁRIA!#REF! -> #REF! | B91: =VLOOKUP(A91,PLANILHA_ORÇAMENTÁRIA!$A$17:$J1067,2,FALSE) -> #REF! | C91: =VLOOKUP(A91,PLANILHA_ORÇAMENTÁRIA!$A$17:$J$988,3,FALSE) -> #REF! | D91: =VLOOKUP(A91,PLANILHA_ORÇAMENTÁRIA!$A$17:$J$988,4,FALSE) -> #REF! | E91: =VLOOKUP(A91,PLANILHA_ORÇAMENTÁRIA!$A$17:$J$988,9,FALSE) -> #REF!
A92: =PLANILHA_ORÇAMENTÁRIA!#REF! -> #REF! | B92: =VLOOKUP(A92,PLANILHA_ORÇAMENTÁRIA!$A$17:$J1068,2,FALSE) -> #REF! | C92: =VLOOKUP(A92,PLANILHA_ORÇAMENTÁRIA!$A$17:$J$988,3,FALSE) -> #REF! | D92: =VLOOKUP(A92,PLANILHA_ORÇAMENTÁRIA!$A$17:$J$988,4,FALSE) -> #REF! | E92: =VLOOKUP(A92,PLANILHA_ORÇAMENTÁRIA!$A$17:$J$988,9,FALSE) -> #REF!
A93: =PLANILHA_ORÇAMENTÁRIA!#REF! -> #REF! | B93: =VLOOKUP(A93,PLANILHA_ORÇAMENTÁRIA!$A$17:$J1069,2,FALSE) -> #REF! | C93: =VLOOKUP(A93,PLANILHA_ORÇAMENTÁRIA!$A$17:$J$988,3,FALSE) -> #REF! | D93: =VLOOKUP(A93,PLANILHA_ORÇAMENTÁRIA!$A$17:$J$988,4,FALSE) -> #REF! | E93: =VLOOKUP(A93,PLANILHA_ORÇAMENTÁRIA!$A$17:$J$988,9,FALSE) -> #REF!
A94: =PLANILHA_ORÇAMENTÁRIA!#REF! -> #REF! | B94: =VLOOKUP(A94,PLANILHA_ORÇAMENTÁRIA!$A$17:$J1070,2,FALSE) -> #REF! | C94: =VLOOKUP(A94,PLANILHA_ORÇAMENTÁRIA!$A$17:$J$988,3,FALSE) -> #REF! | D94: =VLOOKUP(A94,PLANILHA_ORÇAMENTÁRIA!$A$17:$J$988,4,FALSE) -> #REF! | E94: =VLOOKUP(A94,PLANILHA_ORÇAMENTÁRIA!$A$17:$J$988,9,FALSE) -> #REF!
A95: =PLANILHA_ORÇAMENTÁRIA!#REF! -> #REF! | B95: =VLOOKUP(A95,PLANILHA_ORÇAMENTÁRIA!$A$17:$J1071,2,FALSE) -> #REF! | C95: =VLOOKUP(A95,PLANILHA_ORÇAMENTÁRIA!$A$17:$J$988,3,FALSE) -> #REF! | D95: =VLOOKUP(A95,PLANILHA_ORÇAMENTÁRIA!$A$17:$J$988,4,FALSE) -> #REF! | E95: =VLOOKUP(A95,PLANILHA_ORÇAMENTÁRIA!$A$17:$J$988,9,FALSE) -> #REF!
A96: =PLANILHA_ORÇAMENTÁRIA!A123 -> 16 | B96: =VLOOKUP(A96,PLANILHA_ORÇAMENTÁRIA!$A$17:$J1072,2,FALSE) -> 0 | C96: =VLOOKUP(A96,PLANILHA_ORÇAMENTÁRIA!$A$17:$J$988,3,FALSE) -> 0 | D96: =VLOOKUP(A96,PLANILHA_ORÇAMENTÁRIA!$A$17:$J$988,4,FALSE) -> PINTURA MUROS EXTERNOS | E96: =VLOOKUP(A96,PLANILHA_ORÇAMENTÁRIA!$A$17:$J$988,9,FALSE) -> 0
A97: =PLANILHA_ORÇAMENTÁRIA!#REF! -> #REF! | B97: =VLOOKUP(A97,PLANILHA_ORÇAMENTÁRIA!$A$17:$J1073,2,FALSE) -> #REF! | C97: =VLOOKUP(A97,PLANILHA_ORÇAMENTÁRIA!$A$17:$J$988,3,FALSE) -> #REF! | D97: =VLOOKUP(A97,PLANILHA_ORÇAMENTÁRIA!$A$17:$J$988,4,FALSE) -> #REF! | E97: =VLOOKUP(A97,PLANILHA_ORÇAMENTÁRIA!$A$17:$J$988,9,FALSE) -> #REF!
A98: =PLANILHA_ORÇAMENTÁRIA!#REF! -> #REF! | B98: =VLOOKUP(A98,PLANILHA_ORÇAMENTÁRIA!$A$17:$J1074,2,FALSE) -> #REF! | C98: =VLOOKUP(A98,PLANILHA_ORÇAMENTÁRIA!$A$17:$J$988,3,FALSE) -> #REF! | D98: =VLOOKUP(A98,PLANILHA_ORÇAMENTÁRIA!$A$17:$J$988,4,FALSE) -> #REF! | E98: =VLOOKUP(A98,PLANILHA_ORÇAMENTÁRIA!$A$17:$J$988,9,FALSE) -> #REF!
A99: =PLANILHA_ORÇAMENTÁRIA!#REF! -> #REF! | B99: =VLOOKUP(A99,PLANILHA_ORÇAMENTÁRIA!$A$17:$J1075,2,FALSE) -> #REF! | C99: =VLOOKUP(A99,PLANILHA_ORÇAMENTÁRIA!$A$17:$J$988,3,FALSE) -> #REF! | D99: =VLOOKUP(A99,PLANILHA_ORÇAMENTÁRIA!$A$17:$J$988,4,FALSE) -> #REF! | E99: =VLOOKUP(A99,PLANILHA_ORÇAMENTÁRIA!$A$17:$J$988,9,FALSE) -> #REF!
A100: =PLANILHA_ORÇAMENTÁRIA!#REF! -> #REF! | B100: =VLOOKUP(A100,PLANILHA_ORÇAMENTÁRIA!$A$17:$J1076,2,FALSE) -> #REF! | C100: =VLOOKUP(A100,PLANILHA_ORÇAMENTÁRIA!$A$17:$J$988,3,FALSE) -> #REF! | D100: =VLOOKUP(A100,PLANILHA_ORÇAMENTÁRIA!$A$17:$J$988,4,FALSE) -> #REF! | E100: =VLOOKUP(A100,PLANILHA_ORÇAMENTÁRIA!$A$17:$J$988,9,FALSE) -> #REF!
A101: =PLANILHA_ORÇAMENTÁRIA!#REF! -> #REF! | B101: =VLOOKUP(A101,PLANILHA_ORÇAMENTÁRIA!$A$17:$J1077,2,FALSE) -> #REF! | C101: =VLOOKUP(A101,PLANILHA_ORÇAMENTÁRIA!$A$17:$J$988,3,FALSE) -> #REF! | D101: =VLOOKUP(A101,PLANILHA_ORÇAMENTÁRIA!$A$17:$J$988,4,FALSE) -> #REF! | E101: =VLOOKUP(A101,PLANILHA_ORÇAMENTÁRIA!$A$17:$J$988,9,FALSE) -> #REF!
A102: =PLANILHA_ORÇAMENTÁRIA!#REF! -> #REF! | B102: =VLOOKUP(A102,PLANILHA_ORÇAMENTÁRIA!$A$17:$J1078,2,FALSE) -> #REF! | C102: =VLOOKUP(A102,PLANILHA_ORÇAMENTÁRIA!$A$17:$J$988,3,FALSE) -> #REF! | D102: =VLOOKUP(A102,PLANILHA_ORÇAMENTÁRIA!$A$17:$J$988,4,FALSE) -> #REF! | E102: =VLOOKUP(A102,PLANILHA_ORÇAMENTÁRIA!$A$17:$J$988,9,FALSE) -> #REF!
A103: =PLANILHA_ORÇAMENTÁRIA!#REF! -> #REF! | B103: =VLOOKUP(A103,PLANILHA_ORÇAMENTÁRIA!$A$17:$J1079,2,FALSE) -> #REF! | C103: =VLOOKUP(A103,PLANILHA_ORÇAMENTÁRIA!$A$17:$J$988,3,FALSE) -> #REF! | D103: =VLOOKUP(A103,PLANILHA_ORÇAMENTÁRIA!$A$17:$J$988,4,FALSE) -> #REF! | E103: =VLOOKUP(A103,PLANILHA_ORÇAMENTÁRIA!$A$17:$J$988,9,FALSE) -> #REF!
A104: =PLANILHA_ORÇAMENTÁRIA!#REF! -> #REF! | B104: =VLOOKUP(A104,PLANILHA_ORÇAMENTÁRIA!$A$17:$J1080,2,FALSE) -> #REF! | C104: =VLOOKUP(A104,PLANILHA_ORÇAMENTÁRIA!$A$17:$J$988,3,FALSE) -> #REF! | D104: =VLOOKUP(A104,PLANILHA_ORÇAMENTÁRIA!$A$17:$J$988,4,FALSE) -> #REF! | E104: =VLOOKUP(A104,PLANILHA_ORÇAMENTÁRIA!$A$17:$J$988,9,FALSE) -> #REF!
A105: =PLANILHA_ORÇAMENTÁRIA!#REF! -> #REF! | B105: =VLOOKUP(A105,PLANILHA_ORÇAMENTÁRIA!$A$17:$J1081,2,FALSE) -> #REF! | C105: =VLOOKUP(A105,PLANILHA_ORÇAMENTÁRIA!$A$17:$J$988,3,FALSE) -> #REF! | D105: =VLOOKUP(A105,PLANILHA_ORÇAMENTÁRIA!$A$17:$J$988,4,FALSE) -> #REF! | E105: =VLOOKUP(A105,PLANILHA_ORÇAMENTÁRIA!$A$17:$J$988,9,FALSE) -> #REF!
A106: =PLANILHA_ORÇAMENTÁRIA!#REF! -> #REF! | B106: =VLOOKUP(A106,PLANILHA_ORÇAMENTÁRIA!$A$17:$J1082,2,FALSE) -> #REF! | C106: =VLOOKUP(A106,PLANILHA_ORÇAMENTÁRIA!$A$17:$J$988,3,FALSE) -> #REF! | D106: =VLOOKUP(A106,PLANILHA_ORÇAMENTÁRIA!$A$17:$J$988,4,FALSE) -> #REF! | E106: =VLOOKUP(A106,PLANILHA_ORÇAMENTÁRIA!$A$17:$J$988,9,FALSE) -> #REF!
A107: =PLANILHA_ORÇAMENTÁRIA!#REF! -> #REF! | B107: =VLOOKUP(A107,PLANILHA_ORÇAMENTÁRIA!$A$17:$J1083,2,FALSE) -> #REF! | C107: =VLOOKUP(A107,PLANILHA_ORÇAMENTÁRIA!$A$17:$J$988,3,FALSE) -> #REF! | D107: =VLOOKUP(A107,PLANILHA_ORÇAMENTÁRIA!$A$17:$J$988,4,FALSE) -> #REF! | E107: =VLOOKUP(A107,PLANILHA_ORÇAMENTÁRIA!$A$17:$J$988,9,FALSE) -> #REF!
A108: =PLANILHA_ORÇAMENTÁRIA!#REF! -> #REF! | B108: =VLOOKUP(A108,PLANILHA_ORÇAMENTÁRIA!$A$17:$J1084,2,FALSE) -> #REF! | C108: =VLOOKUP(A108,PLANILHA_ORÇAMENTÁRIA!$A$17:$J$988,3,FALSE) -> #REF! | D108: =VLOOKUP(A108,PLANILHA_ORÇAMENTÁRIA!$A$17:$J$988,4,FALSE) -> #REF! | E108: =VLOOKUP(A108,PLANILHA_ORÇAMENTÁRIA!$A$17:$J$988,9,FALSE) -> #REF!
A109: =PLANILHA_ORÇAMENTÁRIA!#REF! -> #REF! | B109: =VLOOKUP(A109,PLANILHA_ORÇAMENTÁRIA!$A$17:$J1085,2,FALSE) -> #REF! | C109: =VLOOKUP(A109,PLANILHA_ORÇAMENTÁRIA!$A$17:$J$988,3,FALSE) -> #REF! | D109: =VLOOKUP(A109,PLANILHA_ORÇAMENTÁRIA!$A$17:$J$988,4,FALSE) -> #REF! | E109: =VLOOKUP(A109,PLANILHA_ORÇAMENTÁRIA!$A$17:$J$988,9,FALSE) -> #REF!
...

Sheet Composições
A1: =PLANILHA_ORÇAMENTÁRIA!$A$1 -> PREFEITURA MUNICIPAL DE ITIRAPINA
A2: =PLANILHA_ORÇAMENTÁRIA!$A$2 -> Avenida Um, 106 - Centro - CEP 13530-000
A4: COMPOSIÇÕES
A6: OBRA: | C6: =PLANILHA_ORÇAMENTÁRIA!C6 -> Reforma e pintura "EMEF Profª Marilei Schimidt de Oliveira"
A7: ENDEREÇO: | C7: =PLANILHA_ORÇAMENTÁRIA!C7 -> RUA CATAGUASES, n° 57, JD. NOVA ITIRAPINA, ITIRAPINA - SP.
A9: BASE: | C9: =PLANILHA_ORÇAMENTÁRIA!C9 -> CDHU 193 - 02/2024 - SINAPI 03/2024 - Com desoneração
A11: ITEM | B11: FONTE | C11: CÓDIGO | D11: DESCRIÇÃO | E11: UNID. | F11: QUANT. | G11: VALOR UNIT. | H11: TOTAL
A12: 1 | D12: Placa em madeira entalhada | E12: M2 | G12: =IF($B12="","",VLOOKUP($C12,#REF!,6,0)) | H12: =SUM(H13:H18) -> 1841.7
A13: 1.1 | B13: SINAPI-I | C13: 38465 | D13: TALHADEIRA COM PUNHO DE PROTECAO *20 X 250* MM | E13: UN | F13: 0.37 | G13: 49.06 | H13: =IF($B13="","",ROUND(F13*G13,2)) -> 18.15
A14: 1.2 | B14: SINAPI | C14: 88262 | D14: CARPINTEIRO DE FORMAS COM ENCARGOS COMPLEMENTARES | E14: H | F14: =5*8 -> 40 | G14: 26.05 | H14: =IF($B14="","",ROUND(F14*G14,2)) -> 1042
A15: 1.3 | B15: SINAPI-I | C15: 4470 | D15: PRANCHA NAO APARELHADA *6 X 40* CM, EM MACARANDUBA, ANGELIM, CUMARU OU EQUIVALENTE DA REGIAO - BRUTA | E15: M | F15: 2.5 | G15: 137.5 | H15: =IF($B15="","",ROUND(F15*G15,2)) -> 343.75
A16: 1.4 | B16: SINAPI | C16: 102213 | D16: PINTURA VERNIZ (INCOLOR) ALQUÍDICO EM MADEIRA, USO INTERNO E EXTERNO, 2 DEMÃOS. AF_01/2021 | E16: M2 | F16: 2 | G16: 20.03 | H16: =IF($B16="","",ROUND(F16*G16,2)) -> 40.06
A17: 1.5 | B17: SINAPI | C17: 102228 | D17: PINTURA TINTA DE ACABAMENTO (PIGMENTADA) ESMALTE SINTÉTICO FOSCO EM MADEIRA, 3 DEMÃOS. AF_01/2021 | E17: M2 | F17: 0.65 | G17: 25.02 | H17: =IF($B17="","",ROUND(F17*G17,2)) -> 16.26
A18: 1.6 | B18: SINAPI-I | C18: 5086 | D18: CORRENTE DE ELO CURTO COMUM, SOLDADA, GALVANIZADA, ESPESSURA DO ELO = 1/2" (12,5 MM) | E18: KG | F18: 12 | G18: 31.79 | H18: =IF($B18="","",ROUND(F18*G18,2)) -> 381.48
D20: =PLANILHA_ORÇAMENTÁRIA!$B$140 -> Itirapina, 15 de abril de 2024
D27: =PLANILHA_ORÇAMENTÁRIA!D150 -> Cristiano Ribeiro da Silva Carvalho
D28: =PLANILHA_ORÇAMENTÁRIA!D151 -> ENGENHEIRO CIVIL
D29: =PLANILHA_ORÇAMENTÁRIA!D152 -> 5070497131

Sheet Cotações
A1: =PLANILHA_ORÇAMENTÁRIA!$A$1 -> PREFEITURA MUNICIPAL DE ITIRAPINA
A2: =PLANILHA_ORÇAMENTÁRIA!$A$2 -> Avenida Um, 106 - Centro - CEP 13530-000
A4: TABELA DE ORÇAMENTO DE MERCADO - COTAÇÕES
A6: OBJETO: | C6: =PLANILHA_ORÇAMENTÁRIA!C6 -> Reforma e pintura "EMEF Profª Marilei Schimidt de Oliveira"
A7: ENDEREÇO: | C7: =PLANILHA_ORÇAMENTÁRIA!C7 -> RUA CATAGUASES, n° 57, JD. NOVA ITIRAPINA, ITIRAPINA - SP.
A9: FONTE | B9: ITEM | C9: DESCRIÇÃO DO SERVIÇO | K9: UNIDADE
A10: COTAÇÃO | B10: 01 | C10: CORTE A LASER EM CHAPA PATINÁVEL | K10: M
A11: COTAÇÕES
A12: EMPRESA | I12: VALOR
A16: MÉDIA DOS VALORES
A17: FONTE | B17: ITEM | C17: DESCRIÇÃO DO SERVIÇO | K17: UNIDADE
A18: COTAÇÃO | B18: 01 | K18: UNID.
A19: EMPRESA | I19: VALOR
A23: MÉDIA DOS ORÇAMENTOS | I23: =AVERAGE(I20:K22) -> #DIV/0!
A25: FONTE | B25: ITEM | C25: DESCRIÇÃO DO SERVIÇO | K25: UNIDADE
A26: COTAÇÃO | B26: 02 | K26: M
A27: EMPRESA | I27: VALOR
A31: MÉDIA DOS ORÇAMENTOS | I31: =AVERAGE(I28:K30) -> #DIV/0!
B34: =PLANILHA_ORÇAMENTÁRIA!$B$140 -> Itirapina, 15 de abril de 2024
D41: =PLANILHA_ORÇAMENTÁRIA!D150 -> Cristiano Ribeiro da Silva Carvalho
D42: =PLANILHA_ORÇAMENTÁRIA!D151 -> ENGENHEIRO CIVIL
D43: =PLANILHA_ORÇAMENTÁRIA!D152 -> 5070497131

Sheet Cronograma
B1: PREFEITURA MUNICIPAL DE ITIRAPINA
B2: Avenida Um, 106 - Centro - CEP 13530-000
B4: CRONOGRAMA FÍSICO-FINANCEIRO
B6: OBRA: | C6: =PLANILHA_ORÇAMENTÁRIA!$C$6 -> Reforma e pintura "EMEF Profª Marilei Schimidt de Oliveira"
B7: END: | C7: =PLANILHA_ORÇAMENTÁRIA!$C$7 -> RUA CATAGUASES, n° 57, JD. NOVA ITIRAPINA, ITIRAPINA - SP.
B9: BASE: | C9: CDHU 193 - 02/2024
B11: Meses Serviços | D11: 01 | E11: 02 | F11: 03 | G11: 04 | H11: 05 | I11: 06 | J11: 07 | K11: 08 | L11: 09 | M11: 10 | N11: 11 | O11: 12 | P11: Total
D12: 0 30 | E12: 60 | F12: 90 | G12: 120 | H12: 150 | I12: 180 | J12: 210 | K12: 240 | L12: 270 | M12: 300 | N12: 330 | O12: 360
B13: 1 | C13: =VLOOKUP(B13,PLANILHA_ORÇAMENTÁRIA!$A$14:$J$988,4,FALSE) -> SERVIÇOS PRELIMINARES GERAL | D13: 1 | P13: =SUM(D13:O13) -> 1
D14: =ROUND($Q14*D13,2) -> 1460.4 | H14: =ROUND($Q14*H13,2) -> 0 | I14: =ROUND($Q14*I13,2) -> 0 | J14: =ROUND($Q14*J13,2) -> 0 | K14: =ROUND($Q14*K13,2) -> 0 | L14: =ROUND($Q14*L13,2) -> 0 | M14: =ROUND($Q14*M13,2) -> 0 | N14: =ROUND($Q14*N13,2) -> 0 | O14: =ROUND($Q14*O13,2) -> 0 | P14: =SUM(D14:O14) -> 1460.4 | Q14: =VLOOKUP(B13,PLANILHA_ORÇAMENTÁRIA!$A$14:$J$988,10,FALSE) -> 1460.4
B15: 2 | C15: =VLOOKUP(B15,PLANILHA_ORÇAMENTÁRIA!$A$17:$J$988,4,FALSE) -> SERVIÇOS PRELIMINARES BIBLIOTECA | F15: 1 | P15: =SUM(D15:O15) -> 1
D16: =ROUND($Q16*D15,2) -> 0 | E16: =ROUND($Q16*E15,2) -> 0 | F16: =ROUND($Q16*F15,2) -> 6097.19 | G16: =ROUND($Q16*G15,2) -> 0 | H16: =ROUND($Q16*H15,2) -> 0 | I16: =ROUND($Q16*I15,2) -> 0 | J16: =ROUND($Q16*J15,2) -> 0 | K16: =ROUND($Q16*K15,2) -> 0 | ... O16: =ROUND($Q16*O15,2) -> 0 | P16: =SUM(D16:O16) -> 6097.19 | Q16: =VLOOKUP(B15,PLANILHA_ORÇAMENTÁRIA!$A$17:$J$988,10,FALSE) -> 6097.19
B17: 3 | C17: =VLOOKUP(B17,PLANILHA_ORÇAMENTÁRIA!$A$17:$J$988,4,FALSE) -> PINTURA BIBLIOTECA | G17: 1 | P17: =SUM(D17:O17) -> 1
D18: =ROUND($Q18*D17,2) -> 0 | E18: =ROUND($Q18*E17,2) -> 0 | F18: =ROUND($Q18*F17,2) -> 0 | G18: =ROUND($Q18*G17,2) -> 50702.7 | H18: =ROUND($Q18*H17,2) -> 0 | I18: =ROUND($Q18*I17,2) -> 0 | J18: =ROUND($Q18*J17,2) -> 0 | K18: =ROUND($Q18*K17,2) -> 0 | ... O18: =ROUND($Q18*O17,2) -> 0 | P18: =SUM(D18:O18) -> 50702.7 | Q18: =VLOOKUP(B17,PLANILHA_ORÇAMENTÁRIA!$A$17:$J$988,10,FALSE) -> 50702.7
B19: 4 | C19: =VLOOKUP(B19,PLANILHA_ORÇAMENTÁRIA!$A$17:$J$988,4,FALSE) -> PINTURA ESQUADRIAS BIBLIOTECA | F19: 0.5 | G19: 0.5 | P19: =SUM(D19:O19) -> 1
D20: =ROUND($Q20*D19,2) -> 0 | E20: =ROUND($Q20*E19,2) -> 0 | F20: =ROUND($Q20*F19,2) -> 1110.76 | G20: =ROUND($Q20*G19,2) -> 1110.76 | H20: =ROUND($Q20*H19,2) -> 0 | I20: =ROUND($Q20*I19,2) -> 0 | J20: =ROUND($Q20*J19,2) -> 0 | K20: =ROUND($Q20*K19,2) -> 0 | ... O20: =ROUND($Q20*O19,2) -> 0 | P20: =SUM(D20:O20) -> 2221.52 | Q20: =VLOOKUP(B19,PLANILHA_ORÇAMENTÁRIA!$A$17:$J$988,10,FALSE) -> 2221.52
B21: 5 | C21: =VLOOKUP(B21,PLANILHA_ORÇAMENTÁRIA!$A$17:$J$988,4,FALSE) -> SERVIÇOS PRELIMINARES ESCOLA | D21: 1 | P21: =SUM(D21:O21) -> 1
D22: =ROUND($Q22*D21,2) -> 11798.21 | E22: =ROUND($Q22*E21,2) -> 0 | F22: =ROUND($Q22*F21,2) -> 0 | G22: =ROUND($Q22*G21,2) -> 0 | H22: =ROUND($Q22*H21,2) -> 0 | I22: =ROUND($Q22*I21,2) -> 0 | J22: =ROUND($Q22*J21,2) -> 0 | K22: =ROUND($Q22*K21,2) -> 0 | ... O22: =ROUND($Q22*O21,2) -> 0 | P22: =SUM(D22:O22) -> 11798.21 | Q22: =VLOOKUP(B21,PLANILHA_ORÇAMENTÁRIA!$A$17:$J$988,10,FALSE) -> 11798.21
B23: 6 | C23: =VLOOKUP(B23,PLANILHA_ORÇAMENTÁRIA!$A$17:$J$988,4,FALSE) -> LAJE / DOMUS / VIDROS | D23: 0.6 | E23: 0.4 | P23: =SUM(D23:O23) -> 1
D24: =ROUND($Q24*D23,2) -> 9820.9 | E24: =ROUND($Q24*E23,2) -> 6547.27 | F24: =ROUND($Q24*F23,2) -> 0 | G24: =ROUND($Q24*G23,2) -> 0 | H24: =ROUND($Q24*H23,2) -> 0 | I24: =ROUND($Q24*I23,2) -> 0 | J24: =ROUND($Q24*J23,2) -> 0 | K24: =ROUND($Q24*K23,2) -> 0 | ... O24: =ROUND($Q24*O23,2) -> 0 | P24: =SUM(D24:O24) -> 16368.17 | Q24: =VLOOKUP(B23,PLANILHA_ORÇAMENTÁRIA!$A$17:$J$988,10,FALSE) -> 16368.17
B25: 7 | C25: =VLOOKUP(B25,PLANILHA_ORÇAMENTÁRIA!$A$17:$J$988,4,FALSE) -> PINTURA ESCOLA TERREO | D25: 0.3 | E25: 0.4 | F25: 0.3 | P25: =SUM(D25:O25) -> 1
D26: =ROUND($Q26*D25,2) -> 31768.73 | E26: =ROUND($Q26*E25,2) -> 42358.3 | F26: =ROUND($Q26*F25,2) -> 31768.73 | G26: =ROUND($Q26*G25,2) -> 0 | H26: =ROUND($Q26*H25,2) -> 0 | I26: =ROUND($Q26*I25,2) -> 0 | J26: =ROUND($Q26*J25,2) -> 0 | K26: =ROUND($Q26*K25,2) -> 0 | ... O26: =ROUND($Q26*O25,2) -> 0 | P26: =SUM(D26:O26) -> 105895.76 | Q26: =VLOOKUP(B25,PLANILHA_ORÇAMENTÁRIA!$A$17:$J$988,10,FALSE) -> 105895.76
B27: 8 | C27: =VLOOKUP(B27,PLANILHA_ORÇAMENTÁRIA!$A$17:$J$988,4,FALSE) -> PINTURA ESQUADRIAS TERREO | D27: 0.5 | E27: 0.5 | P27: =SUM(D27:O27) -> 1
D28: =ROUND($Q28*D27,2) -> 7605.24 | E28: =ROUND($Q28*E27,2) -> 7605.24 | F28: =ROUND($Q28*F27,2) -> 0 | G28: =ROUND($Q28*G27,2) -> 0 | H28: =ROUND($Q28*H27,2) -> 0 | I28: =ROUND($Q28*I27,2) -> 0 | J28: =ROUND($Q28*J27,2) -> 0 | K28: =ROUND($Q28*K27,2) -> 0 | ... O28: =ROUND($Q28*O27,2) -> 0 | P28: =SUM(D28:O28) -> 15210.48 | Q28: =VLOOKUP(B27,PLANILHA_ORÇAMENTÁRIA!$A$17:$J$988,10,FALSE) -> 15210.48
B29: 9 | C29: =VLOOKUP(B29,PLANILHA_ORÇAMENTÁRIA!$A$17:$J$988,4,FALSE) -> SERVIÇOS PRELIMINARES SUBSOLO | E29: 0.5 | F29: 0.5 | P29: =SUM(D29:O29) -> 1
D30: =ROUND($Q30*D29,2) -> 0 | E30: =ROUND($Q30*E29,2) -> 325.8 | F30: =ROUND($Q30*F29,2) -> 325.8 | G30: =ROUND($Q30*G29,2) -> 0 | H30: =ROUND($Q30*H29,2) -> 0 | I30: =ROUND($Q30*I29,2) -> 0 | J30: =ROUND($Q30*J29,2) -> 0 | K30: =ROUND($Q30*K29,2) -> 0 | ... O30: =ROUND($Q30*O29,2) -> 0 | P30: =SUM(D30:O30)-0.01 -> 651.59 | Q30: =VLOOKUP(B29,PLANILHA_ORÇAMENTÁRIA!$A$17:$J$988,10,FALSE) -> 651.59
B31: 10 | C31: =VLOOKUP(B31,PLANILHA_ORÇAMENTÁRIA!$A$17:$J$988,4,FALSE) -> TROCA DE PORTAS | D31: 1 | P31: =SUM(D31:O31) -> 1
D32: =ROUND($Q32*D31,2) -> 12932.83 | E32: =ROUND($Q32*E31,2) -> 0 | F32: =ROUND($Q32*F31,2) -> 0 | G32: =ROUND($Q32*G31,2) -> 0 | H32: =ROUND($Q32*H31,2) -> 0 | I32: =ROUND($Q32*I31,2) -> 0 | J32: =ROUND($Q32*J31,2) -> 0 | K32: =ROUND($Q32*K31,2) -> 0 | ... O32: =ROUND($Q32*O31,2) -> 0 | P32: =SUM(D32:O32) -> 12932.83 | Q32: =VLOOKUP(B31,PLANILHA_ORÇAMENTÁRIA!$A$17:$J$988,10,FALSE) -> 12932.83
B33: 11 | C33: =VLOOKUP(B33,PLANILHA_ORÇAMENTÁRIA!$A$17:$J$988,4,FALSE) -> PINTURA ESCOLA SUBSOLO | E33: 0.3 | F33: 0.7 | P33: =SUM(D33:O33) -> 1
D34: =ROUND($Q34*D33,2) -> 0 | E34: =ROUND($Q34*E33,2) -> 12442.74 | F34: =ROUND($Q34*F33,2) -> 29033.07 | G34: =ROUND($Q34*G33,2) -> 0 | H34: =ROUND($Q34*H33,2) -> 0 | I34: =ROUND($Q34*I33,2) -> 0 | J34: =ROUND($Q34*J33,2) -> 0 | K34: =ROUND($Q34*K33,2) -> 0 | ... O34: =ROUND($Q34*O33,2) -> 0 | P34: =SUM(D34:O34) -> 41475.81 | Q34: =VLOOKUP(B33,PLANILHA_ORÇAMENTÁRIA!$A$17:$J$988,10,FALSE) -> 41475.81
B35: 12 | C35: =VLOOKUP(B35,PLANILHA_ORÇAMENTÁRIA!$A$17:$J$988,4,FALSE) -> PINTURA ESQUADRIAS SUBSOLO | F35: 1 | P35: =SUM(D35:O35) -> 1
D36: =ROUND($Q36*D35,2) -> 0 | E36: =ROUND($Q36*E35,2) -> 0 | F36: =ROUND($Q36*F35,2) -> 8977.61 | G36: =ROUND($Q36*G35,2) -> 0 | H36: =ROUND($Q36*H35,2) -> 0 | I36: =ROUND($Q36*I35,2) -> 0 | J36: =ROUND($Q36*J35,2) -> 0 | K36: =ROUND($Q36*K35,2) -> 0 | ... O36: =ROUND($Q36*O35,2) -> 0 | P36: =SUM(D36:O36) -> 8977.61 | Q36: =VLOOKUP(B35,PLANILHA_ORÇAMENTÁRIA!$A$17:$J$988,10,FALSE) -> 8977.61
B37: 13 | C37: =VLOOKUP(B37,PLANILHA_ORÇAMENTÁRIA!$A$17:$J$988,4,FALSE) -> COBERTURA TRAJETO BIBLIOTECA - QUADRA - ESCOLA | F37: 0.5 | G37: 0.5 | P37: =SUM(D37:O37) -> 1
D38: =ROUND($Q38*D37,2) -> 0 | E38: =ROUND($Q38*E37,2) -> 0 | F38: =ROUND($Q38*F37,2) -> 39063.48 | G38: =ROUND($Q38*G37,2) -> 39063.48 | H38: =ROUND($Q38*H37,2) -> 0 | I38: =ROUND($Q38*I37,2) -> 0 | J38: =ROUND($Q38*J37,2) -> 0 | K38: =ROUND($Q38*K37,2) -> 0 | ... O38: =ROUND($Q38*O37,2) -> 0 | P38: =SUM(D38:O38)-0.01 -> 78126.95 | Q38: =VLOOKUP(B37,PLANILHA_ORÇAMENTÁRIA!$A$17:$J$988,10,FALSE) -> 78126.95
B39: 14 | C39: =VLOOKUP(B39,PLANILHA_ORÇAMENTÁRIA!$A$17:$J$988,4,FALSE) -> SERVIÇOS PRELIMINARES QUADRA | D39: 1 | P39: =SUM(D39:O39) -> 1
D40: =ROUND($Q40*D39,2) -> 4765.2 | E40: =ROUND($Q40*E39,2) -> 0 | F40: =ROUND($Q40*F39,2) -> 0 | G40: =ROUND($Q40*G39,2) -> 0 | H40: =ROUND($Q40*H39,2) -> 0 | I40: =ROUND($Q40*I39,2) -> 0 | J40: =ROUND($Q40*J39,2) -> 0 | K40: =ROUND($Q40*K39,2) -> 0 | ... O40: =ROUND($Q40*O39,2) -> 0 | P40: =SUM(D40:O40) -> 4765.2 | Q40: =VLOOKUP(B39,PLANILHA_ORÇAMENTÁRIA!$A$17:$J$988,10,FALSE) -> 4765.2
B41: 15 | C41: =VLOOKUP(B41,PLANILHA_ORÇAMENTÁRIA!$A$17:$J$988,4,FALSE) -> PINTURA ENTORNO DA QUADRA | E41: 0.3 | F41: 0.7 | P41: =SUM(D41:O41) -> 1
D42: =ROUND($Q42*D41,2) -> 0 | E42: =ROUND($Q42*E41,2) -> 12595.64 | F42: =ROUND($Q42*F41,2) -> 29389.82 | G42: =ROUND($Q42*G41,2) -> 0 | H42: =ROUND($Q42*H41,2) -> 0 | I42: =ROUND($Q42*I41,2) -> 0 | J42: =ROUND($Q42*J41,2) -> 0 | K42: =ROUND($Q42*K41,2) -> 0 | ... O42: =ROUND($Q42*O41,2) -> 0 | P42: =SUM(D42:O42)-0.01 -> 41985.45 | Q42: =VLOOKUP(B41,PLANILHA_ORÇAMENTÁRIA!$A$17:$J$988,10,FALSE) -> 41985.45
B43: 16 | C43: =VLOOKUP(B43,PLANILHA_ORÇAMENTÁRIA!$A$17:$J$988,4,FALSE) -> PINTURA MUROS EXTERNOS | G43: 1 | P43: =SUM(D43:O43) -> 1
D44: =ROUND($Q44*D43,2) -> 0 | E44: =ROUND($Q44*E43,2) -> 0 | F44: =ROUND($Q44*F43,2) -> 0 | G44: =ROUND($Q44*G43,2) -> 57418.78 | H44: =ROUND($Q44*H43,2) -> 0 | I44: =ROUND($Q44*I43,2) -> 0 | J44: =ROUND($Q44*J43,2) -> 0 | K44: =ROUND($Q44*K43,2) -> 0 | ... O44: =ROUND($Q44*O43,2) -> 0 | P44: =SUM(D44:O44) -> 57418.78 | Q44: =VLOOKUP(B43,PLANILHA_ORÇAMENTÁRIA!$A$17:$J$988,10,FALSE) -> 57418.78
B45: 17 | C45: =VLOOKUP(B45,PLANILHA_ORÇAMENTÁRIA!$A$17:$J$988,4,FALSE) -> TROCA JANELA COZINHA / EXAUSTORES | E45: 0.2 | F45: 0.8 | P45: =SUM(D45:O45) -> 1
D46: =ROUND($Q46*D45,2) -> 0 | E46: =ROUND($Q46*E45,2) -> 2954.19 | F46: =ROUND($Q46*F45,2) -> 11816.74 | G46: =ROUND($Q46*G45,2) -> 0 | H46: =ROUND($Q46*H45,2) -> 0 | I46: =ROUND($Q46*I45,2) -> 0 | J46: =ROUND($Q46*J45,2) -> 0 | K46: =ROUND($Q46*K45,2) -> 0 | ... O46: =ROUND($Q46*O45,2) -> 0 | P46: =SUM(D46:O46) -> 14770.93 | Q46: =VLOOKUP(B45,PLANILHA_ORÇAMENTÁRIA!$A$17:$J$988,10,FALSE) -> 14770.93
B47: Total | D47: =SUM(D14,D16,D18,D20,D22,D24,D26,D28,D30,D32,D34,D36,D40,D42,D44,D38,D46) -> 80151.51 | E47: =SUM(E14,E16,E18,E20,E22,E24,E26,E28,E30,E32,E34,E36,E38,E40,E42,E44,E46) -> 84829.18 | F47: =SUM(F14,F16,F18,F20,F22,F24,F26,F28,F30,F32,F34,F36,F40,F42,F44,F38,F46) -> 157583.2 | G47: =SUM(G14,G16,G18,G20,G22,G24,G26,G28,G30,G32,G34,G36,G38,G40,G42,G44,G46) -> 148295.72 | H47: =SUM(H14,H16,H18,H20,H22,H24,H26,H28) -> 0 | I47: =SUM(I14,I16,I18,I20,I22,I24,I26,I28) -> 0 | J47: =SUM(J14,J16,J18,J20,J22,J24,J26,J28) -> 0 | K47: =SUM(K14,K16,K18,K20,K22,K24,K26,K28) -> 0 | L47: =SUM(L14,L16,L18,L20,L22,L24,L26,L28) -> 0 | M47: =SUM(M14,M16,M18,M20,M22,M24,M26,M28) -> 0 | N47: =SUM(N14,N16,N18,N20,N22,N24,N26,N28) -> 0 | O47: =SUM(O14,O16,O18,O20,O22,O24,O26,O28) -> 0 | P47: =SUM(P14,P16,P18,P20,P22,P24,P26,P28,P30,P32,P34,P36,P38,P40,P42,P44,P46) -> 470859.58 | Q47: =SUM(Q14,Q16,Q18,Q20,Q22,Q24,Q26,Q28) -> 209754.43
C49: =PLANILHA_ORÇAMENTÁRIA!B140 -> Itirapina, 15 de abril de 2024
C56: =PLANILHA_ORÇAMENTÁRIA!D150 -> Cristiano Ribeiro da Silva Carvalho
C57: =PLANILHA_ORÇAMENTÁRIA!D151 -> ENGENHEIRO CIVIL
C58: =PLANILHA_ORÇAMENTÁRIA!D152 -> 5070497131
